Workbook

Sheet INTRODUCCIÓN
A1: Cuenta Pública Estatal | H1: Subsistema de Egresos
A2: Formatos e Instructivos 2020
A3: Secretaría de Hacienda
A4: Subsecretaría de Egresos
A5: Dirección General de Presupuesto y Cuenta Pública
A6: Dirección de Contabilidad Gubernamental
A9: INTRODUCIÓN
A12: La Cuenta Pública Estatal y el Informe de Avance de Gestión Financiera, así como, la información correspondiente al tercer trimestre cuando proceda la renovación sexenal del Poder Ejecutivo, son los principales informes que el Ejecutivo rinde ante el H. Congreso del Estado. Para tal fin se ha elaborado el presente catálogo de formatos e instructivos, cuyas características se derivan de los requerimientos de información que demandan la integración de estos documentos para la información trimestral del ejercicio fiscal 2020.
A19: Los formatos que integran este catálogo, considera la información que se incluirán en los documentos antes mencionados, por lo que resulta de suma importancia que se requisiten de acuerdo a las instrucciones contenidas en cada uno de estos, ya que los entes u organismos públicos son los únicos que cuentan con dicha información.
B52: Relación de Esquemas Bursátiles y de Coberturas Financieras
A63: Para los formatos armonizados del CONAC, Ley de Disciplina Financiera (LDF), y Esquemas Bursátiles que no afecte saldos, presentarlos con la leyenda (NO APLICA, ó NO PRESENTA SALDOS A LA FECHA, ó NO PRESENTA MOVIMIENTOS A LA FECHA), de acuerdo al formato a presentar.
B87: ESQUEMAS BURSÁTILES
C91: - Relación de Esquemas Bursátiles y de Coberturas Financieras

Sheet MARCO JURÍDICO
A1: Cuenta Pública Estatal | H1: Subsistema de Egresos
A2: Formatos e Instructivos 2020
A3: Secretaría de Hacienda
A4: Subsecretaría de Egresos
A5: Dirección General de Presupuesto y Cuenta Pública
A6: Dirección de Contabilidad Gubernamental
A9: MARCO JURÍDICO
A12: CONSTITUCIÓN POLÍTICA DEL ESTADO DE CHIAPAS
B15: ARTÍCULO 59 | D15: Son facultades y obligaciones del Gobernador:
B16: FRACCIÓN XIX | D16: Presentar al Congreso del Estado y, en sus recesos, a la Comisión Permanente, la cuenta pública correspondiente al año anterior, a más tardar el día 30 de abril de cada año.
D19: El ejercicio en el que proceda la renovación sexenal del Poder Ejecutivo, la cuenta pública que contemplen los tres primeros trimestres del año, podrá ser presentada a más tardar el día 7 de diciembre de ese mismo año, encargándose la siguiente administración de entregar la correspondiente al último trimestre.
A24: LEY ORGÁNICA DE LA ADMINISTRACIÓN PÚBLICA DEL ESTADO DE CHIAPAS
B26: ARTÍCULO 30 | D26: A la Secretaría de Hacienda corresponde el despacho de los siguientes asuntos:
B27: FRACCIÓN XXXII | D27: Coordinar la integración de la Cuenta Pública.
A30: LEY DE FISCALIZACIÓN Y RENDICIÓN DE CUENTAS DEL ESTADO DE CHIAPAS
B32: ARTÍCULO 2 FRACCIÓN I | D32: Cuenta Pública.- La fiscalización de la gestión financiera de las Entidades Fiscalizadas para comprobar el cumplimiento de lo dispuesto en la Ley de Ingresos y el Presupuesto de Egresos, y demás disposiciones legales aplicables, en cuanto a los ingresos y gastos públicos, así como la deuda pública, incluyendo la revisión del manejo, la custodia y la aplicación de recursos públicos federales, estatales y municipales, así como de la demás información financiera, contable, patrimonial, presupuestaria y programática que las Entidades Fiscalizadas deban incluir en dicho documento, conforme a las disposiciones aplicables.
A40: CÓDIGO DE LA HACIENDA PÚBLICA PARA EL ESTADO DE CHIAPAS
B42: ARTÍCULO 477.- | D42: La Secretaría establecerá las normas en materia de Contabilidad Gubernamental que resulten aplicables y garanticen la armonización, así mismo la forma y términos en que los Organismos Públicos deben llevar sus registros contables, y en su caso, la forma de elaborar y enviar los informes, a fin de consolidar la Contabilidad del Gobierno del Estado.
B47: ARTÍCULO 480.- | D47: Los Organismos Públicos, enviarán a la Secretaría, en forma mensual, trimestral o con la periodicidad que lo determine, la información contable, presupuestaria, financiera y de otra índole que ésta requiera.
D51: Los Estados Financieros Contables y Presupuestarios que forman parte del Informe de Avance de Gestión Financiera y Cuenta Pública, deben ser firmados por el titular del Organismo Público y el Jefe de la Unidad de Apoyo Administrativo o su equivalente, pudiendo delegar la facultad de firma, para el caso de los informes mensuales y trimestrales, en cumplimiento a las disposiciones aplicables.
B58: ARTÍCULO 482.- | D58: La Secretaría requerirá a los Organismos Públicos, la información contable, presupuestaria, financiera, funcional y de otra índole que resulten necesarias, para consolidar y elaborar el Informe de Avance de Gestión Financiera y la Cuenta Pública de cada ejercicio fiscal, sometiéndola a la consideración del Ejecutivo del Estado, para su presentación al Congreso del Estado en términos de lo establecido en la fracción XIX del artículo 59 de la Constitución Política del Estado Libre y Soberano de Chiapas; y los artículos 12 y 13 de la Ley de Fiscalización y Rendición de Cuentas del Estado de Chiapas.
D66: Asimismo, los Organismos Públicos en sus cuentas públicas deben incluir la relación de los bienes que componen su patrimonio, conforme a los formatos electrónicos que apruebe el CONAC.
B70: ARTÍCULO 483.- | D70: La Secretaría establece la forma y plazos de presentación de la información que generen los Organismos Públicos, en apego a las disposiciones normativas y técnicas que emanen de la Ley General de Contabilidad Gubernamental y Ley de Disciplina Financiera de las Entidades Federativas y los Municipios, dicha información será consolidada mediante los mecanismos y términos emitidos, a fin de cumplir en tiempo y forma ante el Congreso del Estado, y otras instancias que la requieran, conforme a ordenamientos establecidos.
D77: Los Organismos Públicos son responsables del contenido de la información presentada.
D79: El incumplimiento en la entrega de la información será sancionado de acuerdo a lo establecido en este Código, Ley General de Contabilidad Gubernamental, la Ley de Disciplina Financiera de las Entidades Federativa y los Municipios, la Ley de Fiscalización y Rendición de Cuentas del Estado de Chiapas, Ley de Responsabilidades Administrativas para el Estado de Chiapas y demás leyes aplicables, responsabilizándose directamente a los Organismos Públicos, de las observaciones y sanciones que determine el Órgano de Fiscalización Superior del Congreso del Estado.

Sheet CONTENIDO
A1: Cuenta Pública Estatal | H1: Subsistema de Egresos
A2: Formatos e Instructivos 2020
A3: Secretaría de Hacienda
A4: Subsecretaría de Egresos
A5: Dirección General de Presupuesto y Cuenta Pública
A6: Dirección de Contabilidad Gubernamental
A8: CONTENIDO
A9: SUBSISTEMA DE EGRESOS
A10: INTRODUCCIÓN
A11: MARCO JURÍDICO
A12: INSTRUCCIONES GENERALES
A13: LINEAMIENTOS DE PRESENTACIÓN
A14: PORTADA
... A17: INFORMACIÓN QUE EXIGE EL ART. 46 FRAC I , ART. 53 FRACC I DE LA LGCG y CAPITULO VII de los Estados e Informes Contables, Presupuestarios, Programáticos y de los Indicadores de Postura Fiscal ( MANUAL DE CONTABILIDAD GUBERNAMENTAL)
A19: 1 | B19: Estado de Situación Financiera (por Rubros)
A20: 2 | B20: Estado de Situación Financiera (por Cuentas)
A21: 3 | B21: Estado de Actividades (Rubros)
A22: 4 | B22: Estado de Variación en la Hacienda Pública (Rubros)
A23: 5 | B23: Estado de Cambios en la Situación Financiera (Rubros)
A24: 6 | B24: Estado de Flujos de Efectivo (Rubros)
A25: 7 | B25: Estado Analítico del Activo (Rubros)
A26: 8 | B26: Estado Analítico de la Deuda y Otros Pasivos (Rubros)
A27: 9 | B27: Informe sobre Pasivos Contingentes
A28: 10 | B28: Notas a los Estados Financieros
A30: INFORMACIÓN QUE EXIGE EL ART. 46 FRAC. II , ART. 47 Y 53 FRAC II Y IV DE LA LGCG y CAPITULO VII de los Estados e Informes Contables, Presupuestarios, Programáticos y de los Indicadores de Postura Fiscal (MANUAL DE CONTABILIDAD GUBERNAMENTAL)
A32: 11 | B32: Estado Analítico de Ingresos
A33: 12 | B33: Endeudamiento Neto
A34: 13 | B34: Intereses de la Deuda
A35: 14 | B35: Indicadores de la Postura Fiscal
A37: INFORMACION QUE EXIGE EL ART. 46 FRACC IV DE LA LGCG
A39: 15 | B39: Relación de Esquemas Bursátiles y de Coberturas Financieras
A41: INFORMACION QUE EXIGE EL ART. 69 DE LA LGCG
A43: 16 | B43: Relación de Cuentas Bancarias Productivas Específicas (únicamente cuentas de recursos federales del ejercicio 2020)
A45: ACUERDO POR EL QUE SE DETERMINA LA NORMA PARA ESTABLECER LA ESTRUCTURA DEL FORMATO DE LA RELACIÓN DE BIENES QUE COMPONEN EL PATRIMONIO DEL ENTE PÚBLICO (CONAC)
A47: 17 | B47: Relación de Bienes Muebles que Componen su Patrimonio
A48: 18 | B48: Relación de Bienes Inmuebles que Componen su Patrimonio
A49: 19 | B49: Relación de Bienes Intangibles que Componen su Patrimonio
A51: FORMATOS DE LA LEY DE DISCIPLINA FINANCIERA (LDF Arts. 4,6,7. 25, 31, 33 y 58) CRITERIOS LEY DE DISCIPLINA FINANCIERA DE LAS ENTIDADES FEDERATIVAS Y LOS MUNICPIOS (DOF 27/09/18)
A54: 1 | B54: Estado de Situación Financiera Detallado-LDF1
A55: 2 | B55: Informe Analítico de la Deuda Pública y Otros Pasivos-LDF2
A56: 3 | B56: Informe Analítico de Obligaciones Diferentes de Financiamientos-LDF3
A57: 4 | B57: Balance Presupuestario-LDF4
A58: 5 | B58: Estado Analítico de Ingresos Detallado-LDF5
A60: ANEXO DE LA LEY DE DISCIPLINA FINANCIERA (LDF) Arts. 25, 31 y 40
A62: 1 | B62: Información Detallada sobre la Contratación de Deuda Pública u Obligaciones-LDF Artículo 25
A63: 2 | B63: Obligaciones de Corto Plazo-LDF Artículo 31
A64: 3 | B64: Información de Cumplimiento de Obligaciones de Responsabilidad Hacendaria-LDF Artículo 40
A67: INFORMACION COMPLEMENTARIA ART. 46 FRACC. IV y 49 LGCG Y 482 DEL CÓDIGO DE HACIENDA PARA EL ESTADO DE CHIAPAS
A69: 1 | B69: Desglose de Activos de libre disposición (no etiquetado) y Etiquetado (recursos federales)
A70: 2 | B70: Desglose de Pasivos de libre disposición (no etiquetado) y Etiquetado (recursos federales)
A71: 3 | B71: Integracion de cuentas de Activos de libre disposición y etiquetados por fuente de financiamiento
B72: (clasificacion de los saldos de las cuentas del ejercicio de cada fuente de financiamiento)
A73: 4 | B73: Integracion de cuentas de Pasivos de libre disposición y etiquetados por fuente de financiamiento
B74: (clasificacion de los saldos de las cuentas del ejercicio de cada fuente de financiamiento)
A75: 5 | B75: Hoja de Trabajo
A76: 6 | B76: Adquisiciones de Bienes Inmuebles, Muebles e Intangibles
A77: 7 | B77: Análisis de Antigüedad de Saldos de Cuentas de Balance
A78: 8 | B78: Integración de Ingresos, Beneficios, Gastos y Pérdidas [y anexar justificaciones (texto libre en formato word)]
A80: NOTA
A81: Para las dependencias que manejan el SIAHE, presentar la información de cuenta pública con los reportes del sistema que a la fecha estén habilitados, y los demás reportes elaborarlos en formato excel o word, de acuerdo a la información requerida, mismas que están disponibles en el presente catálogo de formatos.
A85: Para las dependencias que NO manejan el SIAHE, elaborar la información de cuenta pública, de acuerdo al presente catálogo de formatos.
A87: INDICACIONES ADICIONALES
A88: Para los formatos establecidos en la LGCG , Manual de Contabilidad y Acuerdos establecidos del CONAC y Ley de Disciplina Financiera (LDF), que no afecte saldos, presentarlos con la leyenda (NO APLICA, ó NO PRESENTA SALDOS A LA FECHA, ó NO PRESENTA MOVIMIENTOS A LA FECHA), de acuerdo al formato a presentar.
B92: Para el Poder Ejecutivo se presentará únicamente el formato global , en el caso de los Poderes Legislativo, Judicial, Autónomos y las Entidades Paraestatales, se presentará los 3 tipos de reportes que emite el SIAHE (global, con recursos del ejercicio y con recursos de años anteriores).

Sheet INSTRUCCIONES GRALES.
A1: Cuenta Pública Estatal | H1: Subsistema de Egresos
A2: Formatos e Instructivos 2020
A3: Secretaría de Hacienda
A4: Subsecretaría de Egresos
A5: Dirección General de Presupuesto y Cuenta Pública
A6: Dirección de Contabilidad Gubernamental
A9: INSTRUCCIONES GENERALES
B13: ENCABEZADO | D13: Contendrá el nombre del formato, así como, el nombre completo del Ente u Organismo Público sin abreviaturas.
B16: PERIODO | D16: Contendrá del 1 de enero a la fecha del trimestre o del cierre del ejercicio que se informa.
B18: CIFRAS | D18: La información deberá enviarse a centavos en todos los formatos.
B21: FIRMAS | D21: Para el caso de la presentación de la información del 1er. y 3er. trimestre, los formatos (CONAC, LDF , Anexo LDF, Esquemas Bursátiles, y de Análisis) podrán ser firmados por el Jefe de Unidad de Apoyo Administrativo ó su equivalente y por el Jefe de Recursos Financieros.
D25: En cuanto a los formatos armonizados CONAC, Ley de Disciplina Financiera, y Esquemas Bursátiles en el caso del 2° trimestre, y la Cuenta Pública Anual, deberán ser firmados por el Titular del Ente Público u Organismo Público y Jefe de la Unidad de Apoyo Administrativo ó su equivalente. En el caso de los formatos de análisis, deberán ser firmados por el Jefe de la Unidad de Apoyo Administrativo ó su equivalente y por el Jefe del Área de Recursos Financieros.
D32: Cuando la impresión de un reporte sea más de una hoja, las firmas se plasmarán en la última hoja con rúbricas en todas las anteriores.
D35: En el caso de las Notas a los Estados Financieros, Informe sobre Pasivos Contingentes, y/o justificaciones de saldos, deberán presentarse con rúbricas por el Titular del Ente Público u Organismo Público y Jefe de la Unidad de Apoyo Administrativo ó su equivalente en cada una de las hojas utilizadas.
B40: TAMAÑO DE LOS EJEMPLARES | D40: Atendiendo a la estructura que para cada uno se señala, la impresión de los formatos financieros se presentarán en tamaño carta.
B45: FECHA DE ENTREGA | D45: La Información Financiera de Cuenta Pública Estatal, deberá ser entregada mediante oficio en el Departamento de Consolidación y Cuenta Pública de la Dirección de Contabilidad Gubernamental, dentro de los primeros dieciocho días posteriores al trimestre que corresponda, el Informe de Avance de Gestión Financiera se deberá enviar a más tardar dentro de los primeros diez días del mes de julio del ejercicio en curso. Cuando se trate del cierre del ejercicio inmediato anterior, será entregado dentro de los primeros veinticuatro días del mes de enero del año en curso.
D52: En cuanto al fundamento legal en el oficio de entrega, apegarse a lo dispuesto en los artículos 480 del Código de la Hacienda Pública para el Estado de Chiapas; 49, 50, 54 y 55 de la Normatividad Contable 2020; 46 y 47 de la Ley General de Contabilidad Gubernamental.
B57: CANTIDAD DE EJEMPLARES Y PRESENTACIÓN | D57: La información para: el primer trimestre, deberá enviarse respaldada únicamente en CD-R.
D60: La información para: el Segundo Trimestre, Cuenta Pública Tercer Trimestre (Cierre de Sexenio); así como la Cuenta Pública Anual, deberá remitirse impresa en original en un folder tamaño carta (sin perforaciones). Además, deberá enviarse respaldada en CD-R.
D64: La información impresa y en CD-R a presentar, deberá apegarse a los lineamientos de presentación establecidos.
B67: OBSERVACIONES | D67: Para los formatos armonizados del CONAC, LDF, Anexo LDF, Esquemas Bursátiles, que no afecte movimientos o saldos, se deberá presentar con la leyenda, No Aplica, ó No Presenta Saldos a la Fecha, ó No Presenta Movimientos, de acuerdo a tipo de reporte a presentar.
A68: Para los formatos armonizados del CONAC, Ley de Disciplina Financiera (LDF), y Esquemas Bursátiles que no afecte saldos, presentarlos con la leyenda (NO APLICA, ó NO PRESENTA SALDOS A LA FECHA, ó NO PRESENTA MOVIMIENTOS A LA FECHA), de acuerdo al formato a presentar.
D71: En el caso de los formatos de análisis que no afecte movimientos o saldos, no se presentará, por los que deberá enviar únicamente los que presenten información.
D74: Respecto al respaldo en CD-R, deberá contener los formatos que emite el SIAHE y/o los elaborados en excel y word, debidamente escaneados y guardados en archivos PDF. Así como los solicitados en formato Excel y Word, de acuerdo a los lineamientos de presentación.

Sheet LINEAMIENTOS
A1: Cuenta Pública Estatal | K1: Subsistema de Egresos
A2: Formatos e Instructivos 2020
A3: Secretaría de Hacienda
A4: Subsecretaría de Egresos
A5: Dirección General de Presupuesto y Cuenta Pública
A6: Dirección de Contabilidad Gubernamental
A7: Lineamientos de Presentación de la Cuenta Pública Financiera 2020
A8: Lineamientos de Presentación de la Cuenta Pública Financiera 2018
A10: PRESENTAR EN UN FOLDER, LA SIGUIENTE INFORMACIÓN DE FORMA IMPRESA: (SIN ENGARGOLAR, NI PERFORACIONES)
A11: INFORMACIÓN IMPRESA
B12: I.- Portada
B13: II.- Estado de Situación Financiera (Por Rubros)
B14: III.- Estado de Situación Financiera (Por Cuentas)
B15: IV.Estado de Actividades (Rubros)
B16: V.- Estado de Variación en la Hacienda Pública (Rubros)
B17: VI.- Estado de Cambios en la Situación Financiera (Rubros)
B18: VII.- Estado de Flujos de Efectivo (Rubros)
B19: VIII.- Estado Analítico del Activo (Rubros)
B20: XIX.- Estado Analítico de la Deuda y Otros Pasivos (Rubros)
B21: X.- Estado Analítico de Ingresos
B22: XI.- Estado de Situación Financiera Detallado - LDF1
B23: XII.- Estado Analítico de Ingresos Detallado - LDF5
A25: PRESENTAR CD:
A26: ü | B26: Etiquetar el CD con los siguientes datos: nombre del ente u organismo público, tipo de información (cuenta pública financiera), trimestre y ejercicio fiscal.
A27: ü | B27: El CD contendrá 4 carpetas (FORMATOS CONAC, FORMATOS LDF, ANEXO LDF, y FORMATOS COMPLEMENTARIOS).
B29: ESTADOS Y REPORTES CONAC
C30: ü | D30: Presentar archivos escaneados (de forma individual) y en formato PDF ( 1 al 19 ), la información debe estar en forma vertical, cerciorarse que estén legibles, y con las firmas y antefirmas correspondientes.
C31: ü | D31: Presentar archivos en word ( 21 ) y excel ( 20, 22 y 23 )
B33: Nota: Los nombres y la numeración de los archivos a presentar en el CD, que contendrá cada carpeta, son los que a continuación se describen:
B36: NOMBRE DEL ARCHIVO | H36: TIPO DE FORMATO: PDF, EXCEL, WORD
B38: 1) | C38: - Estado de Situación Financiera (Por Rubros)
B40: 2) | C40: - Estado de Situación Financiera (Por Cuentas)
B42: 3) | C42: - Estado de Actividades (Por Rubros)
B44: 4) | C44: - Estado de Variación en la Hacienda Pública (Por Rubros)
B46: 5) | C46: - Estado de Cambios en la Situación Financiera (Por Rubros)
B48: 6) | C48: - Estado de Flujos de Efectivo (Por Rubros)
B50: 7) | C50: - Estado Analítico del Activo (Por Rubros)
B52: 8) | C52: - Estado Analítico de la Deuda y Otros Pasivos (Por Rubros)
B54: 9) | C54: - Informe Sobre Pasivos Contingentes
B56: 10) | C56: - Notas a los Estados Financieros
B58: 11) | C58: - Estado Analítico de Ingresos
B60: 12) | C60: - Endeudamiento Neto
... B82: 23) | C82: - Relación de Bienes que Componen su Patrimonio ([Muebles, Inmuebles e Intangibles] presentar un solo archivo con 3 pestañas)
A84: Nota: La carpeta ESTADOS Y REPORTES CONAC contendrá 23 archivos: 19 archivos en PDF, 1 archivo en WORD y 3 archivos en EXCEL)
A85: Para los formatos armonizados del CONAC, Ley de Disciplina Financiera (LDF), y Esquemas Bursátiles que no afecte saldos, presentarlos con la leyenda (NO APLICA, ó NO PRESENTA SALDOS A LA FECHA, ó NO PRESENTA MOVIMIENTOS A LA FECHA), de acuerdo al formato a presentar.
B86: FORMATOS LDF
C87: ü | D87: Presentar archivos escaneados (de forma individual) y en formato PDF ( 1 al 5 ), la información debe estar en forma vertical, cerciorarse que estén legibles, y con las firmas y antefirmas correspondientes.
B89: NOMBRE DEL ARCHIVO | H89: TIPO DE FORMATO: PDF, EXCEL, WORD
B91: 1.- | C91: - Estado de Situación Financiera Detallado-LDF1
B93: 2.- | C93: - Informe Analítico de la Deuda Pública y Otros Pasivos-LDF2
B95: 3.- | C95: - Informe Analítico de Obligaciones Diferentes de Financiamientos-LDF3
B97: 4.- | C97: - Balance Presupuestario-LDF4
B99: 5.- | C99: - Estado Analítico de Ingresos Detallado-LDF5
A101: Nota: La carpeta FORMATOS LDF contendrá: 5 archivos en PDF
A102: Para los formatos armonizados del CONAC, Ley de Disciplina Financiera (LDF), y Esquemas Bursátiles que no afecte saldos, presentarlos con la leyenda (NO APLICA, ó NO PRESENTA SALDOS A LA FECHA, ó NO PRESENTA MOVIMIENTOS A LA FECHA), de acuerdo al formato a presentar.
B103: ANEXO LDF
C104: ü | D104: Presentar archivos escaneados (de forma individual) y en formato PDF ( 1 al 3 ), la información debe estar en forma vertical, cerciorarse que estén legibles, y con las firmas y antefirmas correspondientes.
B106: NOMBRE DEL ARCHIVO | H106: TIPO DE FORMATO: PDF, EXCEL, WORD
B108: 1) | C108: - Información Detallada sobre la Contratación de Deuda Pública u Obligaciones-LDF Artículo 25
B110: 2) | C110: - Obligaciones de Corto Plazo-LDF Artículo 31
B112: 3) | C112: - Información de Cumplimiento de Obligaciones de Responsabilidad Hacendaria-LDF Artículo 40
A114: Nota: La carpeta ANEXO LDF contendrá: 3 archivos en PDF
B116: FORMATOS COMPLEMENTARIOS
D117: ü | E117: Presentar archivos escaneados (de forma individual) y en formato PDF ( 1 al 8), la información debe estar en forma vertical (excepto la hoja de trabajo en forma horizontal), cerciorarse que estén legibles, y con las firmas y antefirmas correspondientes.
B119: NOMBRE DEL ARCHIVO | H119: TIPO DE FORMATO: PDF, EXCEL, WORD
B121: 1) | C121: - Desglose de Activo de Libre Disposición y Etiquetado
B123: 2) | C123: - Desglose de Pasivo de Libre Disposición y Etiquetado
B125: 3) | C125: - Integración de cuentas de Activo de Libre Disposición y Etiquetado por F.F.
B127: 4) | C127: - Integración de cuentas de Pasivo de Libre Disposición y Etiquetado por F.F.
B129: 5) | C129: - Hoja de Trabajo
B131: 6) | C131: - Adquisiciones de Bienes Inmuebles, Muebles e Intangibles
B133: 7) | C133: - Análisis de Antigüedad de Saldos de Cuentas de Balance
B135: 8) | C135: - Integración de Ingresos, Beneficios, Gastos y Pérdidas [ y anexar justificaciones (texto libre)]
A137: Nota: La carpeta FORMATOS COMPLEMENTARIOS contendrá: 8 archivos en PDF
A139: CUENTA PÚBLICA ANUAL
A140: NOTA: | B140: ● PARA PRIMER Y TERCER TRIMESTRE PRESENTAR LA INFORMACIÓN ÚNICAMENTE EN CD-R. (Debidamente firmado por el Jefe de Unidad de Apoyo Administrativo ó su equivalente y por el Jefe de Recursos Financieros)
B143: ● EN LO QUE CORRESPONDE AL SEGUNDO TRIMESTRE, Y CUENTA PÚBLICA ANUAL, PRESENTAR INFORMACIÓN IMPRESA Y CD-R. (Debidamente firmado por el Titular del Ente u Organismo Público y por el Jefe de Unidad de Apoyo Administrativo ó su equivalente).
B146: ● (La información impresa y en CD-R a presentar de manera trimestral, y Cuenta Pública Anual, deberá apegarse al presente lineamiento establecido).

Sheet PORTADA
B12: 2.1.1.2.0.380 | C12: SECRETARIA EJECUTIVA DEL SISTEMA ANTICORRUPCION DEL ESTADO DE CHIAPAS
B20: CUENTA PÚBLICA ESTATAL
B27: INFORMACIÓN FINANCIERA
B30: CUARTO TRIMESTRE
B33: EJERCICIO FISCAL
B34: 2020
A64: Para los formatos armonizados del CONAC, Ley de Disciplina Financiera (LDF), y Esquemas Bursátiles que no afecte saldos, presentarlos con la leyenda (NO APLICA, ó NO PRESENTA SALDOS A LA FECHA, ó NO PRESENTA MOVIMIENTOS A LA FECHA), de acuerdo al formato a presentar.
B87: ESQUEMAS BURSÁTILES
C91: - Relación de Esquemas Bursátiles y de Coberturas Financieras

Sheet INF. FINANCIERA
B23: INFORMACIÓN FINANCIERA
A64: Para los formatos armonizados del CONAC, Ley de Disciplina Financiera (LDF), y Esquemas Bursátiles que no afecte saldos, presentarlos con la leyenda (NO APLICA, ó NO PRESENTA SALDOS A LA FECHA, ó NO PRESENTA MOVIMIENTOS A LA FECHA), de acuerdo al formato a presentar.
B87: ESQUEMAS BURSÁTILES
C91: - Relación de Esquemas Bursátiles y de Coberturas Financieras

Sheet BALANZA ACUMULADA
A1: GOBIERNO CONSTITUCIONAL DEL ESTADO DE CHIAPAS
A2: SECRETARIA DE HACIENDA
A3: SUBSECRETARÍA DE EGRESOS
A4: SIAHE - CONTABILIDAD
A5: SISTEMA CONTABLE 2021
A6: BALANZA DE COMPROBACION ACUMULADA
K7: Fecha: | L7: 44314
A8: SECRETARIA EJECUTIVA DEL SISTEMA ANTICORRUPCION DEL ESTADO DE CHIAPAS
A10: SECRETARIA EJECUTIVA DEL SISTEMA ANTICORRUPCION DEL ESTADO DE CHIAPAS PERIODO DEL 1o. DE ENERO AL 31 DE MARZO DEL 2021
A12: DEL 1 DE ENERO AL 31 DE MARZO DE 2021
A14: NUMERO | B14: CUENTA | G14: SALDOS INICIALES | I14: MOVIMIENTOS | K14: SALDOS FINALES
G15: DEL: 1o. DE ENERO DE 2021 | I15: DEL MES DE DICIEMBRE | K15: AL 31 MARZO DE 2020
B16: NOMBRE | G16: DEUDOR | H16: ACREEDOR | I16: DEBE | J16: HABER | K16: DEUDOR | L16: ACREEDOR
A18: 1111 | B18: Efectivo | K18: =SUM(G18+I18-J18) -> 0 | N18: Nota: Únicamente se podrá modificar las fórmulas de los saldos finales de las cuentas 8110 a la 8270. Así como, la 3210 en el caso de fusión, escisión, extinción de organismos públicos ó por movimientos extraordinarios.
A19: 1112 | B19: Bancos/Tesorería | G19: 369894.95 | I19: 7100294.3 | J19: 4666450 | K19: =SUM(G19+I19-J19) -> 2803739.2
A20: 1113 | B20: Bancos/Dependencias y Otros | G20: 458424.98 | I20: 6407890.7 | J20: 6562923.8 | K20: =SUM(G20+I20-J20) -> 303391.87
A21: 1114 | B21: Inversiones Temporales (Hasta 3 meses) | K21: =SUM(G21+I21-J21) -> 0
A22: 1115 | B22: Fondos con Afectación Específica | K22: =SUM(G22+I22-J22) -> 0
A23: 1116 | B23: Depósitos de Fondos de Terceros en Garantía y/o Administración | K23: =SUM(G23+I23-J23) -> 0
A24: 1119 | B24: Otros Efectivos y Equivalentes | K24: =SUM(G24+I24-J24) -> 0
A25: 1121 | B25: Inversiones Financieras de Corto Plazo | K25: =SUM(G25+I25-J25) -> 0
A26: 1122 | B26: Cuentas por Cobrar a Corto Plazo | K26: =SUM(G26+I26-J26) -> 0
A27: 1123 | B27: Deudores Diversos por Cobrar a Corto Plazo | K27: =SUM(G27+I27-J27) -> 0
A28: 1124 | B28: Ingresos por Recuperar a Corto Plazo | K28: =SUM(G28+I28-J28) -> 0
A29: 1125 | B29: Deudores por Anticipos de la Tesorería a Corto Plazo | K29: =SUM(G29+I29-J29) -> 0
A30: 1126 | B30: Préstamos Otorgados a Corto Plazo | K30: =SUM(G30+I30-J30) -> 0
A31: 1129 | B31: Otros Derechos a Recibir Efectivo o Equivalentes a Corto Plazo | K31: =SUM(G31+I31-J31) -> 0
A32: 1131 | B32: Anticipo a Proveedores por Adquisición de Bienes y Prestación de Servicios a Corto Plazo | K32: =SUM(G32+I32-J32) -> 0
A33: 1132 | B33: Anticipo a Proveedores por Adquisición de Bienes Inmuebles y Muebles a Corto Plazo | K33: =SUM(G33+I33-J33) -> 0
A34: 1133 | B34: Anticipo a Proveedores por Adquisición de Bienes Intangibles a Corto Plazo | K34: =SUM(G34+I34-J34) -> 0
A35: 1134 | B35: Anticipo a Contratistas por Obras Públicas a Corto Plazo | K35: =SUM(G35+I35-J35) -> 0
A36: 1139 | B36: Otros Derechos a Recibir Bienes o Servicios a Corto Plazo | K36: =SUM(G36+I36-J36) -> 0
A37: 1141 | B37: Inventario de Mercancías para Venta | K37: =SUM(G37+I37-J37) -> 0
A38: 1142 | B38: Inventario de Mercancías Terminadas | K38: =SUM(G38+I38-J38) -> 0
A39: 1143 | B39: Inventario de Mercancías en Proceso de Elaboración | K39: =SUM(G39+I39-J39) -> 0
A40: 1144 | B40: Inventario de Materias Primas, Materiales y Suministros para Producción | K40: =SUM(G40+I40-J40) -> 0
A41: 1145 | B41: Bienes en Tránsito | K41: =SUM(G41+I41-J41) -> 0
A42: 1151 | B42: Almacén de Materiales y Suministros de Consumo | K42: =SUM(G42+I42-J42) -> 0
A43: 1161 | B43: Estimaciones para Cuentas Incobrables por Derechos a Recibir Efectivo o Equivalentes | L43: =SUM(H43+J43-I43) -> 0
A44: 1162 | B44: Estimación por Deterioro de Inventarios | L44: =SUM(H44+J44-I44) -> 0
A45: 1191 | B45: Valores en Garantía | K45: =SUM(G45+I45-J45) -> 0
A46: 1192 | B46: Bienes en Garantía (excluye depósitos de fondos) | K46: =SUM(G46+I46-J46) -> 0
A47: 1193 | B47: Bienes Derivados de Embargos, Decomisos, Aseguramientos y Dación en Pago | K47: =SUM(G47+I47-J47) -> 0
A48: 1194 | B48: Adquisición con Fondos de Terceros | K48: =SUM(G48+I48-J48) -> 0
A49: 1211 | B49: Inversiones a Largo Plazo | K49: =SUM(G49+I49-J49) -> 0
A50: 1212 | B50: Títulos y Valores a Largo Plazo | K50: =SUM(G50+I50-J50) -> 0
A51: 1213 | B51: Fideicomisos, Mandatos y Contratos Análogos | K51: =SUM(G51+I51-J51) -> 0
A52: 1214 | B52: Participaciones y Aportaciones de Capital | K52: =SUM(G52+I52-J52) -> 0
A53: 1221 | B53: Documentos por Cobrar a Largo Plazo | K53: =SUM(G53+I53-J53) -> 0
A54: 1222 | B54: Deudores Diversos a Largo Plazo | K54: =SUM(G54+I54-J54) -> 0
A55: 1223 | B55: Ingresos por Recuperar a Largo Plazo | K55: =SUM(G55+I55-J55) -> 0
A56: 1224 | B56: Préstamos Otorgados a Largo Plazo | K56: =SUM(G56+I56-J56) -> 0
A57: 1229 | B57: Otros Derechos a Recibir Efectivo o Equivalentes a Largo Plazo | K57: =SUM(G57+I57-J57) -> 0
A58: 1231 | B58: Terrenos | K58: =SUM(G58+I58-J58) -> 0
A59: 1233 | B59: Edificios no Habitacionales | K59: =SUM(G59+I59-J59) -> 0
A60: 1234 | B60: Infraestructura | K60: =SUM(G60+I60-J60) -> 0
A61: 1235 | B61: Construcciones en Proceso en Bienes de Dominio Público | K61: =SUM(G61+I61-J61) -> 0
A62: 1236 | B62: Construcciones en Proceso en Bienes Propios | K62: =SUM(G62+I62-J62) -> 0
A63: 1239 | B63: Otros Bienes Inmuebles | K63: =SUM(G63+I63-J63) -> 0
A64: 1241 | B64: Mobiliario y Equipo de Administración | K64: =SUM(G64+I64-J64) -> 0
A65: 1242 | B65: Mobiliario y Equipo Educacional y Recreativo | K65: =SUM(G65+I65-J65) -> 0
... A76: 1259 | B76: Otros Activos Intangibles | K76: =SUM(G76+I76-J76) -> 0
A77: 1261 | B77: Depreciación Acumulada de Bienes Inmuebles | L77: =SUM(H77+J77-I77) -> 0
A78: 1262 | B78: Depreciación Acumulada de Infraestructura | L78: =SUM(H78+J78-I78) -> 0
A79: 1263 | B79: Depreciación Acumulada de Bienes Muebles | L79: =SUM(H79+J79-I79) -> 0
A80: 1265 | B80: Amortización Acumulada de Activos Intangibles | L80: =SUM(H80+J80-I80) -> 0
A81: 1271 | B81: Estudios, Formulación y Evaluación de Proyectos | K81: =SUM(G81+I81-J81) -> 0
A82: 1272 | B82: Derechos sobre Bienes en Régimen de Arrendamiento Financiero | K82: =SUM(G82+I82-J82) -> 0
A83: 1273 | B83: Gastos Pagados por Adelantado a Largo Plazo | K83: =SUM(G83+I83-J83) -> 0
A84: 1274 | B84: Anticipos a Largo Plazo | K84: =SUM(G84+I84-J84) -> 0
A85: 1275 | B85: Beneficios al Retiro de Empleados Pagados por Adelantado | K85: =SUM(G85+I85-J85) -> 0
A86: 1279 | B86: Otros Activos Diferidos | K86: =SUM(G86+I86-J86) -> 0
A87: 1281 | B87: Estimaciones por Pérdida de Cuentas Incobrables de Documentos por Cobrar a Largo Plazo | L87: =SUM(H87+J87-I87) -> 0
A88: 1282 | B88: Estimaciones por Pérdida de Cuentas Incobrables de Deudores Diversos por Cobrar a Largo Plazo | L88: =SUM(H88+J88-I88) -> 0
A89: 1292 | B89: Bienes en Arrendamiento Financiero | K89: =SUM(G89+I89-J89) -> 0
A90: 1293 | B90: Bienes en Comodato | K90: =SUM(G90+I90-J90) -> 0
A91: 2111 | B91: Servicios Personales por Pagar a Corto Plazo | H91: 126087.36 | I91: 1497374.8 | J91: 1548440.3 | L91: =SUM(H91+J91-I91) -> 177152.83
A92: 2112 | B92: Proveedores por Pagar a Corto Plazo | H92: 182916.23 | I92: 2796174.7 | J92: 2627996.8 | L92: =SUM(H92+J92-I92) -> 14738.38
A93: 2113 | B93: Contratistas por Obras Públicas por Pagar a Corto Plazo | L93: =SUM(H93+J93-I93) -> 0
A94: 2114 | B94: Participaciones y Aportaciones por Pagar a Corto Plazo | L94: =SUM(H94+J94-I94) -> 0
A95: 2115 | B95: Transferencias Otorgadas por Pagar a Corto Plazo | L95: =SUM(H95+J95-I95) -> 0
A96: 2116 | B96: Intereses, Comisiones y Otros Gastos de la Deuda Pública por Pagar a Corto Plazo | L96: =SUM(H96+J96-I96) -> 0
A97: 2117 | B97: Retenciones y Contribuciones por Pagar a Corto Plazo | H97: 383725.34 | I97: 897711.27 | J97: 681981.99 | L97: =SUM(H97+J97-I97) -> 167996.06
A98: 2118 | B98: Devoluciones de la Ley de Ingresos por Pagar a Corto Plazo | L98: =SUM(H98+J98-I98) -> 0
A99: 2119 | B99: Otras Cuentas por Pagar a Corto Plazo | H99: 54.55 | I99: 55.05 | J99: 515.92 | L99: =SUM(H99+J99-I99) -> 515.42
A100: 2121 | B100: Documentos Comerciales por Pagar a Corto Plazo | L100: =SUM(H100+J100-I100) -> 0
A101: 2122 | B101: Documentos con Contratistas por Obras Públicas por Pagar a Corto Plazo | L101: =SUM(H101+J101-I101) -> 0
A102: 2129 | B102: Otros Documentos por Pagar a Corto Plazo | L102: =SUM(H102+J102-I102) -> 0
A103: 2131 | B103: Porción a Corto Plazo de la Deuda Pública Interna | L103: =SUM(H103+J103-I103) -> 0
A104: 2133 | B104: Porción a Corto Plazo de Arrendamiento Financiero | L104: =SUM(H104+J104-I104) -> 0
A105: 2151 | B105: Ingresos Cobrados por Adelantado a Corto Plazo | L105: =SUM(H105+J105-I105) -> 0
A106: 2152 | B106: Intereses Cobrados por Adelantado a Corto Plazo | L106: =SUM(H106+J106-I106) -> 0
A107: 2159 | B107: Otros Pasivos Diferidos a Corto Plazo | L107: =SUM(H107+J107-I107) -> 0
A108: 2161 | B108: Fondos en Garantía a Corto Plazo | L108: =SUM(H108+J108-I108) -> 0
A109: 2162 | B109: Fondos en Administración a Corto Plazo | L109: =SUM(H109+J109-I109) -> 0
A110: 2163 | B110: Fondos Contingentes a Corto Plazo | L110: =SUM(H110+J110-I110) -> 0
A111: 2164 | B111: Fondos de Fideicomisos, Mandatos y Contratos Análogos a Corto Plazo | L111: =SUM(H111+J111-I111) -> 0
A112: 2165 | B112: Otros Fondos de Terceros en Garantía y/o Administración a Corto Plazo | L112: =SUM(H112+J112-I112) -> 0
A113: 2166 | B113: Valores y Bienes en Garantía a Corto Plazo | L113: =SUM(H113+J113-I113) -> 0
A114: 2171 | B114: Provisión para Demandas y Juicios a Corto Plazo | L114: =SUM(H114+J114-I114) -> 0
...

Sheet Instructivo Balanza Acumulada
A1: Cuenta Pública Estatal | H1: Subsistema de Egresos
A2: Formatos e Instructivos 2020
A3: Secretaría de Hacienda
A4: Subsecretaría de Egresos
A5: Dirección General de Presupuesto y Cuenta Pública
A6: Dirección de Contabilidad Gubernamental
A8: INSTRUCTIVO DEL FORMATO
A10: BALANZA ACUMULADA, ESTADOS FINANCIEROS Y OTROS REPORTES
B15: DESCRIPCIÓN: | D15: Para generar los Estados Financieros establecidos por el CONAC, únicamente deberá capturar en la pestaña BALANZA AC., los datos (cifras contables) de la balanza acumulada del periodo a presentar, generado por el SIAHE ó sistema contable que manejen.
D19: Es importante no hacer modificaciones en cada una de las pestañas de estados financieros en el presente catálogo de formatos, ya que estos se encuentran vinculados a la pestaña BALANZA AC. Se implementa este procedimiento, con la finalidad de hacer más práctico y ágil la emisión de los reportes de Estados Financieros. Únicamente se podrán hacer ciertas modificaciones específicadas en cada formato.
B24: NOTA:
D26: Los datos que únicamente se podrán modificar en las pestañas, son los siguientes:
D28: a) Nombre del Titular del Ente u Organismo Público, así como el cargo que ocupa.
D29: b) Nombre del Jefe de Unidad de Apoyo Administrativo ó su equivalente, así como el cargo que ocupa.
D31: c) Se podrá modificar la pestaña ECSF y el CUADRO PARA FLUJO DE EFECTIVO, con las indicaciones plasmadas.
D34: La pestaña Hoja de Trabajo, se podrá modificar las fórmulas en las columnas de balance, especificamente en la cuenta 3210, dependiendo del resultado obtenido al periodo que se informa. Así también, en las columnas de saldos específicamente en las cuentas 8110 a la 8270 (cuentas presupuestarias) para elaborar los ajustes de orden.
D39: Al realizar el llenado de la hoja de trabajo, deberá ocultar las cuentas (filas), que no afecte movimientos ni saldos, así como, podrá insertar cuentas que afecte saldos y que no aparezcan en el reporte, ya que éste es solo es un ejemplo.
D44: En el caso de los reportes de Ley de Disciplina Financiera (LDF), Anexo de la Ley de Disciplina Financiera, y Esquemas Bursátiles, se deberán elaborar de acuerdo a los instructivos correspondientes.

Sheet FORMATOS CONAC
B23: FORMATOS - CONAC

Sheet 1.ESF (Rubros)
A1: GOBIERNO CONSTITUCIONAL DEL ESTADO DE CHIAPAS
A2: ='2.ESF (Cuentas)'!A2:I2 -> SECRETARIA EJECUTIVA DEL SISTEMA ANTICORRUPCION DEL ESTADO DE CHIAPAS
A4: SISTEMA CONTABLE 2020
A5: ESTADO DE SITUACIÓN FINANCIERA
A6: AL 31 DE DICIEMBRE DE 2020
I7: Página 1 de 1
G8: Fecha: | I8: ='2.ESF (Cuentas)'!I8 -> 44314
A9: ACTIVO | B9: 2020 | D9: 2019 | F9: PASIVO | G9: 2020 | I9: 2019
A11: Activo Circulante | F11: Pasivo Circulante
A12: Efectivo y Equivalentes | B12: =SUM('2.ESF (Cuentas)'!B12) -> 3107131 | D12: =SUM('2.ESF (Cuentas)'!D12) -> 828319.93 | F12: Cuentas por Pagar a Corto Plazo | G12: =SUM('2.ESF (Cuentas)'!G12) -> 360402.69 | I12: =SUM('2.ESF (Cuentas)'!I12) -> 692783.48
A13: Derechos a Recibir Efectivo o Equivalentes | B13: =SUM('2.ESF (Cuentas)'!B20) -> 0 | D13: =SUM('2.ESF (Cuentas)'!D20) -> 0 | F13: Documentos por Pagar a Corto Plazo | G13: =SUM('2.ESF (Cuentas)'!G20) -> 0 | I13: =SUM('2.ESF (Cuentas)'!I20) -> 0
A14: Derechos a Recibir Bienes o Servicios | B14: =SUM('2.ESF (Cuentas)'!B28) -> 0 | D14: =SUM('2.ESF (Cuentas)'!D28) -> 0 | F14: Porción a Corto Plazo de la Deuda Pública a Largo Plazo | G14: =SUM('2.ESF (Cuentas)'!G22) -> 0 | I14: =SUM('2.ESF (Cuentas)'!I22) -> 0
A15: Inventarios | B15: =SUM('2.ESF (Cuentas)'!B34) -> 0 | D15: =SUM('2.ESF (Cuentas)'!D34) -> 0 | F15: Pasivos Diferidos a Corto Plazo | G15: =SUM('2.ESF (Cuentas)'!G25) -> 0 | I15: =SUM('2.ESF (Cuentas)'!I25) -> 0
A16: Almacenes | B16: =SUM('2.ESF (Cuentas)'!B38) -> 0 | D16: =SUM('2.ESF (Cuentas)'!D38) -> 0 | F16: Fondos y Bienes de Terceros en Garantía y/o Administración a Corto Plazo | G16: =SUM('2.ESF (Cuentas)'!G28) -> 0 | I16: =SUM('2.ESF (Cuentas)'!I28) -> 0
A17: Estimación por Pérdida o Deterioro de Activos Circulantes | B17: =SUM('2.ESF (Cuentas)'!B40) -> 0 | D17: =SUM('2.ESF (Cuentas)'!D40) -> 0 | F17: Provisiones a Corto Plazo | G17: =SUM('2.ESF (Cuentas)'!G35) -> 0 | I17: =SUM('2.ESF (Cuentas)'!I35) -> 0
A18: Otros Activos Circulantes | B18: =SUM('2.ESF (Cuentas)'!B42) -> 0 | D18: =SUM('2.ESF (Cuentas)'!D42) -> 0 | F18: Otros Pasivos a Corto Plazo | G18: =SUM('2.ESF (Cuentas)'!G38) -> 0 | I18: =SUM('2.ESF (Cuentas)'!I38) -> 0
A20: Total de Activos Circulantes | B20: =SUM(B12:B18) -> 3107131 | D20: =SUM(D12:D18) -> 828319.93 | F20: Total de Pasivos Circulantes | G20: =SUM(G12:G18) -> 360402.69 | I20: =SUM(I12:I18) -> 692783.48
A23: Activo No Circulante | F23: Pasivo No Circulante
A24: Inversiones Financieras a Largo Plazo | B24: =SUM('2.ESF (Cuentas)'!B50) -> 0 | D24: =SUM('2.ESF (Cuentas)'!D50) -> 0 | F24: Cuentas por Pagar a Largo Plazo | G24: =SUM('2.ESF (Cuentas)'!G48) -> 0 | I24: =SUM('2.ESF (Cuentas)'!I48) -> 0
A25: Derechos a Recibir Efectivo o Equivalentes a Largo Plazo | B25: =SUM('2.ESF (Cuentas)'!B55) -> 0 | D25: =SUM('2.ESF (Cuentas)'!D55) -> 0 | F25: Documentos por Pagar a Largo Plazo | G25: =SUM('2.ESF (Cuentas)'!G51) -> 0 | I25: =SUM('2.ESF (Cuentas)'!I51) -> 0
A26: Bienes Inmuebles, Infraestructura y Construcciones en Proceso | B26: =SUM('2.ESF (Cuentas)'!B61) -> 0 | D26: =SUM('2.ESF (Cuentas)'!D61) -> 0 | F26: Deuda Pública a Largo Plazo | G26: =SUM('2.ESF (Cuentas)'!G53) -> 0 | I26: =SUM('2.ESF (Cuentas)'!I53) -> 0
A27: Bienes Muebles | B27: =SUM('2.ESF (Cuentas)'!B68) -> 0 | D27: =SUM('2.ESF (Cuentas)'!D68) -> 0 | F27: Pasivos Diferidos a Largo Plazo | G27: =SUM('2.ESF (Cuentas)'!G56) -> 0 | I27: =SUM('2.ESF (Cuentas)'!I56) -> 0
A28: Activos Intangibles | B28: =SUM('2.ESF (Cuentas)'!B77) -> 0 | D28: =SUM('2.ESF (Cuentas)'!D77) -> 0 | F28: Fondos y Bienes de Terceros en Garantía y/o Administración a Largo Plazo | G28: =SUM('2.ESF (Cuentas)'!G59) -> 0 | I28: =SUM('2.ESF (Cuentas)'!I59) -> 0
A29: Depreciación, Deterioro y Amortización Acumulada de Bienes | B29: =SUM('2.ESF (Cuentas)'!B83) -> 0 | D29: =SUM('2.ESF (Cuentas)'!D83) -> 0 | F29: Provisiones a Largo Plazo | G29: =SUM('2.ESF (Cuentas)'!G66) -> 0 | I29: =SUM('2.ESF (Cuentas)'!I66) -> 0
A30: Activos Diferidos | B30: =SUM('2.ESF (Cuentas)'!B88) -> 0 | D30: =SUM('2.ESF (Cuentas)'!D88) -> 0
A31: Estimación por Pérdida o Deterioro de Activos no Circulantes | B31: =SUM('2.ESF (Cuentas)'!B95) -> 0 | D31: =SUM('2.ESF (Cuentas)'!D95) -> 0 | F31: Total de Pasivos No Circulantes | G31: =SUM(G24:G29) -> 0 | I31: =SUM(I24:I29) -> 0
A32: Otros Activos no Circulantes | B32: =SUM('2.ESF (Cuentas)'!B99) -> 0 | D32: =SUM('2.ESF (Cuentas)'!D99) -> 0
B33: 0 | D33: 0
A35: Total de Activos No Circulantes | B35: =SUM(B24:B32) -> 0 | D35: =SUM(D24:D32) -> 0 | F35: Total del Pasivo | G35: =SUM(G20+G31) -> 360402.69 | I35: =SUM(I20+I31) -> 692783.48
F38: HACIENDA PÚBLICA/PATRIMONIO
F40: Hacienda Pública/Patrimonio Contribuido
F42: Aportaciones | G42: =SUM('2.ESF (Cuentas)'!G80) -> 0 | I42: =SUM('2.ESF (Cuentas)'!I80) -> 0
F43: Donaciones de Capital | G43: =SUM('2.ESF (Cuentas)'!G82) -> 0 | I43: =SUM('2.ESF (Cuentas)'!I82) -> 0
F44: Actualización de la Hacienda Pública/Patrimonio | G44: =SUM('2.ESF (Cuentas)'!G84) -> 0 | I44: =SUM('2.ESF (Cuentas)'!I84) -> 0
F47: Hacienda Pública/Patrimonio Generado
F49: Resultados del Ejercicio (Ahorro/Desahorro) | G49: =SUM('2.ESF (Cuentas)'!G89) -> 2611191.9 | I49: =SUM('2.ESF (Cuentas)'!I89) -> 135536.45
F50: Resultados de Ejercicios Anteriores | G50: =SUM('2.ESF (Cuentas)'!G91) -> 135536.45 | I50: =SUM('2.ESF (Cuentas)'!I91) -> 0
F51: Revalúos | G51: =SUM('2.ESF (Cuentas)'!G93) -> 0 | I51: =SUM('2.ESF (Cuentas)'!I93) -> 0
F52: Reservas | G52: =SUM('2.ESF (Cuentas)'!G97) -> 0 | I52: =SUM('2.ESF (Cuentas)'!I97) -> 0
F53: Rectificaciones de Resultados de Ejercicios Anteriores | G53: =SUM('2.ESF (Cuentas)'!G100) -> 0 | I53: =SUM('2.ESF (Cuentas)'!I100) -> 0
F55: Exceso o Insuficiencia en la Actualización de la Hacienda Pública/Patrimonio
F57: Resultado por Posición Monetaria | G57: =SUM('2.ESF (Cuentas)'!G106) -> 0 | I57: =SUM('2.ESF (Cuentas)'!I106) -> 0
F58: Resultado por Tenencia de Activos no Monetarios | G58: =SUM('2.ESF (Cuentas)'!G108) -> 0 | I58: =SUM('2.ESF (Cuentas)'!I108) -> 0
F61: Total Hacienda Pública/Patrimonio | G61: =SUM(G42:H58) -> 2746728.3 | I61: =SUM(I42:I58) -> 135536.45
A63: Total del Activo | B63: =SUM(B20+B35) -> 3107131 | D63: =SUM(D20+D35) -> 828319.93 | F63: Total del Pasivo y Hacienda Pública/Patrimonio | G63: =SUM(G35+G61) -> 3107131 | I63: =SUM(I35+I61) -> 828319.93
A71: NOMBRE | F71: NOMBRE
A72: PUESTO | F72: PUESTO
A77: “Bajo protesta de decir verdad declaramos que los Estados Financieros y sus notas, son razonablemente correctos y son responsabilidad del emisor”.
G81: =SUM(G63-B63) -> -4.6566129e-10 | I81: =SUM(D63-I63) -> -2.3283064e-10

Sheet 2.ESF (Cuentas)
A1: GOBIERNO CONSTITUCIONAL DEL ESTADO DE CHIAPAS
A2: ='BALANZA ACUMULADA'!A8:L8 -> SECRETARIA EJECUTIVA DEL SISTEMA ANTICORRUPCION DEL ESTADO DE CHIAPAS
A4: SISTEMA CONTABLE 2020
A5: ESTADO DE SITUACIÓN FINANCIERA
A6: ='1.ESF (Rubros)'!A6:I6 -> AL 31 DE DICIEMBRE DE 2020
I7: Página 1 de 1
G8: Fecha: | I8: ='BALANZA ACUMULADA'!L7 -> 44314
A9: ACTIVO | B9: 2020 | D9: 2019 | F9: PASIVO | G9: 2020 | I9: 2019
A11: Activo Circulante | F11: Pasivo Circulante
A12: Efectivo y Equivalentes | B12: =SUM(B13:B19) -> 3107131 | D12: =SUM(D13:D19) -> 828319.93 | F12: Cuentas por Pagar a Corto Plazo | G12: =SUM(G13:G19) -> 360402.69 | I12: =SUM(I13:I19) -> 692783.48
A13: Efectivo | B13: =SUM('BALANZA ACUMULADA'!K18) -> 0 | D13: =SUM('BALANZA ACUMULADA'!G18) -> 0 | F13: Servicios Personales por Pagar a Corto Plazo | G13: =SUM('BALANZA ACUMULADA'!L91) -> 177152.83 | I13: =SUM('BALANZA ACUMULADA'!H91) -> 126087.36
A14: Bancos/Tesorería | B14: =SUM('BALANZA ACUMULADA'!K19) -> 2803739.2 | D14: =SUM('BALANZA ACUMULADA'!G19) -> 369894.95 | F14: Proveedores por Pagar a Corto Plazo | G14: =SUM('BALANZA ACUMULADA'!L92) -> 14738.38 | I14: =SUM('BALANZA ACUMULADA'!H92) -> 182916.23
A15: Bancos/Dependencias y Otros | B15: =SUM('BALANZA ACUMULADA'!K20) -> 303391.87 | D15: =SUM('BALANZA ACUMULADA'!G20) -> 458424.98 | F15: Contratistas por Obras Públicas por Pagar a Corto Plazo | G15: =SUM('BALANZA ACUMULADA'!L93) -> 0 | I15: =SUM('BALANZA ACUMULADA'!H93) -> 0
A16: Inversiones Temporales (hasta 3 meses) | B16: =SUM('BALANZA ACUMULADA'!K21) -> 0 | D16: =SUM('BALANZA ACUMULADA'!G21) -> 0 | F16: Participaciones y Aportaciones por Pagar a Corto Plazo | G16: =SUM('BALANZA ACUMULADA'!L94) -> 0 | I16: =SUM('BALANZA ACUMULADA'!H94) -> 0
A17: Fondos con Afectación Específica | B17: =SUM('BALANZA ACUMULADA'!K22) -> 0 | D17: =SUM('BALANZA ACUMULADA'!G22) -> 0 | F17: Transferencias Otorgadas por Pagar a Corto Plazo | G17: =SUM('BALANZA ACUMULADA'!L95) -> 0 | I17: =SUM('BALANZA ACUMULADA'!H95) -> 0
A18: Depósitos de Fondos de Terceros en Garantía y/o Administración | B18: =SUM('BALANZA ACUMULADA'!K23) -> 0 | D18: =SUM('BALANZA ACUMULADA'!G23) -> 0 | F18: Retenciones y Contribuciones por Pagar a Corto Plazo | G18: =SUM('BALANZA ACUMULADA'!L97) -> 167996.06 | I18: =SUM('BALANZA ACUMULADA'!H97) -> 383725.34
A19: Otros Efectivos y Equivalentes | B19: =SUM('BALANZA ACUMULADA'!K24) -> 0 | D19: =SUM('BALANZA ACUMULADA'!G24) -> 0 | F19: Otras Cuentas por Pagar a Corto Plazo | G19: =SUM('BALANZA ACUMULADA'!L99) -> 515.42 | I19: =SUM('BALANZA ACUMULADA'!H99) -> 54.55
A20: Derechos a Recibir Efectivo o Equivalentes | B20: =SUM(B21:B27) -> 0 | D20: =SUM(D21:D27) -> 0 | F20: Documentos por Pagar a Corto Plazo | G20: =SUM(G21) -> 0 | I20: =SUM(I21) -> 0
A21: Inversiones Financieras de Corto Plazo | B21: =SUM('BALANZA ACUMULADA'!K25) -> 0 | D21: =SUM('BALANZA ACUMULADA'!G25) -> 0 | F21: Otros Documentos por Pagar a Corto Plazo | G21: =SUM('BALANZA ACUMULADA'!L102) -> 0 | I21: =SUM('BALANZA ACUMULADA'!H102) -> 0
A22: Cuentas por Cobrar a Corto Plazo | B22: =SUM('BALANZA ACUMULADA'!K26) -> 0 | D22: =SUM('BALANZA ACUMULADA'!G26) -> 0 | F22: Porción a Corto Plazo de la Deuda Pública a Largo Plazo | G22: =SUM(G23:G24) -> 0 | I22: =SUM(I23:I24) -> 0
A23: Deudores Diversos por Cobrar a Corto Plazo | B23: =SUM('BALANZA ACUMULADA'!K27) -> 0 | D23: =SUM('BALANZA ACUMULADA'!G27) -> 0 | F23: Porción a Corto Plazo de la Deuda Pública Interna | G23: =SUM('BALANZA ACUMULADA'!L103) -> 0 | I23: =SUM('BALANZA ACUMULADA'!H103) -> 0
A24: Ingresos por Recuperar a Corto Plazo | B24: =SUM('BALANZA ACUMULADA'!K28) -> 0 | D24: =SUM('BALANZA ACUMULADA'!G28) -> 0 | F24: Porción a Corto Plazo de Arrendamiento Financiero | G24: =SUM('BALANZA ACUMULADA'!L104) -> 0 | I24: =SUM('BALANZA ACUMULADA'!H104) -> 0
A25: Deudores por Anticipos de la Tesorería a Corto Plazo | B25: =SUM('BALANZA ACUMULADA'!K29) -> 0 | D25: =SUM('BALANZA ACUMULADA'!G29) -> 0 | F25: Pasivos Diferidos a Corto Plazo | G25: =SUM(G26:G27) -> 0 | I25: =SUM(I26:I27) -> 0
A26: Préstamos Otorgados a Corto Plazo | B26: =SUM('BALANZA ACUMULADA'!K30) -> 0 | D26: =SUM('BALANZA ACUMULADA'!G30) -> 0 | F26: Ingresos Cobrados por Adelantado a Corto Plazo | G26: =SUM('BALANZA ACUMULADA'!L105) -> 0 | I26: =SUM('BALANZA ACUMULADA'!H105) -> 0
A27: Otros Derechos a Recibir Efectivo o Equivalentes a Corto Plazo | B27: =SUM('BALANZA ACUMULADA'!K31) -> 0 | D27: =SUM('BALANZA ACUMULADA'!G31) -> 0 | F27: Otros Pasivos Diferidos a Corto Plazo | G27: =SUM('BALANZA ACUMULADA'!L107) -> 0 | I27: =SUM('BALANZA ACUMULADA'!H107) -> 0
A28: Derechos a Recibir Bienes o Servicios | B28: =SUM(B29:B33) -> 0 | D28: =SUM(D29:D33) -> 0 | F28: Fondos y Bienes de Terceros en Garantía y/o Administración a Corto Plazo | G28: =SUM(G29:G34) -> 0 | I28: =SUM(I29:I34) -> 0
A29: Anticipo a Proveedores por Adquisición de Bienes y Prestación de Serv. a Corto Plazo | B29: =SUM('BALANZA ACUMULADA'!K32) -> 0 | D29: =SUM('BALANZA ACUMULADA'!G32) -> 0 | F29: Fondos en Garantía a Corto Plazo | G29: =SUM('BALANZA ACUMULADA'!L108) -> 0 | I29: =SUM('BALANZA ACUMULADA'!H108) -> 0
A30: Anticipo a Proveedores por Adquisición de Bienes Inmuebles y Muebles a Corto Plazo | B30: =SUM('BALANZA ACUMULADA'!K33) -> 0 | D30: =SUM('BALANZA ACUMULADA'!G33) -> 0 | F30: Fondos en Administración a Corto Plazo | G30: =SUM('BALANZA ACUMULADA'!L109) -> 0 | I30: =SUM('BALANZA ACUMULADA'!H109) -> 0
A31: Anticipo a Proveedores por Adquisición de Bienes Intangibles a Corto Plazo | B31: =SUM('BALANZA ACUMULADA'!K34) -> 0 | D31: =SUM('BALANZA ACUMULADA'!G34) -> 0 | F31: Fondos Contingentes a Corto Plazo | G31: =SUM('BALANZA ACUMULADA'!L110) -> 0 | I31: =SUM('BALANZA ACUMULADA'!H110) -> 0
A32: Anticipo a Contratistas por Obras Públicas a Corto Plazo | B32: =SUM('BALANZA ACUMULADA'!K35) -> 0 | D32: =SUM('BALANZA ACUMULADA'!G35) -> 0 | F32: Fondos de Fideicomisos, Mandatos y Contratos Análogos a Corto Plazo | G32: =SUM('BALANZA ACUMULADA'!L111) -> 0 | I32: =SUM('BALANZA ACUMULADA'!H111) -> 0
A33: Otros Derechos a Recibir Bienes o Servicios a Corto Plazo | B33: =SUM('BALANZA ACUMULADA'!K36) -> 0 | D33: =SUM('BALANZA ACUMULADA'!G36) -> 0 | F33: Otros Fondos de Terceros en Garantía y/o Administración a Corto Plazo | G33: =SUM('BALANZA ACUMULADA'!L112) -> 0 | I33: =SUM('BALANZA ACUMULADA'!H112) -> 0
A34: Inventarios | B34: =SUM(B35:B37) -> 0 | D34: =SUM(D35:D37) -> 0 | F34: Valores y Bienes en Garantía a Corto Plazo | G34: =SUM('BALANZA ACUMULADA'!L113) -> 0 | I34: =SUM('BALANZA ACUMULADA'!H113) -> 0
A35: Inventario de Mercancías para Venta | B35: =SUM('BALANZA ACUMULADA'!K37) -> 0 | D35: =SUM('BALANZA ACUMULADA'!G37) -> 0 | F35: Provisiones a Corto Plazo | G35: =SUM(G36:G37) -> 0 | I35: =SUM(I36:I37) -> 0
A36: Inventario de Mercancias en Proceso de Elaboracion | B36: =SUM('BALANZA ACUMULADA'!K39) -> 0 | D36: =SUM('BALANZA ACUMULADA'!G39) -> 0 | F36: Provisión para Demandas y Juicios a Corto Plazo | G36: =SUM('BALANZA ACUMULADA'!L114) -> 0 | I36: =SUM('BALANZA ACUMULADA'!H114) -> 0
A37: Bienes en Tránsito | B37: =SUM('BALANZA ACUMULADA'!K41) -> 0 | D37: =SUM('BALANZA ACUMULADA'!G41) -> 0 | F37: Provisión para Contingencias a Corto Plazo | G37: =SUM('BALANZA ACUMULADA'!L115) -> 0 | I37: =SUM('BALANZA ACUMULADA'!H115) -> 0
A38: Almacenes | B38: =SUM(B39) -> 0 | D38: =SUM(D39) -> 0 | F38: Otros Pasivos a Corto Plazo | G38: =SUM(G39:G41) -> 0 | I38: =SUM(I39:I41) -> 0
A39: Almacen de Materiales y Suministros de Consumo | B39: =SUM('BALANZA ACUMULADA'!K42) -> 0 | D39: =SUM('BALANZA ACUMULADA'!G42) -> 0 | F39: Ingresos por Clasificar | G39: =SUM('BALANZA ACUMULADA'!L117) -> 0 | I39: =SUM('BALANZA ACUMULADA'!H117) -> 0
A40: Estimación por Pérdida o Deterioro de Activos Circulantes | B40: =SUM(B41) -> 0 | D40: =SUM(D41) -> 0 | F40: Recaudación por Participar | G40: =SUM('BALANZA ACUMULADA'!L118) -> 0 | I40: =SUM('BALANZA ACUMULADA'!H118) -> 0
A41: Estimaciones para cuentas incobrables por Derechos a Recibir Efectivo o Equivalentes | B41: =-'BALANZA ACUMULADA'!L43 -> 0 | D41: =-'BALANZA ACUMULADA'!H43 -> 0 | F41: Otros Pasivos Circulantes | G41: =SUM('BALANZA ACUMULADA'!L119) -> 0 | I41: =SUM('BALANZA ACUMULADA'!H119) -> 0
A42: Otros Activos Circulantes | B42: =SUM(B43:B44) -> 0 | D42: =SUM(D43:D44) -> 0
A43: Valores en Garantía | B43: =SUM('BALANZA ACUMULADA'!K45) -> 0 | D43: =SUM('BALANZA ACUMULADA'!G45) -> 0 | F43: Total de Pasivos Circulantes | G43: =SUM(G38+G35+G28+G22+G25+G20+G12) -> 360402.69 | I43: =SUM(I38+I35+I28+I22+I25+I20+I12) -> 692783.48
A44: Adquisición con Fondos de Terceros | B44: =SUM('BALANZA ACUMULADA'!K48) -> 0 | D44: =SUM('BALANZA ACUMULADA'!G48) -> 0
A46: Total de Activos Circulantes | B46: =SUM(B12+B20+B28+B34+B38+B40+B42) -> 3107131 | D46: =SUM(D12+D20+D28+D34+D38+D40+D42) -> 828319.93 | F46: Pasivo No Circulante
F48: Cuentas por Pagar a Largo Plazo | G48: =SUM(G49:G50) -> 0 | I48: =SUM(I49:I50) -> 0
A49: Activo No Circulante | F49: Proveedores por Pagar a Largo Plazo | G49: =SUM('BALANZA ACUMULADA'!L120) -> 0 | I49: =SUM('BALANZA ACUMULADA'!H120) -> 0
A50: Inversiones Financieras a Largo Plazo | B50: =SUM(B51:B54) -> 0 | D50: =SUM(D51:D54) -> 0 | F50: Contratistas por Obras Públicas por Pagar a Largo Plazo | G50: =SUM('BALANZA ACUMULADA'!L121) -> 0 | I50: =SUM('BALANZA ACUMULADA'!H121) -> 0
A51: Inversiones a Largo Plazo | B51: =SUM('BALANZA ACUMULADA'!K49) -> 0 | D51: =SUM('BALANZA ACUMULADA'!G49) -> 0 | F51: Documentos por Pagar a Largo Plazo | G51: =SUM(G52) -> 0 | I51: =SUM(I52) -> 0
A52: Títulos y Valores a Largo Plazo | B52: =SUM('BALANZA ACUMULADA'!K50) -> 0 | D52: =SUM('BALANZA ACUMULADA'!G50) -> 0 | F52: Otros Documentos por Pagar a Largo Plazo | G52: =SUM('BALANZA ACUMULADA'!L122) -> 0 | I52: =SUM('BALANZA ACUMULADA'!H122) -> 0
A53: Fideicomisos, Mandatos y Contratos Análogos | B53: =SUM('BALANZA ACUMULADA'!K51) -> 0 | D53: =SUM('BALANZA ACUMULADA'!G51) -> 0 | F53: Deuda Pública a Largo Plazo | G53: =SUM(G54:G55) -> 0 | I53: =SUM(I54:I55) -> 0
A54: Participaciones y Aportaciones de Capital | B54: =SUM('BALANZA ACUMULADA'!K52) -> 0 | D54: =SUM('BALANZA ACUMULADA'!G52) -> 0 | F54: Préstamos de la Deuda Pública Interna por Pagar a Largo Plazo | G54: =SUM('BALANZA ACUMULADA'!L123) -> 0 | I54: =SUM('BALANZA ACUMULADA'!H123) -> 0
A55: Derechos a Recibir Efectivo o Equivalentes a Largo Plazo | B55: =SUM(B56:B60) -> 0 | D55: =SUM(D56:D60) -> 0 | F55: Arrendamiento Financiero por Pagar a Largo Plazo | G55: =SUM('BALANZA ACUMULADA'!L124) -> 0 | I55: =SUM('BALANZA ACUMULADA'!H124) -> 0
A56: Documentos por Cobrar a Largo Plazo | B56: =SUM('BALANZA ACUMULADA'!K53) -> 0 | D56: =SUM('BALANZA ACUMULADA'!G53) -> 0 | F56: Pasivos Diferidos a Largo Plazo | G56: =SUM(G57:G58) -> 0 | I56: =SUM(I57:I58) -> 0
A57: Deudores Diversos a Largo Plazo | B57: =SUM('BALANZA ACUMULADA'!K54) -> 0 | D57: =SUM('BALANZA ACUMULADA'!G54) -> 0 | F57: Intereses Cobrados por Adelantado a Largo Plazo | G57: =SUM('BALANZA ACUMULADA'!L125) -> 0 | I57: =SUM('BALANZA ACUMULADA'!H125) -> 0
A58: Ingresos por Recuperar a Largo Plazo | B58: =SUM('BALANZA ACUMULADA'!K55) -> 0 | D58: =SUM('BALANZA ACUMULADA'!G55) -> 0 | F58: Otros Pasivos Diferidos a Largo Plazo | G58: =SUM('BALANZA ACUMULADA'!L126) -> 0 | I58: =SUM('BALANZA ACUMULADA'!H126) -> 0
A59: Préstamos Otorgados a Largo Plazo | B59: =SUM('BALANZA ACUMULADA'!K56) -> 0 | D59: =SUM('BALANZA ACUMULADA'!G56) -> 0 | F59: Fondos y Bienes de Terceros en Garantía y/o Administración a Largo Plazo | G59: =SUM(G60:G65) -> 0 | I59: =SUM(I60:I65) -> 0
A60: Otros Derechos a Recibir Efectivo o Equivalentes a Largo Plazo | B60: =SUM('BALANZA ACUMULADA'!K57) -> 0 | D60: =SUM('BALANZA ACUMULADA'!G57) -> 0 | F60: Fondos en Garantía a Largo Plazo | G60: =SUM('BALANZA ACUMULADA'!L127) -> 0 | I60: =SUM('BALANZA ACUMULADA'!H127) -> 0
A61: Bienes Inmuebles, Infraestructura y Construcciones en Proceso | B61: =SUM(B62:B67) -> 0 | D61: =SUM(D62:D67) -> 0 | F61: Fondos en Administración a Largo Plazo | G61: =SUM('BALANZA ACUMULADA'!L128) -> 0 | I61: =SUM('BALANZA ACUMULADA'!H128) -> 0
A62: Terrenos | B62: =SUM('BALANZA ACUMULADA'!K58) -> 0 | D62: =SUM('BALANZA ACUMULADA'!G58) -> 0 | F62: Fondos Contingentes a Largo Plazo | G62: =SUM('BALANZA ACUMULADA'!L129) -> 0 | I62: =SUM('BALANZA ACUMULADA'!H129) -> 0
A63: Edificios no Habitacionales | B63: =SUM('BALANZA ACUMULADA'!K59) -> 0 | D63: =SUM('BALANZA ACUMULADA'!G59) -> 0 | F63: Fondos de Fideicomisos, Mandatos y Contratos Análogos a Largo Plazo | G63: =SUM('BALANZA ACUMULADA'!L130) -> 0 | I63: =SUM('BALANZA ACUMULADA'!H130) -> 0
A64: Infraestructura | B64: =SUM('BALANZA ACUMULADA'!K60) -> 0 | D64: =SUM('BALANZA ACUMULADA'!G60) -> 0 | F64: Otros Fondos de Terceros en Garantía y/o Administración a Largo Plazo | G64: =SUM('BALANZA ACUMULADA'!L131) -> 0 | I64: =SUM('BALANZA ACUMULADA'!H131) -> 0
A65: Construcciones en Proceso en Bienes de Dominio Público | B65: =SUM('BALANZA ACUMULADA'!K61) -> 0 | D65: =SUM('BALANZA ACUMULADA'!G61) -> 0 | F65: Valores y Bienes en Garantía a Largo Plazo | G65: =SUM('BALANZA ACUMULADA'!L132) -> 0 | I65: =SUM('BALANZA ACUMULADA'!H132) -> 0
A66: Construcciones en Proceso en Bienes Propios | B66: =SUM('BALANZA ACUMULADA'!K62) -> 0 | D66: =SUM('BALANZA ACUMULADA'!G62) -> 0 | F66: Provisiones a Largo Plazo | G66: =SUM(G67:G70) -> 0 | I66: =SUM(I67:I70) -> 0
A67: Otros Bienes Inmuebles | B67: =SUM('BALANZA ACUMULADA'!K63) -> 0 | D67: =SUM('BALANZA ACUMULADA'!G63) -> 0 | F67: Provisión para Demandas y Juicios a Largo Plazo | G67: =SUM('BALANZA ACUMULADA'!L133) -> 0 | I67: =SUM('BALANZA ACUMULADA'!H133) -> 0
A68: Bienes Muebles | B68: =SUM(B69:B76) -> 0 | D68: =SUM(D69:D76) -> 0 | F68: Provisión para Pensiones a Largo Plazo | G68: =SUM('BALANZA ACUMULADA'!L134) -> 0 | I68: =SUM('BALANZA ACUMULADA'!H134) -> 0
A69: Mobiliario y Equipo de Administración | B69: =SUM('BALANZA ACUMULADA'!K64) -> 0 | D69: =SUM('BALANZA ACUMULADA'!G64) -> 0 | F69: Provisión para Contingencias a Largo Plazo | G69: =SUM('BALANZA ACUMULADA'!L135) -> 0 | I69: =SUM('BALANZA ACUMULADA'!H135) -> 0
A70: Mobiliario y Equipo Educacional y Recreativo | B70: =SUM('BALANZA ACUMULADA'!K65) -> 0 | D70: =SUM('BALANZA ACUMULADA'!G65) -> 0 | F70: Otras Provisiones a Largo Plazo | G70: =SUM('BALANZA ACUMULADA'!L136) -> 0 | I70: =SUM('BALANZA ACUMULADA'!H136) -> 0
A71: Equipo e Instrumental Médico y de Laboratorio | B71: =SUM('BALANZA ACUMULADA'!K66) -> 0 | D71: =SUM('BALANZA ACUMULADA'!G66) -> 0
A72: Vehículos y Equipo de Transporte | B72: =SUM('BALANZA ACUMULADA'!K67) -> 0 | D72: =SUM('BALANZA ACUMULADA'!G67) -> 0 | F72: Total de Pasivos No Circulantes | G72: =SUM(G66+G59+G56+G53+G51+G48) -> 0 | I72: =SUM(I66+I59+I56+I53+I51+I48) -> 0
A73: Equipo de Defensa y Seguridad | B73: =SUM('BALANZA ACUMULADA'!K68) -> 0 | D73: =SUM('BALANZA ACUMULADA'!G68) -> 0
A74: Maquinaria, Otros Equipos y Herramientas | B74: =SUM('BALANZA ACUMULADA'!K69) -> 0 | D74: =SUM('BALANZA ACUMULADA'!G69) -> 0 | F74: Total del Pasivo | G74: =SUM(G72+G43) -> 360402.69 | I74: =SUM(I72+I43) -> 692783.48
A75: Colecciones, Obras de Arte y Objetos Valiosos | B75: =SUM('BALANZA ACUMULADA'!K70) -> 0 | D75: =SUM('BALANZA ACUMULADA'!G70) -> 0
A76: Activos Biológicos | B76: =SUM('BALANZA ACUMULADA'!K71) -> 0 | D76: =SUM('BALANZA ACUMULADA'!G71) -> 0 | F76: HACIENDA PÚBLICA/PATRIMONIO
A77: Activos Intangibles | B77: =SUM(B78:B82) -> 0 | D77: =SUM(D78:D82) -> 0
A78: Software | B78: =SUM('BALANZA ACUMULADA'!K72) -> 0 | D78: =SUM('BALANZA ACUMULADA'!G72) -> 0 | F78: Hacienda Pública/Patrimonio Contribuido | G78: =SUM(G80+G82+G84) -> 0 | I78: =SUM(I80+I82+I84) -> 0
A79: Patentes, Marcas y Derechos | B79: =SUM('BALANZA ACUMULADA'!K73) -> 0 | D79: =SUM('BALANZA ACUMULADA'!G73) -> 0
A80: Concesiones y Franquicias | B80: =SUM('BALANZA ACUMULADA'!K74) -> 0 | D80: =SUM('BALANZA ACUMULADA'!G74) -> 0 | F80: Aportaciones | G80: =SUM(G81) -> 0 | I80: =SUM(I81) -> 0
A81: Licencias | B81: =SUM('BALANZA ACUMULADA'!K75) -> 0 | D81: =SUM('BALANZA ACUMULADA'!G75) -> 0 | F81: Aportaciones | G81: =SUM('BALANZA ACUMULADA'!L137) -> 0 | I81: =SUM('BALANZA ACUMULADA'!H137) -> 0
A82: Otros Activos Intangibles | B82: =SUM('BALANZA ACUMULADA'!K76) -> 0 | D82: =SUM('BALANZA ACUMULADA'!G76) -> 0 | F82: Donaciones de Capital | G82: =SUM(G83) -> 0 | I82: =SUM(I83) -> 0
A83: Depreciación, Deterioro y Amortización Acumulada de Bienes | B83: =SUM(B84:B87) -> 0 | D83: =SUM(D84:D87) -> 0 | F83: Donaciones de Capital | G83: =SUM('BALANZA ACUMULADA'!L138) -> 0 | I83: =SUM('BALANZA ACUMULADA'!H138) -> 0
A84: Depreciacion Acumulada de Bienes Inmuebles | B84: =-'BALANZA ACUMULADA'!L77 -> 0 | D84: =-'BALANZA ACUMULADA'!H77 -> 0 | F84: Actualización de la Hacienda Pública / Patrimonio | G84: =SUM(G85) -> 0 | I84: =SUM(I85) -> 0
A85: Depreciacion Acumulada de Infraestructura | B85: =-'BALANZA ACUMULADA'!L78 -> 0 | D85: =-'BALANZA ACUMULADA'!H78 -> 0 | F85: Actualización de la Hacienda Pública / Patrimonio | G85: =SUM('BALANZA ACUMULADA'!L139) -> 0 | I85: =SUM('BALANZA ACUMULADA'!H139) -> 0
A86: Depreciacion Acumulada de Bienes Muebles | B86: =-'BALANZA ACUMULADA'!L79 -> 0 | D86: =-'BALANZA ACUMULADA'!H79 -> 0
A87: Amortización Acumulada de Activos Intangibles | B87: =-'BALANZA ACUMULADA'!L80 -> 0 | D87: =-'BALANZA ACUMULADA'!H80 -> 0 | F87: Hacienda Pública/Patrimonio Generado | G87: =SUM(G89+G91+G93+G97+G100) -> 2746728.3 | I87: =SUM(I89+I91+I93+I97+I100) -> 135536.45
A88: Activos Diferidos | B88: =SUM(B89:B94) -> 0 | D88: =SUM(D89:D94) -> 0
A89: Estudios, Formulación y Evaluación de Proyectos | B89: =SUM('BALANZA ACUMULADA'!K81) -> 0 | D89: =SUM('BALANZA ACUMULADA'!G81) -> 0 | F89: Resultados del Ejercicio (Ahorro/Desahorro) | G89: =SUM(G90) -> 2611191.9 | I89: =SUM(I90) -> 135536.45
A90: Derechos sobre Bienes en Régimen de Arrendamiento Financiero | B90: =SUM('BALANZA ACUMULADA'!K82) -> 0 | D90: =SUM('BALANZA ACUMULADA'!G82) -> 0 | F90: Resultados del Ejercicio (Ahorro/Desahorro) | G90: =SUM('3.EA'!H74) -> 2611191.9 | I90: =SUM('BALANZA ACUMULADA'!H140-'BALANZA ACUMULADA'!G140) -> 135536.45
A91: Gastos Pagados por Adelantado a Largo Plazo | B91: =SUM('BALANZA ACUMULADA'!K83) -> 0 | D91: =SUM('BALANZA ACUMULADA'!G83) -> 0 | F91: Resultados de Ejercicios Anteriores | G91: =SUM(G92) -> 135536.45 | I91: =SUM(I92) -> 0
A92: Anticipos a Largo Plazo | B92: =SUM('BALANZA ACUMULADA'!K84) -> 0 | D92: =SUM('BALANZA ACUMULADA'!G84) -> 0 | F92: Resultados de Ejercicios Anteriores | G92: =SUM('BALANZA ACUMULADA'!L141) -> 135536.45 | I92: =SUM('BALANZA ACUMULADA'!H141) -> 0
A93: Beneficios al Retiro de Empleados Pagados por Adelantado | B93: =SUM('BALANZA ACUMULADA'!K85) -> 0 | D93: =SUM('BALANZA ACUMULADA'!G85) -> 0 | F93: Revalúos | G93: =SUM(G94:G96) -> 0 | I93: =SUM(I94:I96) -> 0
A94: Otros Activos Diferidos | B94: =SUM('BALANZA ACUMULADA'!K86) -> 0 | D94: =SUM('BALANZA ACUMULADA'!G86) -> 0 | F94: Revalúo de Bienes Inmuebles | G94: =SUM('BALANZA ACUMULADA'!L142) -> 0 | I94: =SUM('BALANZA ACUMULADA'!H142) -> 0
A95: Estimación por Pérdida o Deterioro de Activos no Circulantes | B95: =SUM(B96:B97) -> 0 | D95: =SUM(D96:D97) -> 0 | F95: Revalúo de Bienes Muebles | G95: =SUM('BALANZA ACUMULADA'!L143) -> 0 | I95: =SUM('BALANZA ACUMULADA'!H143) -> 0
A96: Estimaciones por Pérdida de Cuentas Incobrables de Documentos por Cobrar a Largo Plazo | B96: =-'BALANZA ACUMULADA'!L87 -> 0 | D96: =-'BALANZA ACUMULADA'!H87 -> 0 | F96: Revalúo de Bienes Intangibles | G96: =SUM('BALANZA ACUMULADA'!L144) -> 0 | I96: =SUM('BALANZA ACUMULADA'!H144) -> 0
A97: Estimaciones por Pérdida de Cuentas Incobrables de Deudores Diversos por Cobrar a Largo Plazo | B97: =-'BALANZA ACUMULADA'!L88 -> 0 | D97: =-'BALANZA ACUMULADA'!H88 -> 0 | F97: Reservas | G97: =SUM(G98:G99) -> 0 | I97: =SUM(I98:I99) -> 0
F98: Reservas de Patrimonio | G98: =SUM('BALANZA ACUMULADA'!L145) -> 0 | I98: =SUM('BALANZA ACUMULADA'!H145) -> 0
A99: Otros Activos no Circulantes | B99: =SUM(B100:B101) -> 0 | D99: =SUM(D100:D101) -> 0 | F99: Reservas por Contingencias | G99: =SUM('BALANZA ACUMULADA'!L146) -> 0 | I99: =SUM('BALANZA ACUMULADA'!H146) -> 0
A100: Bienes en Arrendamiento Financiero | B100: =SUM('BALANZA ACUMULADA'!K89) -> 0 | D100: =SUM('BALANZA ACUMULADA'!G89) -> 0 | F100: Rectificaciones de Resultados de Ejercicios Anteriores | G100: =SUM(G101:G102) -> 0 | I100: =SUM(I101:I102) -> 0
A101: Bienes en Comodato | B101: =SUM('BALANZA ACUMULADA'!K90) -> 0 | D101: =SUM('BALANZA ACUMULADA'!G90) -> 0 | F101: Cambios por Políticas Contables | G101: =SUM('BALANZA ACUMULADA'!L147) -> 0 | I101: =SUM('BALANZA ACUMULADA'!H147) -> 0
F102: Cambios por Errores Contables | G102: =SUM('BALANZA ACUMULADA'!L148) -> 0 | I102: =SUM('BALANZA ACUMULADA'!H148) -> 0
F104: Exceso o Insuficiencia en la Actualización de la Hacienda Pública/Patrimonio | G104: =SUM(G106+G108) -> 0 | I104: =SUM(I106+I108) -> 0
F106: Resultado por Posición Monetaria | G106: =SUM(G107) -> 0 | I106: =SUM(I107) -> 0
...

Sheet 3.EA
A1: GOBIERNO CONSTITUCIONAL DEL ESTADO DE CHIAPAS
A2: ='1.ESF (Rubros)'!A2:I2 -> SECRETARIA EJECUTIVA DEL SISTEMA ANTICORRUPCION DEL ESTADO DE CHIAPAS
A4: SISTEMA CONTABLE 2020
A5: ESTADO DE ACTIVIDADES
A6: ='BALANZA ACUMULADA'!A12:F12 -> DEL 1 DE ENERO AL 31 DE MARZO DE 2021
J7: Página 1 de 1
H8: Fecha: | J8: ='1.ESF (Rubros)'!I8 -> 44314
H9: 2020 | J9: 2019
B11: INGRESOS Y OTROS BENEFICIOS
B13: Ingresos de Gestión | L13: Nota: Capturar de forma manual las cifras de la columna 2019, el cual debe tomar los datos de la cuenta pública del cierre 2019.
C14: Impuestos | H14: =SUM('BALANZA ACUMULADA'!L153:L159) -> 0
C15: Cuotas y Aportaciones de Seguridad Social | H15: =SUM('BALANZA ACUMULADA'!L160) -> 0
C16: Contribuciones de Mejoras | H16: =SUM('BALANZA ACUMULADA'!L161) -> 0
C17: Derechos | H17: =SUM('BALANZA ACUMULADA'!L162:L165) -> 0
C18: Productos | H18: =SUM('BALANZA ACUMULADA'!L166:L167) -> 0
C19: Aprovechamientos | H19: =SUM('BALANZA ACUMULADA'!L168:L175) -> 0
C20: Ingresos por Venta de Bienes y Prestación de Servicios | H20: =SUM('BALANZA ACUMULADA'!L176:L180) -> 0
B22: Participaciones, Aportaciones, Convenios, Incentivos Derivados de la Colaboración Fiscal, Fondos Distintos de Aportaciones, Transferencias, Asignaciones, Subsidios y Subvenciones, y Pensiones y Jubilaciones
C23: Participaciones, Aportaciones, Convenios, Incentivos Derivados de la Colaboración Fiscal y Fondos Distintos
C24: de Aportaciones
C25: Transferencias, Asignaciones, Subsidios y Subvenciones, y Pensiones y Jubilaciones | H25: =SUM('BALANZA ACUMULADA'!L186:L188)+'BALANZA ACUMULADA'!L150 -> 6343930.1 | J25: 7343321.8
B27: Otros Ingresos y Beneficios
C28: Ingresos Financieros | H28: =SUM('BALANZA ACUMULADA'!L189:L190) -> 0
C29: Incremento por Variación de Inventarios | H29: =SUM('BALANZA ACUMULADA'!L191:L195) -> 0
C30: Disminución del Exceso de Estimaciones por Pérdida o Deterioro u Obsolescencia
C31: Disminución del Exceso de Provisiones
C32: Otros Ingresos y Beneficios Varios | H32: =SUM('BALANZA ACUMULADA'!L198:L200) -> 0
B34: Total de Ingresos y Otros Beneficios | H34: =SUM(H14:H32) -> 6343930.1 | J34: =SUM(J14:J32) -> 7343321.8
B36: GASTOS Y OTRAS PÉRDIDAS
B38: Gastos de Funcionamiento
C39: Servicios Personales | H39: 1740885.8 | J39: 2007953.4
C40: Materiales y Suministros | H40: 182700.1 | J40: 427649.87
C41: Servicios Generales | H41: 1809152.3 | J41: 4725404.9
B42: Transferencias, Asignaciones, Subsidios y Otras Ayudas
C43: Transferencias Internas y Asignaciones al Sector Público | H43: =SUM('BALANZA ACUMULADA'!K225:K226) -> 0
C44: Transferencias al Resto del Sector Público | H44: =SUM('BALANZA ACUMULADA'!K227:K228) -> 0
C45: Subsidios y Subvenciones | J45: 46781.16
C46: Ayudas Sociales | H46: =SUM('BALANZA ACUMULADA'!K230:K233) -> 0
C47: Pensiones y Jubilaciones | H47: =SUM('BALANZA ACUMULADA'!K234:K236) -> 0
C48: Transferencias a Fideicomisos, Mandatos y Contratos Análogos | H48: =SUM('BALANZA ACUMULADA'!K237) -> 0
C49: Transferencias a la Seguridad Social | H49: =SUM('BALANZA ACUMULADA'!K238) -> 0
C50: Donativos | H50: =SUM('BALANZA ACUMULADA'!K239:K243) -> 0
C51: Transferencias al Exterior | H51: =SUM('BALANZA ACUMULADA'!K244:K245) -> 0
B52: Participaciones y Aportaciones
C53: Participaciones | H53: =SUM('BALANZA ACUMULADA'!K246) -> 0
C54: Aportaciones | H54: =SUM('BALANZA ACUMULADA'!K247) -> 0
C55: Convenios | H55: =SUM('BALANZA ACUMULADA'!K248) -> 0
B56: Intereses, Comisiones y Otros Gastos de la Deuda Pública
C57: Intereses de la Deuda Pública | H57: =SUM('BALANZA ACUMULADA'!K249) -> 0
C58: Comisiones de la Deuda Pública | H58: =SUM('BALANZA ACUMULADA'!K250) -> 0
C59: Gastos de la Deuda Pública | H59: =SUM('BALANZA ACUMULADA'!K251) -> 0
C60: Costo por Coberturas | H60: =SUM('BALANZA ACUMULADA'!K252) -> 0
C61: Apoyos Financieros | H61: =SUM('BALANZA ACUMULADA'!K253:K254) -> 0
B62: Otros Gastos y Pérdidas Extraordinarias
C63: Estimaciones, Depreciaciones, Deterioros, Obsolescencia y Amortizaciones | H63: =SUM('BALANZA ACUMULADA'!K255:K259) -> 0
C64: Provisiones | H64: =SUM('BALANZA ACUMULADA'!K260) -> 0
C65: Disminución de Inventarios | H65: =SUM('BALANZA ACUMULADA'!K261) -> 0
C66: Aumento por Insuficiencia de Estimaciones por Pérdida o Deterioro u Obsolescencia | H66: =SUM('BALANZA ACUMULADA'!K262) -> 0
C67: Aumento por Insuficiencia de Provisiones | H67: =SUM('BALANZA ACUMULADA'!K263) -> 0
C68: Otros Gastos | H68: =SUM('BALANZA ACUMULADA'!K264:K268)+'BALANZA ACUMULADA'!K149+'BALANZA ACUMULADA'!K140+'BALANZA ACUMULADA'!L140 -> 0
B69: Inversión Pública
C70: Inversión Pública no Capitalizable | H70: =SUM('BALANZA ACUMULADA'!K269) -> 0
B72: Total de Gastos y Otras Pérdidas | H72: =SUM(H39:H70) -> 3732738.2 | J72: =SUM(J39:J70) -> 7207789.4
B74: Resultados del Ejercicio (Ahorro/Desahorro) | H74: =SUM(H34-H72) -> 2611191.9 | J74: =SUM(J34-J72) -> 135532.45
B81: NOMBRE | G81: NOMBRE
B82: PUESTO | G82: PUESTO
A84: “Bajo protesta de decir verdad declaramos que los Estados Financieros y sus notas, son razonablemente correctos y son responsabilidad del emisor”.
H85: =SUM(B71-H71) -> 0

Sheet 4.EVHP-P
A1: GOBIERNO CONSTITUCIONAL DEL ESTADO DE CHIAPAS
A2: ='1.ESF (Rubros)'!A2:I2 -> SECRETARIA EJECUTIVA DEL SISTEMA ANTICORRUPCION DEL ESTADO DE CHIAPAS
A4: SISTEMA CONTABLE 2020
A5: ESTADO DE VARIACIÓN EN LA HACIENDA PÚBLICA
A6: ='3.EA'!A6 -> DEL 1 DE ENERO AL 31 DE MARZO DE 2021
G7: Página 1 de 1
F8: Fecha: | G8: ='1.ESF (Rubros)'!I8 -> 44314
A9: CONCEPTO | B9: HACIENDA PÚBLICA/ PATRIMONIO CONTRIBUIDO | D9: HACIENDA PÚBLICA/ PATRIMONIO GENERADO DE EJERCICIOS ANTERIORES | E9: HACIENDA PÚBLICA/ PATRIMONIO GENERADO DEL EJERCICIO | F9: EXCESO O INSUFICIENCIA EN LA ACTUALIZACIÓN DE LA HACIENDA PÚBLICA / PATRIMONIO | G9: TOTAL
A12: Hacienda Pública / Patrimonio Contribuido Neto de 2019 | B12: =SUM(B13:C15) -> 0 | D12: =SUM(D13:D15) -> 0 | E12: =SUM(E13:E15) -> 0 | F12: =SUM(F13:F15) -> 0 | G12: =SUM(G13:G15) -> 0
A13: Aportaciones | B13: =SUM('1.ESF (Rubros)'!I42) -> 0 | G13: =SUM(B13:F13) -> 0
A14: Donaciones de Capital | B14: =SUM('1.ESF (Rubros)'!I43) -> 0 | G14: =SUM(B14:F14) -> 0
A15: Actualización de la Hacienda Pública/Patrimonio | B15: =SUM('1.ESF (Rubros)'!I44) -> 0 | G15: =SUM(B15:F15) -> 0
A17: Hacienda Pública / Patrimonio Generado Neto de 2019 | D17: =SUM(D18:D22) -> 0 | E17: =SUM(E18:E22) -> 135536.45 | F17: =SUM(F18:F22) -> 0 | G17: =SUM(G18:G22) -> 135536.45
A18: Resultados del Ejercicio (Ahorro/Desahorro) | E18: =SUM('1.ESF (Rubros)'!I49) -> 135536.45 | G18: =SUM(B18:F18) -> 135536.45
A19: Resultados de Ejercicios Anteriores | D19: =SUM('1.ESF (Rubros)'!I50) -> 0 | G19: =SUM(B19:F19) -> 0
A20: Revalúos | D20: =SUM('1.ESF (Rubros)'!I51) -> 0 | G20: =SUM(B20:F20) -> 0
A21: Reservas | D21: =SUM('1.ESF (Rubros)'!I52) -> 0 | G21: =SUM(B21:F21) -> 0
A22: Rectificaciones de Resultados de Ejercicios Anteriores | D22: =SUM('1.ESF (Rubros)'!I53) -> 0 | G22: =SUM(B22:F22) -> 0
A24: Exceso o Insuficiencia en la Actualización de la Hacienda Pública / Patrimonio Neto de 2019 | F24: =SUM(F25:F26) -> 0 | G24: =SUM(G25:G26) -> 0
A25: Resultado por Posición Monetaria | F25: =SUM('1.ESF (Rubros)'!I57) -> 0 | G25: =SUM(B25:F25) -> 0
A26: Resultado por Tenencia de Activos no Monetarios | F26: =SUM('1.ESF (Rubros)'!I58) -> 0 | G26: =SUM(B26:F26) -> 0
A28: Hacienda Pública / Patrimonio Neto Final de 2019 | B28: =SUM(B12+B17+B24) -> 0 | D28: =SUM(D12+D17+D24) -> 0 | E28: =SUM(E12+E17+E24) -> 135536.45 | F28: =SUM(F12+F17+F24) -> 0 | G28: =SUM(G12+G17+G24) -> 135536.45
A30: Cambios en la Hacienda Pública / Patrimonio Contribuido Neto de 2020 | B30: =SUM(B31:C33) -> 0 | G30: =SUM(G31:G33) -> 0
A31: Aportaciones | B31: =SUM('1.ESF (Rubros)'!G42-'1.ESF (Rubros)'!I42) -> 0 | G31: =SUM(B31:F31) -> 0
A32: Donaciones de Capital | B32: =SUM('1.ESF (Rubros)'!G43-'1.ESF (Rubros)'!I43) -> 0 | G32: =SUM(B32:F32) -> 0
A33: Actualización de la Hacienda Pública/Patrimonio | B33: =SUM('1.ESF (Rubros)'!G44-'1.ESF (Rubros)'!I44) -> 0 | G33: =SUM(B33:F33) -> 0
A35: Variaciones de la Hacienda Pública / Patrimonio Generado Neto de 2020 | D35: =SUM(D36:D39) -> 135536.45 | E35: =SUM(E36:E40) -> 2475655.4 | F35: =SUM(F36:F39) -> 0 | G35: =SUM(G36:G40) -> 2611191.9
A36: Resultados del Ejercicio (Ahorro/Desahorro) | E36: =SUM('1.ESF (Rubros)'!G49) -> 2611191.9 | G36: =SUM(E36:F36) -> 2611191.9
A37: Resultados de Ejercicios Anteriores | D37: =SUM('1.ESF (Rubros)'!G50-'1.ESF (Rubros)'!I50) -> 135536.45 | E37: =-'1.ESF (Rubros)'!I49 -> -135536.45 | G37: =SUM(D37:F37) -> 0
A38: Revalúos | E38: =SUM('1.ESF (Rubros)'!G51-'1.ESF (Rubros)'!I51) -> 0 | G38: =SUM(E38:F38) -> 0
A39: Reservas | E39: =SUM('1.ESF (Rubros)'!G52-'1.ESF (Rubros)'!I52) -> 0 | G39: =SUM(E39:F39) -> 0
A40: Rectificaciones de Resultados de Ejercicios Anteriores | E40: =SUM('1.ESF (Rubros)'!G53-'1.ESF (Rubros)'!I53) -> 0 | G40: =SUM(E40:F40) -> 0
A42: Cambios en el Exceso o Insuficiencia en la Actualización de la Hacienda Pública / Patrimonio Neto de 2020 | F42: =SUM(F43:F44) -> 0 | G42: =SUM(G43:G44) -> 0
A43: Resultado por Posición Monetaria | F43: =SUM('1.ESF (Rubros)'!G57-'1.ESF (Rubros)'!I57) -> 0 | G43: =SUM(E43:F43) -> 0
A44: Resultado por Tenencia de Activos no Monetarios | F44: =SUM('1.ESF (Rubros)'!G58-'1.ESF (Rubros)'!I58) -> 0 | G44: =SUM(D44:F44) -> 0
A46: Hacienda Pública / Patrimonio Neto Final de 2020 | B46: =SUM(B28+B30+B35+B42) -> 0 | D46: =SUM(D28+D30+D35+D42) -> 135536.45 | E46: =SUM(E28+E30+E35+E42) -> 2611191.9 | F46: =SUM(F28+F30+F35+F42) -> 0 | G46: =SUM(G28+G30+G35+G42) -> 2746728.3
A57: NOMBRE | D57: NOMBRE
A58: PUESTO | D58: PUESTO
A62: “Bajo protesta de decir verdad declaramos que los Estados Financieros y sus notas, son razonablemente correctos y son responsabilidad del emisor”.

Sheet 5.ECSF
A1: GOBIERNO CONSTITUCIONAL DEL ESTADO DE CHIAPAS
A2: ='1.ESF (Rubros)'!A2:I2 -> SECRETARIA EJECUTIVA DEL SISTEMA ANTICORRUPCION DEL ESTADO DE CHIAPAS
A4: SISTEMA CONTABLE 2020
A5: ESTADO DE CAMBIOS EN LA SITUACIÓN FINANCIERA
A6: ='3.EA'!A6 -> DEL 1 DE ENERO AL 31 DE MARZO DE 2021
K7: Página 1 de 1
I8: Fecha: | K8: ='1.ESF (Rubros)'!I8 -> 44314
I9: ORIGEN | K9: APLICACIÓN
B12: ACTIVO | F12: 2020 | G12: 2019
N13: Nota: De las columnas de Origen y Aplicación, eliminar únicamente las cifras presentadas en negativo.
B14: Activo Circulante
B15: 0
B16: Efectivo y Equivalentes | F16: =SUM('1.ESF (Rubros)'!B12) -> 3107131 | G16: =SUM('1.ESF (Rubros)'!D12) -> 828319.93 | K16: =SUM(F16-G16) -> 2278811.1
B17: Derechos a Recibir Efectivo o Equivalentes | F17: =SUM('1.ESF (Rubros)'!B13) -> 0 | G17: =SUM('1.ESF (Rubros)'!D13) -> 0 | I17: =SUM(G17-F17) -> 0 | K17: =SUM(F17-G17) -> 0
B18: Derechos a Recibir Bienes o Servicios | F18: =SUM('1.ESF (Rubros)'!B14) -> 0 | G18: =SUM('1.ESF (Rubros)'!D14) -> 0 | I18: =SUM(G18-F18) -> 0 | K18: =SUM(F18-G18) -> 0
B19: Inventarios | F19: =SUM('1.ESF (Rubros)'!B15) -> 0 | G19: =SUM('1.ESF (Rubros)'!D15) -> 0 | I19: =SUM(G19-F19) -> 0 | K19: =SUM(F19-G19) -> 0
B20: Almacenes | F20: =SUM('1.ESF (Rubros)'!B16) -> 0 | G20: =SUM('1.ESF (Rubros)'!D16) -> 0 | I20: =SUM(G20-F20) -> 0 | K20: =SUM(F20-G20) -> 0
B21: Estimación por Pérdida o Deterioro de Activos Circulantes | F21: =SUM('1.ESF (Rubros)'!B17) -> 0 | G21: =SUM('1.ESF (Rubros)'!D17) -> 0 | I21: =SUM(G21-F21) -> 0 | K21: =SUM(F21-G21) -> 0
B22: Otros Activos Circulantes | F22: =SUM('1.ESF (Rubros)'!B18) -> 0 | G22: =SUM('1.ESF (Rubros)'!D18) -> 0 | I22: =SUM(G22-F22) -> 0 | K22: =SUM(F22-G22) -> 0
B23: 0
B24: Activo No Circulante
B25: 0
B26: Inversiones Financieras a Largo Plazo | F26: =SUM('1.ESF (Rubros)'!B24) -> 0 | G26: =SUM('1.ESF (Rubros)'!D24) -> 0 | I26: =SUM(G26-F26) -> 0 | K26: =SUM(F26-G26) -> 0
B27: Derechos a Recibir Efectivo o Equivalentes a Largo Plazo | F27: =SUM('1.ESF (Rubros)'!B25) -> 0 | G27: =SUM('1.ESF (Rubros)'!D25) -> 0 | I27: =SUM(G27-F27) -> 0 | K27: =SUM(F27-G27) -> 0
B28: Bienes Inmuebles, Infraestructura y Construcciones en Proceso | F28: =SUM('1.ESF (Rubros)'!B26) -> 0 | G28: =SUM('1.ESF (Rubros)'!D26) -> 0 | I28: =SUM(G28-F28) -> 0 | K28: =SUM(F28-G28) -> 0
B29: Bienes Muebles | F29: =SUM('1.ESF (Rubros)'!B27) -> 0 | G29: =SUM('1.ESF (Rubros)'!D27) -> 0 | I29: =SUM(G29-F29) -> 0 | K29: =SUM(F29-G29) -> 0
B30: Activos Intangibles | F30: =SUM('1.ESF (Rubros)'!B28) -> 0 | G30: =SUM('1.ESF (Rubros)'!D28) -> 0 | I30: =SUM(G30-F30) -> 0 | K30: =SUM(F30-G30) -> 0
B31: Depreciación, Deterioro y Amortización Acumulada de Bienes | F31: =SUM('1.ESF (Rubros)'!B29) -> 0 | G31: =SUM('1.ESF (Rubros)'!D29) -> 0 | I31: =SUM(G31-F31) -> 0 | K31: =SUM(F31-G31) -> 0
B32: Activos Diferidos | F32: =SUM('1.ESF (Rubros)'!B30) -> 0 | G32: =SUM('1.ESF (Rubros)'!D30) -> 0 | I32: =SUM(G32-F32) -> 0 | K32: =SUM(F32-G32) -> 0
B33: Estimaciones por Pérdida de Cuentas Incobrables de Deudores Diversos por Cobrar a Largo Plazo | F33: =SUM('1.ESF (Rubros)'!B31) -> 0 | G33: =SUM('1.ESF (Rubros)'!D31) -> 0 | I33: =SUM(G33-F33) -> 0 | K33: =SUM(F33-G33) -> 0
B35: Otros Activos no Circulantes | F35: =SUM('1.ESF (Rubros)'!B32) -> 0 | G35: =SUM('1.ESF (Rubros)'!D32) -> 0 | I35: =SUM(G35-F35) -> 0 | K35: =SUM(F35-G35) -> 0
B36: 0
B37: PASIVO
B38: 0 | F38: 2019 | G38: 2020
B39: Pasivo Circulante
B40: 0
B41: Cuentas por Pagar a Corto Plazo | F41: =SUM('1.ESF (Rubros)'!I12) -> 692783.48 | G41: =SUM('1.ESF (Rubros)'!G12) -> 360402.69 | K41: =SUM(F41-G41) -> 332380.79
B42: Documentos por Pagar a Corto Plazo | F42: =SUM('1.ESF (Rubros)'!I13) -> 0 | G42: =SUM('1.ESF (Rubros)'!G13) -> 0 | I42: =SUM(G42-F42) -> 0 | K42: =SUM(F42-G42) -> 0
B43: Porción a Corto Plazo de la Deuda Pública a Largo Plazo | F43: =SUM('1.ESF (Rubros)'!I14) -> 0 | G43: =SUM('1.ESF (Rubros)'!G14) -> 0 | I43: =SUM(G43-F43) -> 0 | K43: =SUM(F43-G43) -> 0
B44: Pasivos Diferidos a Corto Plazo | F44: =SUM('1.ESF (Rubros)'!I15) -> 0 | G44: =SUM('1.ESF (Rubros)'!G15) -> 0 | I44: =SUM(G44-F44) -> 0 | K44: =SUM(F44-G44) -> 0
B45: Fondos y Bienes de Terceros en Garantía y/o Administración a Corto Plazo | F45: =SUM('1.ESF (Rubros)'!I16) -> 0 | G45: =SUM('1.ESF (Rubros)'!G16) -> 0 | I45: =SUM(G45-F45) -> 0 | K45: =SUM(F45-G45) -> 0
B46: Provisiones a Corto Plazo | F46: =SUM('1.ESF (Rubros)'!I17) -> 0 | G46: =SUM('1.ESF (Rubros)'!G17) -> 0 | I46: =SUM(G46-F46) -> 0 | K46: =SUM(F46-G46) -> 0
B47: Otros Pasivos a Corto Plazo | F47: =SUM('1.ESF (Rubros)'!I18) -> 0 | G47: =SUM('1.ESF (Rubros)'!G18) -> 0 | I47: =SUM(G47-F47) -> 0 | K47: =SUM(F47-G47) -> 0
B48: 0
B49: Pasivo No Circulante
B50: 0
B51: Cuentas por Pagar a Largo Plazo | F51: =SUM('1.ESF (Rubros)'!I24) -> 0 | G51: =SUM('1.ESF (Rubros)'!G24) -> 0 | I51: =SUM(G51-F51) -> 0 | K51: =SUM(F51-G51) -> 0
B52: Documentos por Pagar a Largo Plazo | F52: =SUM('1.ESF (Rubros)'!I25) -> 0 | G52: =SUM('1.ESF (Rubros)'!G25) -> 0 | I52: =SUM(G52-F52) -> 0 | K52: =SUM(F52-G52) -> 0
B53: Deuda Pública a Largo Plazo | F53: =SUM('1.ESF (Rubros)'!I26) -> 0 | G53: =SUM('1.ESF (Rubros)'!G26) -> 0 | I53: =SUM(G53-F53) -> 0 | K53: =SUM(F53-G53) -> 0
B54: Pasivos Diferidos a Largo Plazo | F54: =SUM('1.ESF (Rubros)'!I27) -> 0 | G54: =SUM('1.ESF (Rubros)'!G27) -> 0 | I54: =SUM(G54-F54) -> 0 | K54: =SUM(F54-G54) -> 0
B55: Fondos y Bienes de Terceros en Garantía y/o Administración a Largo Plazo | F55: =SUM('1.ESF (Rubros)'!I28) -> 0 | G55: =SUM('1.ESF (Rubros)'!G28) -> 0 | I55: =SUM(G55-F55) -> 0 | K55: =SUM(F55-G55) -> 0
B56: Provisiones a Largo Plazo | F56: =SUM('1.ESF (Rubros)'!I29) -> 0 | G56: =SUM('1.ESF (Rubros)'!G29) -> 0 | I56: =SUM(G56-F56) -> 0 | K56: =SUM(F56-G56) -> 0
B57: 0
B58: HACIENDA PÚBLICA/PATRIMONIO
B59: 0
B60: Hacienda Pública/Patrimonio Contribuido
B61: 0
B62: Aportaciones | F62: =SUM('1.ESF (Rubros)'!I42) -> 0 | G62: =SUM('1.ESF (Rubros)'!G42) -> 0 | I62: =SUM(G62-F62) -> 0 | K62: =SUM(F62-G62) -> 0
B63: Donaciones de Capital | F63: =SUM('1.ESF (Rubros)'!I43) -> 0 | G63: =SUM('1.ESF (Rubros)'!G43) -> 0 | I63: =SUM(G63-F63) -> 0 | K63: =SUM(F63-G63) -> 0
B64: Actualización de la Hacienda Pública/Patrimonio | F64: =SUM('1.ESF (Rubros)'!I44) -> 0 | G64: =SUM('1.ESF (Rubros)'!G44) -> 0 | I64: =SUM(G64-F64) -> 0 | K64: =SUM(F64-G64) -> 0
B65: 0
B66: Hacienda Pública/Patrimonio Generado
B67: 0
B68: Resultados del Ejercicio (Ahorro/Desahorro) | F68: =SUM('1.ESF (Rubros)'!I49) -> 135536.45 | G68: =SUM('1.ESF (Rubros)'!G49) -> 2611191.9 | I68: =SUM(G68-F68) -> 2475655.4
B69: Resultados de Ejercicios Anteriores | F69: =SUM('1.ESF (Rubros)'!I50) -> 0 | G69: =SUM('1.ESF (Rubros)'!G50) -> 135536.45 | I69: =SUM(G69-F69) -> 135536.45
B70: Revalúos | F70: =SUM('1.ESF (Rubros)'!I51) -> 0 | G70: =SUM('1.ESF (Rubros)'!G51) -> 0 | I70: =SUM(G70-F70) -> 0 | K70: =SUM(F70-G70) -> 0
B71: Reservas | F71: =SUM('1.ESF (Rubros)'!I52) -> 0 | G71: =SUM('1.ESF (Rubros)'!G52) -> 0 | I71: =SUM(G71-F71) -> 0 | K71: =SUM(F71-G71) -> 0
B72: Rectificaciones de Resultados de Ejercicios Anteriores | F72: =SUM('1.ESF (Rubros)'!I53) -> 0 | G72: =SUM('1.ESF (Rubros)'!G53) -> 0 | I72: =SUM(G72-F72) -> 0 | K72: =SUM(F72-G72) -> 0
B74: Exceso o Insuficiencia en la Actualización de la Hacienda Pública/Patrimonio
B76: Resultado por Posición Monetaria | F76: =SUM('1.ESF (Rubros)'!I57) -> 0 | G76: =SUM('1.ESF (Rubros)'!G57) -> 0 | I76: =SUM(G76-F76) -> 0 | K76: =SUM(F76-G76) -> 0
B77: Resultado por Tenencia de Activos no Monetarios | F77: =SUM('1.ESF (Rubros)'!I58) -> 0 | G77: =SUM('1.ESF (Rubros)'!G58) -> 0 | I77: =SUM(G77-F77) -> 0 | K77: =SUM(F77-G77) -> 0
B85: NOMBRE | H85: NOMBRE
B86: PUESTO | H86: PUESTO
A89: “Bajo protesta de decir verdad declaramos que los Estados Financieros y sus notas, son razonablemente correctos y son responsabilidad del emisor”.
H92: COMPROBACIÓN
H93: VARIACIÓN | I93: =SUM(I16:I77) -> 2611191.9 | K93: =SUM(K16:K77) -> 2611191.9
H94: DIFERENCIA | I94: =SUM(I93-K93) -> -9.3132257e-10
H96: 2020 | I96: 2019
D97: ACTIVO | H97: =SUM(F16:F35) -> 3107131 | I97: =SUM(G16:G35) -> 828319.93
D98: PASIVO Y HDA.PUB | H98: =SUM(G41:G77) -> 3107131 | I98: =SUM(F41:F77) -> 828319.93
D99: DIFERENCIA | H99: =SUM(H97-H98) -> 4.6566129e-10 | I99: =SUM(I97-I98) -> -2.3283064e-10

Sheet 6.EFE
A1: GOBIERNO CONSTITUCIONAL DEL ESTADO DE CHIAPAS
A2: ='1.ESF (Rubros)'!A2:I2 -> SECRETARIA EJECUTIVA DEL SISTEMA ANTICORRUPCION DEL ESTADO DE CHIAPAS
A4: SISTEMA CONTABLE 2020
A5: ESTADO DE FLUJOS DE EFECTIVO
A6: ='3.EA'!A6 -> DEL 1 DE ENERO AL 31 DE MARZO DE 2021
J7: Página 1 de 1
H8: Fecha: | J8: ='1.ESF (Rubros)'!I8 -> 44314
A9: CONCEPTO | H9: 2020 | J9: 2019
A12: Flujos de Efectivo de las Actividades de Operación
B13: Origen | H13: =SUM(H14:H24) -> 6343930.1 | J13: 7343325.8 | L13: Nota: Capturar de forma manual las cifras de la columna 2019, el cual debe tomar los datos de la cuenta pública del cierre 2019.
C14: Impuestos | H14: =SUM('3.EA'!H14) -> 0
C15: Cuotas y Aportaciones de Seguridad Social | H15: =SUM('3.EA'!H15) -> 0
C16: Contribuciones de Mejoras | H16: =SUM('3.EA'!H16) -> 0
C17: Derechos | H17: =SUM('3.EA'!H17) -> 0
C18: Productos | H18: =SUM('3.EA'!H18) -> 0
C19: Aprovechamientos | H19: =SUM('3.EA'!H19) -> 0
C20: Ingresos por Venta de Bienes y Prestación de Servicios | H20: =SUM('3.EA'!H20) -> 0
C21: Participaciones, Aportaciones, Convenios, Incentivos Derivados de la Colaboración Fiscal y Fondos Distintos | H21: =SUM('3.EA'!H23) -> 0
C22: de Aportaciones
C23: Transferencias, Asignaciones, Subsidios y Subvenciones, y Pensiones y Jubilaciones | H23: =SUM('3.EA'!H25) -> 6343930.1
C24: Otros Orígenes de Operación | H24: =SUM('3.EA'!H28:H32) -> 0
B25: Aplicación | H25: =SUM(H26:H41) -> 3732738.2 | J25: =SUM(J26:J41) -> 0
C26: Servicios Personales | H26: =SUM('3.EA'!H39) -> 1740885.8
C27: Materiales y Suministros | H27: =SUM('3.EA'!H40) -> 182700.1
C28: Servicios Generales | H28: =SUM('3.EA'!H41) -> 1809152.3
C29: Transferencias Internas y Asignaciones al Sector Público | H29: =SUM('3.EA'!H43) -> 0
C30: Transferencias al Resto del Sector Público | H30: =SUM('3.EA'!H44) -> 0
C31: Subsidios y Subvenciones | H31: =SUM('3.EA'!H45) -> 0
C32: Ayudas Sociales | H32: =SUM('3.EA'!H46) -> 0
C33: Pensiones y Jubilaciones | H33: =SUM('3.EA'!H47) -> 0
C34: Transferencias a Fideicomisos, Mandatos y Contratos Análogos | H34: =SUM('3.EA'!H48) -> 0
C35: Transferencias a la Seguridad Social | H35: =SUM('3.EA'!H49) -> 0
C36: Donativos | H36: =SUM('3.EA'!H50) -> 0
C37: Transferencias al Exterior | H37: =SUM('3.EA'!H51) -> 0
C38: Participaciones | H38: =SUM('3.EA'!H53) -> 0
C39: Aportaciones | H39: =SUM('3.EA'!H54) -> 0
C40: Convenios | H40: =SUM('3.EA'!H55) -> 0
C41: Otras Aplicaciones de Operación | H41: =SUM('3.EA'!H63:H70) -> 0
A42: Flujos Netos de Efectivo por Actividades de Operación | H42: =SUM(H13-H25) -> 2611191.9 | J42: =SUM(J13-J25) -> 7343325.8
A44: Flujos de Efectivo de las Actividades de Inversión
B45: Origen | H45: =SUM(H46:H48) -> 0 | J45: =SUM(J46:J48) -> 0
C46: Bienes Inmuebles, Infraestructura y Construcciones en Proceso | H46: =SUM('CUADRO PARA FLUJO EFE'!F60) -> 0
C47: Bienes Muebles | H47: =SUM('CUADRO PARA FLUJO EFE'!F67) -> 0
C48: Otros Orígenes de Inversión | H48: =SUM('CUADRO PARA FLUJO EFE'!F20+'CUADRO PARA FLUJO EFE'!F28+'CUADRO PARA FLUJO EFE'!F34+'CUADRO PARA FLUJO EFE'!F38+'CUADRO PARA FLUJO EFE'!F40+'CUADRO PARA FLUJO EFE'!F42+'CUADRO PARA FLUJO EFE'!F49+'CUADRO PARA FLUJO EFE'!F54+'CUADRO PARA FLUJO EFE'!F76+'CUADRO PARA FLUJO EFE'!F82+'CUADRO PARA FLUJO EFE'!F87+'CUADRO PARA FLUJO EFE'!F94+'CUADRO PARA FLUJO EFE'!F98+'CUADRO PARA FLUJO EFE'!N88+'CUADRO PARA FLUJO EFE'!N91+'CUADRO PARA FLUJO EFE'!N94+'CUADRO PARA FLUJO EFE'!N98+'CUADRO PARA FLUJO EFE'!N101+'CUADRO PARA FLUJO EFE'!N104+'CUADRO PARA FLUJO EFE'!N109+'CUADRO PARA FLUJO EFE'!N113+'CUADRO PARA FLUJO EFE'!N117) -> 0
B49: Aplicación | H49: =SUM(H50:H52) -> 0 | J49: =SUM(J50:J52) -> 0
C50: Bienes Inmuebles, Infraestructura y Construcciones en Proceso | H50: =SUM('CUADRO PARA FLUJO EFE'!G60) -> 0
C51: Bienes Muebles | H51: =SUM('CUADRO PARA FLUJO EFE'!G67) -> 0
C52: Otras Aplicaciones de Inversión | H52: =SUM('CUADRO PARA FLUJO EFE'!G20+'CUADRO PARA FLUJO EFE'!G28+'CUADRO PARA FLUJO EFE'!G34+'CUADRO PARA FLUJO EFE'!G38+'CUADRO PARA FLUJO EFE'!G40+'CUADRO PARA FLUJO EFE'!G42+'CUADRO PARA FLUJO EFE'!G49+'CUADRO PARA FLUJO EFE'!G54+'CUADRO PARA FLUJO EFE'!G76+'CUADRO PARA FLUJO EFE'!G82+'CUADRO PARA FLUJO EFE'!G87+'CUADRO PARA FLUJO EFE'!G94+'CUADRO PARA FLUJO EFE'!G98+'CUADRO PARA FLUJO EFE'!O88+'CUADRO PARA FLUJO EFE'!O91+'CUADRO PARA FLUJO EFE'!O94+'CUADRO PARA FLUJO EFE'!O98+'CUADRO PARA FLUJO EFE'!O101+'CUADRO PARA FLUJO EFE'!O104+'CUADRO PARA FLUJO EFE'!O109+'CUADRO PARA FLUJO EFE'!O113+'CUADRO PARA FLUJO EFE'!O117) -> 0
A53: Flujos Netos de Efectivo por Actividades de Inversión | H53: =SUM(H45-H49) -> 0 | J53: =SUM(J45-J49) -> 0
A55: Flujos de Efectivo de las Actividades de Financiamiento
B56: Origen | H56: =SUM(H57+H60) -> -332380.79 | J56: =SUM(J57+J60) -> 0
B57: Endeudamiento Neto | H57: =SUM(H58:H59) -> 0 | J57: =SUM(J58:J59) -> 0
C58: Interno | H58: =SUM('CUADRO PARA FLUJO EFE'!N25+'CUADRO PARA FLUJO EFE'!N61)-'CUADRO PARA FLUJO EFE'!O25-'CUADRO PARA FLUJO EFE'!O61 -> 0
C59: Externo
B60: Otros Orígenes de Financiamiento | H60: =SUM('CUADRO PARA FLUJO EFE'!N12+'CUADRO PARA FLUJO EFE'!N21+'CUADRO PARA FLUJO EFE'!N26+'CUADRO PARA FLUJO EFE'!N28+'CUADRO PARA FLUJO EFE'!N32+'CUADRO PARA FLUJO EFE'!N40+'CUADRO PARA FLUJO EFE'!N44+'CUADRO PARA FLUJO EFE'!N54+'CUADRO PARA FLUJO EFE'!N57+'CUADRO PARA FLUJO EFE'!N62+'CUADRO PARA FLUJO EFE'!N64+'CUADRO PARA FLUJO EFE'!N68+'CUADRO PARA FLUJO EFE'!N75) -> -332380.79
B61: Aplicación | H61: =SUM(H62+H65) -> 0 | J61: =SUM(J62+J65) -> 0
C62: Servicios de la Deuda | H62: =SUM(H63:H64) -> 0 | J62: =SUM(J63:J64) -> 0
C63: Interno | H63: =SUM('3.EA'!H57:H61) -> 0
C64: Externo | J64: 0
B65: Otras Aplicaciones de Financiamiento | H65: =SUM('CUADRO PARA FLUJO EFE'!O12+'CUADRO PARA FLUJO EFE'!O21+'CUADRO PARA FLUJO EFE'!O26+'CUADRO PARA FLUJO EFE'!O28+'CUADRO PARA FLUJO EFE'!O32+'CUADRO PARA FLUJO EFE'!O40+'CUADRO PARA FLUJO EFE'!O44+'CUADRO PARA FLUJO EFE'!O54+'CUADRO PARA FLUJO EFE'!O57+'CUADRO PARA FLUJO EFE'!O62+'CUADRO PARA FLUJO EFE'!O64+'CUADRO PARA FLUJO EFE'!O68+'CUADRO PARA FLUJO EFE'!O75) -> 0
A66: Flujos Netos de Efectivo por Actividades de Financiamiento | H66: =SUM(H56-H61) -> -332380.79 | J66: =SUM(J56-J61) -> 0
A68: Incremento/Disminución Neta en el Efectivo y Equivalentes al Efectivo | H68: =SUM(H42+H53+H66) -> 2278811.1 | J68: =SUM(J42+J53+J66) -> 7343325.8
A69: Efectivo y Equivalentes al Efectivo al Inicio del Ejercicio | H69: =SUM('1.ESF (Rubros)'!D12) -> 828319.93
A70: Efectivo y Equivalentes al Efectivo al Final del Ejercicio | H70: =SUM('1.ESF (Rubros)'!B12) -> 3107131
B77: NOMBRE | G77: NOMBRE
B78: PUESTO | G78: PUESTO
A81: “Bajo protesta de decir verdad declaramos que los Estados Financieros y sus notas, son razonablemente correctos y son responsabilidad del emisor”.
G86: COMPROBACIÓN | H86: =SUM(H70-H69) -> 2278811.1 | J86: =SUM(J70-J69) -> 0
H89: =SUM(H68-H86) -> -9.3132257e-10 | J89: =SUM(J68-J86) -> 7343325.8

Sheet CUADRO PARA FLUJO EFE
A1: GOBIERNO CONSTITUCIONAL DEL ESTADO DE CHIAPAS
A2: ='BALANZA ACUMULADA'!A8:L8 -> SECRETARIA EJECUTIVA DEL SISTEMA ANTICORRUPCION DEL ESTADO DE CHIAPAS
A3: SISTEMA CONTABLE 2020
A4: CUADRO PARA ELABORAR ESTADO DE FLUJOS DE EFECTIVO
A5: ='1.ESF (Rubros)'!A6:I6 -> AL 31 DE DICIEMBRE DE 2020
A6: NOTA: DE LAS COLUMNAS ORIGEN Y APLICACIÓN, ÚNICAMENTE ELIMINAR LOS IMPORTES EN NEGATIVO DE CADA CUENTA.
A8: CONCEPTO | B8: 2020 | D8: 2019 | E8: Variación | F8: Origen | G8: Aplicación | I8: CONCEPTO | J8: 2020 | L8: 2019 | M8: Variación | N8: Origen | O8: Aplicación
A10: ACTIVO | I10: PASIVO
A11: Activo Circulante | I11: Pasivo Circulante
A12: Efectivo y Equivalentes | B12: =SUM(B13:B19) -> 3107131 | D12: =SUM(D13:D19) -> 828319.93 | I12: Cuentas por Pagar a Corto Plazo | J12: =SUM(J13:J19) -> 360402.69 | L12: =SUM(L13:L19) -> 692783.48 | M12: =SUM(M13:M19) -> -332380.79 | N12: =SUM(N13:N19) -> -332380.79
A13: Efectivo | B13: =SUM('BALANZA ACUMULADA'!K18) -> 0 | D13: =SUM('BALANZA ACUMULADA'!G18) -> 0 | E13: =SUM(B13-D13) -> 0 | I13: Servicios Personales por Pagar a Corto Plazo | J13: =SUM('BALANZA ACUMULADA'!L91) -> 177152.83 | L13: =SUM('BALANZA ACUMULADA'!H91) -> 126087.36 | M13: =SUM(J13-L13) -> 51065.47 | N13: =SUM(M13) -> 51065.47
A14: Bancos/Tesorería | B14: =SUM('BALANZA ACUMULADA'!K19) -> 2803739.2 | D14: =SUM('BALANZA ACUMULADA'!G19) -> 369894.95 | E14: =SUM(B14-D14) -> 2433844.2 | I14: Proveedores por Pagar a Corto Plazo | J14: =SUM('BALANZA ACUMULADA'!L92) -> 14738.38 | L14: =SUM('BALANZA ACUMULADA'!H92) -> 182916.23 | M14: =SUM(J14-L14) -> -168177.85 | N14: =SUM(M14) -> -168177.85
A15: Bancos/Dependencias y Otros | B15: =SUM('BALANZA ACUMULADA'!K20) -> 303391.87 | D15: =SUM('BALANZA ACUMULADA'!G20) -> 458424.98 | E15: =SUM(B15-D15) -> -155033.11 | I15: Contratistas por Obras Públicas por Pagar a Corto Plazo | J15: =SUM('BALANZA ACUMULADA'!L93) -> 0 | L15: =SUM('BALANZA ACUMULADA'!H93) -> 0 | M15: =SUM(J15-L15) -> 0 | N15: =SUM(M15) -> 0 | O15: =-M15 -> 0
A16: Inversiones Temporales (hasta 3 meses) | B16: =SUM('BALANZA ACUMULADA'!K21) -> 0 | D16: =SUM('BALANZA ACUMULADA'!G21) -> 0 | E16: =SUM(B16-D16) -> 0 | I16: Participaciones y Aportaciones por Pagar a Corto Plazo | J16: =SUM('BALANZA ACUMULADA'!L94) -> 0 | L16: =SUM('BALANZA ACUMULADA'!H94) -> 0 | M16: =SUM(J16-L16) -> 0 | N16: =SUM(M16) -> 0 | O16: =-M16 -> 0
A17: Fondos con Afectación Específica | B17: =SUM('BALANZA ACUMULADA'!K22) -> 0 | D17: =SUM('BALANZA ACUMULADA'!G22) -> 0 | E17: =SUM(B17-D17) -> 0 | I17: Transferencias Otorgadas por Pagar a Corto Plazo | J17: =SUM('BALANZA ACUMULADA'!L95) -> 0 | L17: =SUM('BALANZA ACUMULADA'!H95) -> 0 | M17: =SUM(J17-L17) -> 0 | N17: =SUM(M17) -> 0 | O17: =-M17 -> 0
A18: Depósitos de Fondos de Terceros en Garantía y/o Administración | B18: =SUM('BALANZA ACUMULADA'!K23) -> 0 | D18: =SUM('BALANZA ACUMULADA'!G23) -> 0 | E18: =SUM(B18-D18) -> 0 | I18: Retenciones y Contribuciones por Pagar a Corto Plazo | J18: =SUM('BALANZA ACUMULADA'!L97) -> 167996.06 | L18: =SUM('BALANZA ACUMULADA'!H97) -> 383725.34 | M18: =SUM(J18-L18) -> -215729.28 | N18: =SUM(M18) -> -215729.28
A19: Otros Efectivos y Equivalentes | B19: =SUM('BALANZA ACUMULADA'!K24) -> 0 | D19: =SUM('BALANZA ACUMULADA'!G24) -> 0 | E19: =SUM(B19-D19) -> 0 | I19: Otras Cuentas por Pagar a Corto Plazo | J19: =SUM('BALANZA ACUMULADA'!L99) -> 515.42 | L19: =SUM('BALANZA ACUMULADA'!H99) -> 54.55 | M19: =SUM(J19-L19) -> 460.87 | N19: =SUM(M19) -> 460.87
A20: Derechos a Recibir Efectivo o Equivalentes | B20: =SUM(B21:B27) -> 0 | D20: =SUM(D21:D27) -> 0 | E20: =SUM(E21:E27) -> 0 | F20: =SUM(F21:F27) -> 0 | G20: =SUM(G21:G27) -> 0
A21: Inversiones Financieras a Corto Plazo | B21: =SUM('BALANZA ACUMULADA'!K25) -> 0 | D21: =SUM('BALANZA ACUMULADA'!G25) -> 0 | E21: =SUM(B21-D21) -> 0 | F21: =-E21 -> 0 | G21: =E21 -> 0 | I21: Documentos por Pagar a Corto Plazo | J21: =SUM(J22) -> 0 | L21: =SUM(L22) -> 0 | M21: =SUM(M22) -> 0 | N21: =SUM(N22) -> 0 | O21: =SUM(O22) -> 0
A22: Cuentas por Cobrar a Corto Plazo | B22: =SUM('BALANZA ACUMULADA'!K26) -> 0 | D22: =SUM('BALANZA ACUMULADA'!G26) -> 0 | E22: =SUM(B22-D22) -> 0 | F22: =-E22 -> 0 | G22: =E22 -> 0 | I22: Otros Documentos por Pagar a Corto Plazo | J22: =SUM('BALANZA ACUMULADA'!L102) -> 0 | L22: =SUM('BALANZA ACUMULADA'!H102) -> 0 | M22: =SUM(J22-L22) -> 0 | N22: =SUM(M22) -> 0 | O22: =-M22 -> 0
A23: Deudores Diversos por Cobrar a Corto Plazo | B23: =SUM('BALANZA ACUMULADA'!K27) -> 0 | D23: =SUM('BALANZA ACUMULADA'!G27) -> 0 | E23: =SUM(B23-D23) -> 0 | F23: =-E23 -> 0 | G23: =E23 -> 0
A24: Ingresos por Recuperar a Corto Plazo | B24: =SUM('BALANZA ACUMULADA'!K28) -> 0 | D24: =SUM('BALANZA ACUMULADA'!G28) -> 0 | E24: =SUM(B24-D24) -> 0 | F24: =-E24 -> 0 | G24: =E24 -> 0 | I24: Porción a Corto Plazo de la Deuda Pública a Largo Plazo | J24: =SUM(J25:J26) -> 0 | L24: =SUM(L25:L26) -> 0 | M24: =SUM(M25:M26) -> 0 | N24: =SUM(N25:N26) -> 0 | O24: =SUM(O25:O26) -> 0
A25: Deudores por Anticipos de la Tesorería a Corto Plazo | B25: =SUM('BALANZA ACUMULADA'!K29) -> 0 | D25: =SUM('BALANZA ACUMULADA'!G29) -> 0 | E25: =SUM(B25-D25) -> 0 | F25: =-E25 -> 0 | G25: =E25 -> 0 | I25: Porción a Corto Plazo de la Deuda Pública Interna | J25: =SUM('BALANZA ACUMULADA'!L103) -> 0 | L25: =SUM('BALANZA ACUMULADA'!H103) -> 0 | M25: =SUM(J25-L25) -> 0 | N25: =SUM(M25) -> 0 | O25: =-M25 -> 0
A26: Préstamos Otorgados a Corto Plazo | B26: =SUM('BALANZA ACUMULADA'!K30) -> 0 | D26: =SUM('BALANZA ACUMULADA'!G30) -> 0 | E26: =SUM(B26-D26) -> 0 | F26: =-E26 -> 0 | G26: =E26 -> 0 | I26: Porción a Corto Plazo de Arrendamiento Financiero | J26: =SUM('BALANZA ACUMULADA'!L104) -> 0 | L26: =SUM('BALANZA ACUMULADA'!H104) -> 0 | M26: =SUM(J26-L26) -> 0 | N26: =SUM(M26) -> 0 | O26: =-M26 -> 0
A27: Otros Derechos a Recibir Efectivo o Equivalentes a Corto Plazo | B27: =SUM('BALANZA ACUMULADA'!K31) -> 0 | D27: =SUM('BALANZA ACUMULADA'!G31) -> 0 | E27: =SUM(B27-D27) -> 0 | F27: =-E27 -> 0 | G27: =E27 -> 0
A28: Derechos a Recibir Bienes o Servicios | B28: =SUM(B29:B33) -> 0 | D28: =SUM(D29:D33) -> 0 | E28: =SUM(E29:E33) -> 0 | F28: =SUM(F29:F33) -> 0 | G28: =SUM(G29:G33) -> 0 | I28: Pasivos Diferidos a Corto Plazo | J28: =SUM(J29:J30) -> 0 | L28: =SUM(L29:L30) -> 0 | M28: =SUM(M29:M30) -> 0 | N28: =SUM(N29:N30) -> 0 | O28: =SUM(O29:O30) -> 0
A29: Anticipo a Proveedores por Adquisición de Bienes y Prestación de Serv. a Corto Plazo | B29: =SUM('BALANZA ACUMULADA'!K32) -> 0 | D29: =SUM('BALANZA ACUMULADA'!G32) -> 0 | E29: =SUM(B29-D29) -> 0 | F29: =-E29 -> 0 | G29: =E29 -> 0 | I29: Ingresos Cobrados por Adelantado a Corto Plazo | J29: =SUM('BALANZA ACUMULADA'!L105) -> 0 | L29: =SUM('BALANZA ACUMULADA'!H105) -> 0 | M29: =SUM(J29-L29) -> 0 | N29: =SUM(M29) -> 0 | O29: =-M29 -> 0
A30: Anticipo a Proveedores por Adquisición de Bienes Inmuebles y Muebles a Corto Plazo | B30: =SUM('BALANZA ACUMULADA'!K33) -> 0 | D30: =SUM('BALANZA ACUMULADA'!G33) -> 0 | E30: =SUM(B30-D30) -> 0 | F30: =-E30 -> 0 | G30: =E30 -> 0 | I30: Otros Pasivos Diferidos a Corto Plazo | J30: =SUM('BALANZA ACUMULADA'!L107) -> 0 | L30: =SUM('BALANZA ACUMULADA'!H107) -> 0 | M30: =SUM(J30-L30) -> 0 | N30: =SUM(M30) -> 0 | O30: =-M30 -> 0
A31: Anticipo a Proveedores por Adquisición de Bienes Intangibles a Corto Plazo | B31: =SUM('BALANZA ACUMULADA'!K34) -> 0 | D31: =SUM('BALANZA ACUMULADA'!G34) -> 0 | E31: =SUM(B31-D31) -> 0 | F31: =-E31 -> 0 | G31: =E31 -> 0
A32: Anticipo a Contratistas por Obras Públicas a Corto Plazo | B32: =SUM('BALANZA ACUMULADA'!K35) -> 0 | D32: =SUM('BALANZA ACUMULADA'!G35) -> 0 | E32: =SUM(B32-D32) -> 0 | F32: =-E32 -> 0 | G32: =E32 -> 0 | I32: Fondos y Bienes de Terceros en Garantía y/o Administración a Corto Plazo | J32: =SUM(J33:J38) -> 0 | L32: =SUM(L33:L38) -> 0 | M32: =SUM(M33:M38) -> 0 | N32: =SUM(N33:N38) -> 0 | O32: =SUM(O33:O38) -> 0
A33: Otros Derechos a Recibir Bienes o Servicios a Corto Plazo | B33: =SUM('BALANZA ACUMULADA'!K36) -> 0 | D33: =SUM('BALANZA ACUMULADA'!G36) -> 0 | E33: =SUM(B33-D33) -> 0 | F33: =-E33 -> 0 | G33: =E33 -> 0 | I33: Fondos en Garantía a Corto Plazo | J33: =SUM('BALANZA ACUMULADA'!L108) -> 0 | L33: =SUM('BALANZA ACUMULADA'!H108) -> 0 | M33: =SUM(J33-L33) -> 0 | N33: =SUM(M33) -> 0 | O33: =-M33 -> 0
A34: Inventarios | B34: =SUM(B35:B37) -> 0 | D34: =SUM(D35:D37) -> 0 | E34: =SUM(E35:E37) -> 0 | F34: =SUM(F35:F37) -> 0 | G34: =SUM(G35:G37) -> 0 | I34: Fondos en Administración a Corto Plazo | J34: =SUM('BALANZA ACUMULADA'!L109) -> 0 | L34: =SUM('BALANZA ACUMULADA'!H109) -> 0 | M34: =SUM(J34-L34) -> 0 | N34: =SUM(M34) -> 0 | O34: =-M34 -> 0
A35: Inventario de Mercancías para Venta | B35: =SUM('BALANZA ACUMULADA'!K37) -> 0 | D35: =SUM('BALANZA ACUMULADA'!G37) -> 0 | E35: =SUM(B35-D35) -> 0 | F35: =-E35 -> 0 | G35: =E35 -> 0 | I35: Fondos Contingentes a Corto Plazo | J35: =SUM('BALANZA ACUMULADA'!L110) -> 0 | L35: =SUM('BALANZA ACUMULADA'!H110) -> 0 | M35: =SUM(J35-L35) -> 0 | N35: =SUM(M35) -> 0 | O35: =-M35 -> 0
A36: Inventario de Mercancias en Proceso de Elaboracion | B36: =SUM('BALANZA ACUMULADA'!K39) -> 0 | D36: =SUM('BALANZA ACUMULADA'!G39) -> 0 | E36: =SUM(B36-D36) -> 0 | F36: =-E36 -> 0 | G36: =E36 -> 0 | I36: Fondos de Fideicomisos, mandatos y Contratos Análogos a Corto Plazo | J36: =SUM('BALANZA ACUMULADA'!L111) -> 0 | L36: =SUM('BALANZA ACUMULADA'!H111) -> 0 | M36: =SUM(J36-L36) -> 0 | N36: =SUM(M36) -> 0 | O36: =-M36 -> 0
A37: Bienes en Tránsito | B37: =SUM('BALANZA ACUMULADA'!K41) -> 0 | D37: =SUM('BALANZA ACUMULADA'!G41) -> 0 | E37: =SUM(B37-D37) -> 0 | F37: =-E37 -> 0 | G37: =E37 -> 0 | I37: Otros Fondos de Terceros en Garantía y/o Administración a Corto Plazo | J37: =SUM('BALANZA ACUMULADA'!L112) -> 0 | L37: =SUM('BALANZA ACUMULADA'!H112) -> 0 | M37: =SUM(J37-L37) -> 0 | N37: =SUM(M37) -> 0 | O37: =-M37 -> 0
A38: Almacenes | B38: =SUM(B39) -> 0 | D38: =SUM(D39) -> 0 | E38: =SUM(E39) -> 0 | F38: =SUM(F39) -> 0 | G38: =SUM(G39) -> 0 | I38: Valores y Bienes en Garantía a Corto Plazo | J38: =SUM('BALANZA ACUMULADA'!L113) -> 0 | L38: =SUM('BALANZA ACUMULADA'!H113) -> 0 | M38: =SUM(J38-L38) -> 0 | N38: =SUM(M38) -> 0 | O38: =-M38 -> 0
A39: Almacen de Materiales y Suministros de Consumo | B39: =SUM('BALANZA ACUMULADA'!K42) -> 0 | D39: =SUM('BALANZA ACUMULADA'!G42) -> 0 | E39: =SUM(B39-D39) -> 0 | F39: =-E39 -> 0 | G39: =E39 -> 0
A40: Estimación por Pérdida o Deterioro de Activos Circulantes | B40: =SUM(B41) -> 0 | D40: =SUM(D41) -> 0 | E40: =SUM(E41) -> 0 | F40: =SUM(F41) -> 0 | G40: =SUM(G41) -> 0 | I40: Provisiones a Corto Plazo | J40: =SUM(J41:J42) -> 0 | L40: =SUM(L41:L42) -> 0 | M40: =SUM(M41:M42) -> 0 | N40: =SUM(N41:N42) -> 0 | O40: =SUM(O41:O42) -> 0
A41: Estimaciones para cuentas incobrables por Derechos a Recibir Efectivo o Equivalentes | B41: =-'BALANZA ACUMULADA'!L43 -> 0 | D41: =-'BALANZA ACUMULADA'!H43 -> 0 | E41: =SUM(B41-D41) -> 0 | F41: =-E41 -> 0 | G41: =E41 -> 0 | I41: Provisión para Demandas y Juicios a Corto Plazo | J41: =SUM('BALANZA ACUMULADA'!L114) -> 0 | L41: =SUM('BALANZA ACUMULADA'!H114) -> 0 | M41: =SUM(J41-L41) -> 0 | N41: =SUM(M41) -> 0 | O41: =-M41 -> 0
A42: Otros Activos Circulantes | B42: =SUM(B43:B44) -> 0 | D42: =SUM(D43) -> 0 | E42: =SUM(E43:E44) -> 0 | F42: =SUM(F43:F44) -> 0 | G42: =SUM(G43:G44) -> 0 | I42: Provisión para Contingencias a Corto Plazo | J42: =SUM('BALANZA ACUMULADA'!L115) -> 0 | L42: =SUM('BALANZA ACUMULADA'!H115) -> 0 | M42: =SUM(J42-L42) -> 0 | N42: =SUM(M42) -> 0 | O42: =-M42 -> 0
A43: Valores en Garantía | B43: =SUM('BALANZA ACUMULADA'!K45) -> 0 | D43: =SUM('BALANZA ACUMULADA'!G45) -> 0 | E43: =SUM(B43-D43) -> 0 | F43: =-E43 -> 0 | G43: =E43 -> 0
A44: Adquisición con Fondos de Terceros | B44: =SUM('BALANZA ACUMULADA'!K48) -> 0 | D44: =SUM('BALANZA ACUMULADA'!G48) -> 0 | E44: =SUM(B44-D44) -> 0 | F44: =-E44 -> 0 | G44: =E44 -> 0 | I44: Otros Pasivos a Corto Plazo | J44: =SUM(J45:J47) -> 0 | L44: =SUM(L45:L47) -> 0 | M44: =SUM(M45:M47) -> 0 | N44: =SUM(N45:N47) -> 0 | O44: =SUM(O45:O47) -> 0
A45: Total de Activos Circulantes | B45: =SUM(B12+B20+B28+B34+B38+B40+B42) -> 3107131 | D45: =SUM(D12+D20+D28+D34+D38+D40+D42) -> 828319.93 | E45: =SUM(E12+E20+E28+E34+E38+E40+E42) -> 0 | F45: =SUM(F12+F20+F28+F34+F38+F40+F42) -> 0 | G45: =SUM(G12+G20+G28+G34+G38+G40+G42) -> 0 | I45: Ingresos por Clasificar | J45: =SUM('BALANZA ACUMULADA'!L117) -> 0 | L45: =SUM('BALANZA ACUMULADA'!H117) -> 0 | M45: =SUM(J45-L45) -> 0 | N45: =SUM(M45) -> 0 | O45: =-M45 -> 0
I46: Recaudación por Participar | J46: =SUM('BALANZA ACUMULADA'!L118) -> 0 | L46: =SUM('BALANZA ACUMULADA'!H118) -> 0 | M46: =SUM(J46-L46) -> 0 | N46: =SUM(M46) -> 0 | O46: =-M46 -> 0
I47: Otros Pasivos Circulantes | J47: =SUM('BALANZA ACUMULADA'!L119) -> 0 | L47: =SUM('BALANZA ACUMULADA'!H119) -> 0 | M47: =SUM(J47-L47) -> 0 | N47: =SUM(M47) -> 0 | O47: =-M47 -> 0
A48: Activo No Circulante
A49: Inversiones Financieras a Largo Plazo | B49: =SUM(B50:B53) -> 0 | D49: =SUM(D50:D53) -> 0 | E49: =SUM(E50:E53) -> 0 | F49: =SUM(F50:F53) -> 0 | G49: =SUM(G50:G53) -> 0 | I49: Total de Pasivos Circulantes | J49: =SUM(J44+J40+J32+J24+J28+J21+J12) -> 360402.69 | L49: =SUM(L44+L40+L32+L24+L28+L21+L12) -> 692783.48 | M49: =SUM(M44+M40+M32+M24+M28+M21+M12) -> -332380.79 | N49: =SUM(N44+N40+N32+N24+N28+N21+N12) -> -332380.79 | O49: =SUM(O44+O40+O32+O24+O28+O21+O12) -> 0
A50: Inversiones a Largo Plazo | B50: =SUM('BALANZA ACUMULADA'!K49) -> 0 | D50: =SUM('BALANZA ACUMULADA'!G49) -> 0 | E50: =SUM(B50-D50) -> 0 | F50: =-E50 -> 0 | G50: =E50 -> 0
A51: Títulos y Valores a Largo Plazo | B51: =SUM('BALANZA ACUMULADA'!K50) -> 0 | D51: =SUM('BALANZA ACUMULADA'!G50) -> 0 | E51: =SUM(B51-D51) -> 0 | F51: =-E51 -> 0 | G51: =E51 -> 0
A52: Fideicomisos, Mandatos y Contratos Análogos | B52: =SUM('BALANZA ACUMULADA'!K51) -> 0 | D52: =SUM('BALANZA ACUMULADA'!G51) -> 0 | E52: =SUM(B52-D52) -> 0 | F52: =-E52 -> 0 | G52: =E52 -> 0 | I52: Pasivo No Circulante
A53: Participaciones y Aportaciones de Capital | B53: =SUM('BALANZA ACUMULADA'!K52) -> 0 | D53: =SUM('BALANZA ACUMULADA'!G52) -> 0 | E53: =SUM(B53-D53) -> 0 | F53: =-E53 -> 0 | G53: =E53 -> 0
A54: Derechos a Recibir Efectivo o Equivalentes a Largo Plazo | B54: =SUM(B55:B59) -> 0 | D54: =SUM(D55:D59) -> 0 | E54: =SUM(E55:E59) -> 0 | F54: =SUM(F55:F59) -> 0 | G54: =SUM(G55:G59) -> 0 | I54: Cuentas por Pagar a Largo Plazo | J54: =SUM(J55:J56) -> 0 | L54: =SUM(L55:L56) -> 0 | M54: =SUM(M55:M56) -> 0 | N54: =SUM(N55:N56) -> 0 | O54: =SUM(O55:O56) -> 0
A55: Documentos por Cobrar a Largo Plazo | B55: =SUM('BALANZA ACUMULADA'!K53) -> 0 | D55: =SUM('BALANZA ACUMULADA'!G53) -> 0 | E55: =SUM(B55-D55) -> 0 | F55: =-E55 -> 0 | G55: =E55 -> 0 | I55: Proveedores por Pagar a Largo Plazo | J55: =SUM('BALANZA ACUMULADA'!L120) -> 0 | L55: =SUM('BALANZA ACUMULADA'!H120) -> 0 | M55: =SUM(J55-L55) -> 0 | N55: =SUM(M55) -> 0 | O55: =-M55 -> 0
A56: Deudores Diversos a Largo Plazo | B56: =SUM('BALANZA ACUMULADA'!K54) -> 0 | D56: =SUM('BALANZA ACUMULADA'!G54) -> 0 | E56: =SUM(B56-D56) -> 0 | F56: =-E56 -> 0 | G56: =E56 -> 0 | I56: Contratistas por Obras Públicas por Pagar a Largo Plazo | J56: =SUM('BALANZA ACUMULADA'!L121) -> 0 | L56: =SUM('BALANZA ACUMULADA'!H121) -> 0 | M56: =SUM(J56-L56) -> 0 | N56: =SUM(M56) -> 0 | O56: =-M56 -> 0
A57: Ingresos por Recuperar a Largo Plazo | B57: =SUM('BALANZA ACUMULADA'!K55) -> 0 | D57: =SUM('BALANZA ACUMULADA'!G55) -> 0 | E57: =SUM(B57-D57) -> 0 | F57: =-E57 -> 0 | G57: =E57 -> 0 | I57: Documentos por Pagar a Largo Plazo | J57: =SUM(J58) -> 0 | L57: =SUM(L58) -> 0 | M57: =SUM(M58) -> 0 | N57: =SUM(N58) -> 0 | O57: =SUM(O58) -> 0
A58: Préstamos Otorgados a Largo Plazo | B58: =SUM('BALANZA ACUMULADA'!K56) -> 0 | D58: =SUM('BALANZA ACUMULADA'!G56) -> 0 | E58: =SUM(B58-D58) -> 0 | F58: =-E58 -> 0 | G58: =E58 -> 0 | I58: Otros Documentos por Pagar a Largo Plazo | J58: =SUM('BALANZA ACUMULADA'!L122) -> 0 | L58: =SUM('BALANZA ACUMULADA'!H122) -> 0 | M58: =SUM(J58-L58) -> 0 | N58: =SUM(M58) -> 0 | O58: =-M58 -> 0
A59: Otros Derechos a Recibir Efectivo o Equivalentes a Largo Plazo | B59: =SUM('BALANZA ACUMULADA'!K57) -> 0 | D59: =SUM('BALANZA ACUMULADA'!G57) -> 0 | E59: =SUM(B59-D59) -> 0 | F59: =-E59 -> 0 | G59: =E59 -> 0
A60: Bienes Inmuebles, Infraestructura y Construcciones en Proceso | B60: =SUM(B61:B66) -> 0 | D60: =SUM(D61:D66) -> 0 | E60: =SUM(E61:E66) -> 0 | F60: =SUM(F61:F66) -> 0 | G60: =SUM(G61:G66) -> 0 | I60: Deuda Pública a Largo Plazo | J60: =SUM(J61:J62) -> 0 | L60: =SUM(L61:L62) -> 0 | M60: =SUM(M61:M62) -> 0 | N60: =SUM(N61:N62) -> 0 | O60: =SUM(O61:O62) -> 0
A61: Terrenos | B61: =SUM('BALANZA ACUMULADA'!K58) -> 0 | D61: =SUM('BALANZA ACUMULADA'!G58) -> 0 | E61: =SUM(B61-D61) -> 0 | F61: =-E61 -> 0 | G61: =E61 -> 0 | I61: Préstamos de la Deuda Pública Interna por Pagar a Largo Plazo | J61: =SUM('BALANZA ACUMULADA'!L123) -> 0 | L61: =SUM('BALANZA ACUMULADA'!H123) -> 0 | M61: =SUM(J61-L61) -> 0 | N61: =SUM(M61) -> 0 | O61: =-M61 -> 0
A62: Edificios no Habitacionales | B62: =SUM('BALANZA ACUMULADA'!K59) -> 0 | D62: =SUM('BALANZA ACUMULADA'!G59) -> 0 | E62: =SUM(B62-D62) -> 0 | F62: =-E62 -> 0 | G62: =E62 -> 0 | I62: Arrendamiento Financiero por Pagar a Largo Plazo | J62: =SUM('BALANZA ACUMULADA'!L124) -> 0 | L62: =SUM('BALANZA ACUMULADA'!H124) -> 0 | M62: =SUM(J62-L62) -> 0 | N62: =SUM(M62) -> 0 | O62: =-M62 -> 0
A63: Infraestructura | B63: =SUM('BALANZA ACUMULADA'!K60) -> 0 | D63: =SUM('BALANZA ACUMULADA'!G60) -> 0 | E63: =SUM(B63-D63) -> 0 | F63: =-E63 -> 0 | G63: =E63 -> 0
A64: Construcciones en Proceso en Bienes de Dominio Público | B64: =SUM('BALANZA ACUMULADA'!K61) -> 0 | D64: =SUM('BALANZA ACUMULADA'!G61) -> 0 | E64: =SUM(B64-D64) -> 0 | F64: =-E64 -> 0 | G64: =E64 -> 0 | I64: Pasivos Diferidos a Largo Plazo | J64: =SUM(J65:J66) -> 0 | L64: =SUM(L65:L66) -> 0 | M64: =SUM(M65:M66) -> 0 | N64: =SUM(N65:N66) -> 0 | O64: =SUM(O65:O66) -> 0
A65: Construcciones en Proceso en Bienes Propios | B65: =SUM('BALANZA ACUMULADA'!K62) -> 0 | D65: =SUM('BALANZA ACUMULADA'!G62) -> 0 | E65: =SUM(B65-D65) -> 0 | F65: =-E65 -> 0 | G65: =E65 -> 0 | I65: Intereses Cobrados por Adelantado a Largo Plazo | J65: =SUM('BALANZA ACUMULADA'!L125) -> 0 | L65: =SUM('BALANZA ACUMULADA'!H125) -> 0 | M65: =SUM(J65-L65) -> 0 | N65: =SUM(M65) -> 0 | O65: =-M65 -> 0
A66: Otros Bienes Inmuebles | B66: =SUM('BALANZA ACUMULADA'!K63) -> 0 | D66: =SUM('BALANZA ACUMULADA'!G63) -> 0 | E66: =SUM(B66-D66) -> 0 | F66: =-E66 -> 0 | G66: =E66 -> 0 | I66: Otros Pasivos Diferidos a Largo Plazo | J66: =SUM('BALANZA ACUMULADA'!L126) -> 0 | L66: =SUM('BALANZA ACUMULADA'!H126) -> 0 | M66: =SUM(J66-L66) -> 0 | N66: =SUM(M66) -> 0 | O66: =-M66 -> 0
A67: Bienes Muebles | B67: =SUM(B68:B75) -> 0 | D67: =SUM(D68:D75) -> 0 | E67: =SUM(E68:E75) -> 0 | F67: =SUM(F68:F75) -> 0 | G67: =SUM(G68:G75) -> 0
A68: Mobiliario y Equipo de Administración | B68: =SUM('BALANZA ACUMULADA'!K64) -> 0 | D68: =SUM('BALANZA ACUMULADA'!G64) -> 0 | E68: =SUM(B68-D68) -> 0 | F68: =-E68 -> 0 | G68: =E68 -> 0 | I68: Fondos y Bienes de Terceros en Garantía y/o Administración a Largo Plazo | J68: =SUM(J69:J74) -> 0 | L68: =SUM(L69:L74) -> 0 | M68: =SUM(M69:M74) -> 0 | N68: =SUM(N69:N74) -> 0 | O68: =SUM(O69:O74) -> 0
A69: Mobiliario y Equipo Educacional y Recreativo | B69: =SUM('BALANZA ACUMULADA'!K65) -> 0 | D69: =SUM('BALANZA ACUMULADA'!G65) -> 0 | E69: =SUM(B69-D69) -> 0 | F69: =-E69 -> 0 | G69: =E69 -> 0 | I69: Fondos en Garantía a Largo Plazo | J69: =SUM('BALANZA ACUMULADA'!L127) -> 0 | L69: =SUM('BALANZA ACUMULADA'!H127) -> 0 | M69: =SUM(J69-L69) -> 0 | N69: =SUM(M69) -> 0 | O69: =-M69 -> 0
A70: Equipo e Instrumental Médico y de Laboratorio | B70: =SUM('BALANZA ACUMULADA'!K66) -> 0 | D70: =SUM('BALANZA ACUMULADA'!G66) -> 0 | E70: =SUM(B70-D70) -> 0 | F70: =-E70 -> 0 | G70: =E70 -> 0 | I70: Fondos en Administración a Largo Plazo | J70: =SUM('BALANZA ACUMULADA'!L128) -> 0 | L70: =SUM('BALANZA ACUMULADA'!H128) -> 0 | M70: =SUM(J70-L70) -> 0 | N70: =SUM(M70) -> 0 | O70: =-M70 -> 0
A71: Vehículos y Equipo de Transporte | B71: =SUM('BALANZA ACUMULADA'!K67) -> 0 | D71: =SUM('BALANZA ACUMULADA'!G67) -> 0 | E71: =SUM(B71-D71) -> 0 | F71: =-E71 -> 0 | G71: =E71 -> 0 | I71: Fondos Contingentes a Largo Plazo | J71: =SUM('BALANZA ACUMULADA'!L129) -> 0 | L71: =SUM('BALANZA ACUMULADA'!H129) -> 0 | M71: =SUM(J71-L71) -> 0 | N71: =SUM(M71) -> 0 | O71: =-M71 -> 0
A72: Equipo de Defensa y Seguridad | B72: =SUM('BALANZA ACUMULADA'!K68) -> 0 | D72: =SUM('BALANZA ACUMULADA'!G68) -> 0 | E72: =SUM(B72-D72) -> 0 | F72: =-E72 -> 0 | G72: =E72 -> 0 | I72: Fondos de Fideicomisos, Mandatos y Contratos Análogos a Largo Plazo | J72: =SUM('BALANZA ACUMULADA'!L130) -> 0 | L72: =SUM('BALANZA ACUMULADA'!H130) -> 0 | M72: =SUM(J72-L72) -> 0 | N72: =SUM(M72) -> 0 | O72: =-M72 -> 0
A73: Maquinaria, Otros Equipos y Herramientas | B73: =SUM('BALANZA ACUMULADA'!K69) -> 0 | D73: =SUM('BALANZA ACUMULADA'!G69) -> 0 | E73: =SUM(B73-D73) -> 0 | F73: =-E73 -> 0 | G73: =E73 -> 0 | I73: Otros Fondos de Terceros en Garantía y/o Administración | J73: =SUM('BALANZA ACUMULADA'!L131) -> 0 | L73: =SUM('BALANZA ACUMULADA'!H131) -> 0 | M73: =SUM(J73-L73) -> 0 | N73: =SUM(M73) -> 0 | O73: =-M73 -> 0
A74: Colecciones, Obras de Arte y Objetos Valiosos | B74: =SUM('BALANZA ACUMULADA'!K70) -> 0 | D74: =SUM('BALANZA ACUMULADA'!G70) -> 0 | E74: =SUM(B74-D74) -> 0 | F74: =-E74 -> 0 | G74: =E74 -> 0 | I74: Valores y Bienes en Garantía a Largo Plazo | J74: =SUM('BALANZA ACUMULADA'!L132) -> 0 | L74: =SUM('BALANZA ACUMULADA'!H132) -> 0 | M74: =SUM(J74-L74) -> 0 | N74: =SUM(M74) -> 0 | O74: =-M74 -> 0
A75: Activos Biológicos | B75: =SUM('BALANZA ACUMULADA'!K71) -> 0 | D75: =SUM('BALANZA ACUMULADA'!G71) -> 0 | E75: =SUM(B75-D75) -> 0 | F75: =-E75 -> 0 | G75: =E75 -> 0 | I75: Provisiones a Largo Plazo | J75: =SUM(J76:J79) -> 0 | L75: =SUM(L76:L79) -> 0 | M75: =SUM(M76:M79) -> 0 | N75: =SUM(N76:N79) -> 0 | O75: =SUM(O76:O79) -> 0
A76: Activos Intangibles | B76: =SUM(B77:B81) -> 0 | D76: =SUM(D77:D81) -> 0 | E76: =SUM(E77:E81) -> 0 | F76: =SUM(F77:F81) -> 0 | G76: =SUM(G77:G81) -> 0 | I76: Provisión para Demandas y Juicios a Largo Plazo | J76: =SUM('BALANZA ACUMULADA'!L133) -> 0 | L76: =SUM('BALANZA ACUMULADA'!H133) -> 0 | M76: =SUM(J76-L76) -> 0 | N76: =SUM(M76) -> 0 | O76: =-M76 -> 0
A77: Software | B77: =SUM('BALANZA ACUMULADA'!K72) -> 0 | D77: =SUM('BALANZA ACUMULADA'!G72) -> 0 | E77: =SUM(B77-D77) -> 0 | F77: =-E77 -> 0 | G77: =E77 -> 0 | I77: Provisión para Pensiones a Largo Plazo | J77: =SUM('BALANZA ACUMULADA'!L134) -> 0 | L77: =SUM('BALANZA ACUMULADA'!H134) -> 0 | M77: =SUM(J77-L77) -> 0 | N77: =SUM(M77) -> 0 | O77: =-M77 -> 0
A78: Patentes, Marcas y Derechos | B78: =SUM('BALANZA ACUMULADA'!K73) -> 0 | D78: =SUM('BALANZA ACUMULADA'!G73) -> 0 | E78: =SUM(B78-D78) -> 0 | F78: =-E78 -> 0 | G78: =E78 -> 0 | I78: Provisión para Contingencias a Largo Plazo | J78: =SUM('BALANZA ACUMULADA'!L135) -> 0 | L78: =SUM('BALANZA ACUMULADA'!H135) -> 0 | M78: =SUM(J78-L78) -> 0 | N78: =SUM(M78) -> 0 | O78: =-M78 -> 0
A79: Concesiones y Franquicias | B79: =SUM('BALANZA ACUMULADA'!K74) -> 0 | D79: =SUM('BALANZA ACUMULADA'!G74) -> 0 | E79: =SUM(B79-D79) -> 0 | F79: =-E79 -> 0 | G79: =E79 -> 0 | I79: Otras Provisiones a Largo Plazo | J79: =SUM('BALANZA ACUMULADA'!L136) -> 0 | L79: =SUM('BALANZA ACUMULADA'!H136) -> 0 | M79: =SUM(J79-L79) -> 0 | N79: =SUM(M79) -> 0 | O79: =-M79 -> 0
A80: Licencias | B80: =SUM('BALANZA ACUMULADA'!K75) -> 0 | D80: =SUM('BALANZA ACUMULADA'!G75) -> 0 | E80: =SUM(B80-D80) -> 0 | F80: =-E80 -> 0 | G80: =E80 -> 0
A81: Otros Activos Intangibles | B81: =SUM('BALANZA ACUMULADA'!K76) -> 0 | D81: =SUM('BALANZA ACUMULADA'!G76) -> 0 | E81: =SUM(B81-D81) -> 0 | F81: =-E81 -> 0 | G81: =E81 -> 0 | I81: Total de Pasivos No Circulantes | J81: =SUM(J75+J68+J64+J60+J57+J54) -> 0 | K81: =SUM(K75+K68+K64+K60+K57+K54) -> 0 | L81: =SUM(L75+L68+L64+L60+L57+L54) -> 0 | M81: =SUM(M75+M68+M64+M60+M57+M54) -> 0 | N81: =SUM(N75+N68+N64+N60+N57+N54) -> 0 | O81: =SUM(O75+O68+O64+O60+O57+O54) -> 0
A82: Depreciación, Deterioro y Amortización Acumulada de Bienes | B82: =SUM(B83:B86) -> 0 | D82: =SUM(D83:D86) -> 0 | E82: =SUM(E83:E86) -> 0 | F82: =SUM(F83:F86) -> 0 | G82: =SUM(G83:G86) -> 0
A83: Depreciacion Acumulada de Bienes Inmuebles | B83: =-'BALANZA ACUMULADA'!L77 -> 0 | D83: =-'BALANZA ACUMULADA'!H77 -> 0 | E83: =SUM(B83-D83) -> 0 | F83: =-E83 -> 0 | G83: =E83 -> 0 | I83: Total del Pasivo | J83: =SUM(J81+J49) -> 360402.69 | L83: =SUM(L81+L49) -> 692783.48 | M83: =SUM(M81+M49) -> -332380.79 | N83: =SUM(N81+N49) -> -332380.79 | O83: =SUM(O81+O49) -> 0
A84: Depreciacion Acumulada de Infraestructura | B84: =-'BALANZA ACUMULADA'!L78 -> 0 | D84: =-'BALANZA ACUMULADA'!H78 -> 0 | E84: =SUM(B84-D84) -> 0 | F84: =-E84 -> 0 | G84: =E84 -> 0
A85: Depreciacion Acumulada de Bienes Muebles | B85: =-'BALANZA ACUMULADA'!L79 -> 0 | D85: =-'BALANZA ACUMULADA'!H79 -> 0 | E85: =SUM(B85-D85) -> 0 | F85: =-E85 -> 0 | G85: =E85 -> 0 | I85: HACIENDA PÚBLICA/PATRIMONIO
A86: Amortización Acumulada de Activos Intangibles | B86: =-'BALANZA ACUMULADA'!L80 -> 0 | D86: =-'BALANZA ACUMULADA'!H80 -> 0 | E86: =SUM(B86-D86) -> 0 | F86: =-E86 -> 0 | G86: =E86 -> 0
A87: Activos Diferidos | B87: =SUM(B88:B93) -> 0 | D87: =SUM(D88:D93) -> 0 | E87: =SUM(E88:E93) -> 0 | F87: =SUM(F88:F93) -> 0 | G87: =SUM(G88:G93) -> 0 | I87: Hacienda Pública/Patrimonio Contribuido
A88: Estudios, Formulación y Evaluación de Proyectos | B88: =SUM('BALANZA ACUMULADA'!K81) -> 0 | D88: =SUM('BALANZA ACUMULADA'!G81) -> 0 | E88: =SUM(B88-D88) -> 0 | F88: =-E88 -> 0 | G88: =E88 -> 0 | I88: Aportaciones | J88: =SUM(J89) -> 0 | L88: =SUM(L89) -> 0 | M88: =SUM(M89) -> 0 | N88: =SUM(N89) -> 0 | O88: =SUM(O89) -> 0
A89: Derechos sobre Bienes en Régimen de Arrendamiento Financiero | B89: =SUM('BALANZA ACUMULADA'!K82) -> 0 | D89: =SUM('BALANZA ACUMULADA'!G82) -> 0 | E89: =SUM(B89-D89) -> 0 | F89: =-E89 -> 0 | G89: =E89 -> 0 | I89: Aportaciones | J89: =SUM('BALANZA ACUMULADA'!L137) -> 0 | L89: =SUM('BALANZA ACUMULADA'!H137) -> 0 | M89: =SUM(J89-L89) -> 0 | N89: =SUM(M89) -> 0 | O89: =-M89 -> 0
A90: Gastos Pagados por Adelantado a Largo Plazo | B90: =SUM('BALANZA ACUMULADA'!K83) -> 0 | D90: =SUM('BALANZA ACUMULADA'!G83) -> 0 | E90: =SUM(B90-D90) -> 0 | F90: =-E90 -> 0 | G90: =E90 -> 0
A91: Anticipos a Largo Plazo | B91: =SUM('BALANZA ACUMULADA'!K84) -> 0 | D91: =SUM('BALANZA ACUMULADA'!G84) -> 0 | E91: =SUM(B91-D91) -> 0 | F91: =-E91 -> 0 | G91: =E91 -> 0 | I91: Donaciones de Capital | J91: =SUM(J92) -> 0 | L91: =SUM(L92) -> 0 | M91: =SUM(M92) -> 0 | N91: =SUM(N92) -> 0 | O91: =SUM(O92) -> 0
A92: Beneficios al Retiro de Empleados Pagados por Adelantado | B92: =SUM('BALANZA ACUMULADA'!K85) -> 0 | D92: =SUM('BALANZA ACUMULADA'!G85) -> 0 | E92: =SUM(B92-D92) -> 0 | F92: =-E92 -> 0 | G92: =E92 -> 0 | I92: Donaciones de Capital | J92: =SUM('BALANZA ACUMULADA'!L138) -> 0 | L92: =SUM('BALANZA ACUMULADA'!H138) -> 0 | M92: =SUM(J92-L92) -> 0 | N92: =SUM(M92) -> 0 | O92: =-M92 -> 0
A93: Otros Activos Diferidos | B93: =SUM('BALANZA ACUMULADA'!K86) -> 0 | D93: =SUM('BALANZA ACUMULADA'!G86) -> 0 | E93: =SUM(B93-D93) -> 0 | F93: =-E93 -> 0 | G93: =E93 -> 0
A94: Estimación por Pérdida o Deterioro de Activos no Circulantes | B94: =SUM(B95:B96) -> 0 | D94: =SUM(D95:D96) -> 0 | E94: =SUM(E95:E96) -> 0 | F94: =SUM(F95:F96) -> 0 | G94: =SUM(G95:G96) -> 0 | I94: Actualización de la Hacienda Pública / Patrimonio | J94: =SUM(J95) -> 0 | L94: =SUM(L95) -> 0 | M94: =SUM(M95) -> 0 | N94: =SUM(N95) -> 0 | O94: =SUM(O95) -> 0
A95: Estimaciones por Pérdida de Cuentas Incobrables de Documentos por Cobrar a Largo Plazo | B95: =-'BALANZA ACUMULADA'!L87 -> 0 | D95: =-'BALANZA ACUMULADA'!H87 -> 0 | E95: =SUM(B95-D95) -> 0 | F95: =-E95 -> 0 | G95: =E95 -> 0 | I95: Actualización de la Hacienda Pública / Patrimonio | J95: =SUM('BALANZA ACUMULADA'!L139) -> 0 | L95: =SUM('BALANZA ACUMULADA'!H139) -> 0 | M95: =SUM(J95-L95) -> 0 | N95: =SUM(M95) -> 0 | O95: =-M95 -> 0
A96: Estimaciones por Pérdida de Cuentas Incobrables de Deudores Diversos por Cobrar a Largo Plazo | B96: =-'BALANZA ACUMULADA'!L88 -> 0 | D96: =-'BALANZA ACUMULADA'!H88 -> 0 | E96: =SUM(B96-D96) -> 0 | F96: =-E96 -> 0 | G96: =E96 -> 0
I97: Hacienda Pública/Patrimonio Generado
A98: Otros Activos no Circulantes | B98: =SUM(B99:B100) -> 0 | C98: =SUM(C99:C100) -> 0 | D98: =SUM(D99:D100) -> 0 | E98: =SUM(E99:E100) -> 0 | F98: =SUM(F99:F100) -> 0 | G98: =SUM(G99:G100) -> 0 | I98: Resultados del Ejercicio (Ahorro/Desahorro) | J98: =SUM(J99) -> 2611191.9 | L98: =SUM(L99) -> 135536.45 | M98: =SUM(M99) -> -135536.45 | N98: =SUM(N99) -> -135536.45 | O98: =SUM(O99) -> 135536.45
A99: Bienes en Arrendamiento Financiero | B99: =SUM('BALANZA ACUMULADA'!K89) -> 0 | D99: =SUM('BALANZA ACUMULADA'!G89) -> 0 | E99: =SUM(B99-D99) -> 0 | F99: =-E99 -> 0 | G99: =E99 -> 0 | I99: Resultados del Ejercicio (Ahorro/Desahorro) | J99: ='BALANZA ACUMULADA'!L140-'BALANZA ACUMULADA'!K140+'3.EA'!H74 -> 2611191.9 | L99: =SUM('BALANZA ACUMULADA'!H140-'BALANZA ACUMULADA'!G140) -> 135536.45 | M99: =SUM(0-L99) -> -135536.45 | N99: =SUM(M99) -> -135536.45 | O99: =-M99 -> 135536.45
A100: Bienes en Comodato | B100: =SUM('BALANZA ACUMULADA'!K90) -> 0 | D100: =SUM('BALANZA ACUMULADA'!G90) -> 0 | E100: =SUM(B100-D100) -> 0 | F100: =-E100 -> 0 | G100: =E100 -> 0
A101: Total de Activos No Circulantes | B101: =SUM(B98+B87+B82+B76+B67+B60+B54+B49+B94) -> 0 | D101: =SUM(D98+D87+D82+D76+D67+D60+D54+D49+D94) -> 0 | E101: =SUM(E98+E87+E82+E76+E67+E60+E54+E49+E94) -> 0 | F101: =SUM(F98+F87+F82+F76+F67+F60+F54+F49+F94) -> 0 | G101: =SUM(G98+G87+G82+G76+G67+G60+G54+G49+G94) -> 0 | I101: Resultados de Ejercicios Anteriores | J101: =SUM(J102) -> 135536.45 | L101: =SUM(L102) -> 0 | M101: =SUM(M102) -> 135536.45 | N101: =SUM(N102) -> 135536.45 | O101: =SUM(O102) -> -135536.45
I102: Resultados de Ejercicios Anteriores | J102: =SUM('BALANZA ACUMULADA'!L141) -> 135536.45 | L102: =SUM('BALANZA ACUMULADA'!H141) -> 0 | M102: =SUM(J102-L102) -> 135536.45 | N102: =SUM(M102) -> 135536.45 | O102: =-M102 -> -135536.45
...

Sheet 7.EAA
A1: GOBIERNO CONSTITUCIONAL DEL ESTADO DE CHIAPAS
A2: ='1.ESF (Rubros)'!A2:I2 -> SECRETARIA EJECUTIVA DEL SISTEMA ANTICORRUPCION DEL ESTADO DE CHIAPAS
A4: SISTEMA CONTABLE 2020
A5: ESTADO ANALÍTICO DEL ACTIVO
A6: ='3.EA'!A6 -> DEL 1 DE ENERO AL 31 DE MARZO DE 2021
G7: Página 1 de 1
F8: Fecha: | G8: ='1.ESF (Rubros)'!I8 -> 44314
A9: CONCEPTO | B9: SALDO INICIAL (SI) | D9: CARGOS DEL PERIODO | E9: ABONOS DEL PERIODO | F9: SALDO FINAL (SF) | G9: VARIACIÓN DEL PERIODO (SF - SI)
A12: ACTIVO | B12: =SUM(B14+B30) -> 828319.93 | D12: =SUM(D14+D30) -> 13508185 | E12: =SUM(E14+E30) -> 11229374 | F12: =SUM(F14+F30) -> 3107131 | G12: =SUM(G14+G30) -> 2278811.1
A14: ACTIVO CIRCULANTE | B14: =SUM(B16:C28) -> 828319.93 | D14: =SUM(D16:D28) -> 13508185 | E14: =SUM(E16:E28) -> 11229374 | F14: =SUM(F16:F28) -> 3107131 | G14: =SUM(G16:G28) -> 2278811.1
A16: Efectivo y Equivalentes | B16: =SUM('1.ESF (Rubros)'!D12) -> 828319.93 | D16: =SUM('BALANZA ACUMULADA'!I18:I24) -> 13508185 | E16: =SUM('BALANZA ACUMULADA'!J18:J24) -> 11229374 | F16: =SUM(B16+D16-E16) -> 3107131 | G16: =SUM(F16-B16) -> 2278811.1
A18: Derechos a Recibir Efectivo o Equivalentes | B18: =SUM('1.ESF (Rubros)'!D13) -> 0 | D18: =SUM('BALANZA ACUMULADA'!I25:I31) -> 0 | E18: =SUM('BALANZA ACUMULADA'!J25:J31) -> 0 | F18: =SUM(B18+D18-E18) -> 0 | G18: =SUM(F18-B18) -> 0
A20: Derechos a Recibir Bienes o Servicios | B20: =SUM('1.ESF (Rubros)'!D14) -> 0 | D20: =SUM('BALANZA ACUMULADA'!I32:I36) -> 0 | E20: =SUM('BALANZA ACUMULADA'!J32:J36) -> 0 | F20: =SUM(B20+D20-E20) -> 0 | G20: =SUM(F20-B20) -> 0
A22: Inventarios | B22: =SUM('1.ESF (Rubros)'!D15) -> 0 | D22: =SUM('BALANZA ACUMULADA'!I37:I41) -> 0 | E22: =SUM('BALANZA ACUMULADA'!J37:J41) -> 0 | F22: =SUM(B22+D22-E22) -> 0 | G22: =SUM(F22-B22) -> 0
A24: Almacenes | B24: =SUM('1.ESF (Rubros)'!D16) -> 0 | D24: =SUM('BALANZA ACUMULADA'!I42) -> 0 | E24: =SUM('BALANZA ACUMULADA'!J42) -> 0 | F24: =SUM(B24+D24-E24) -> 0 | G24: =SUM(F24-B24) -> 0
A26: Estimación por Pérdida o Deterioro de Activos Circulantes | B26: =SUM('1.ESF (Rubros)'!D17) -> 0 | D26: =SUM('BALANZA ACUMULADA'!I43) -> 0 | E26: =SUM('BALANZA ACUMULADA'!J43) -> 0 | F26: =SUM(B26+D26-E26) -> 0 | G26: =SUM(F26-B26) -> 0
A28: Otros Activos Circulantes | B28: =SUM('1.ESF (Rubros)'!D18) -> 0 | D28: =SUM('BALANZA ACUMULADA'!I45:I48) -> 0 | E28: =SUM('BALANZA ACUMULADA'!J45:J48) -> 0 | F28: =SUM(B28+D28-E28) -> 0 | G28: =SUM(F28-B28) -> 0
A30: ACTIVO NO CIRCULANTE | B30: =SUM(B32:C49) -> 0 | D30: =SUM(D32:D49) -> 0 | E30: =SUM(E32:E49) -> 0 | F30: =SUM(F32:F49) -> 0 | G30: =SUM(G32:G49) -> 0
A32: Inversiones Financieras a Largo Plazo | B32: =SUM('1.ESF (Rubros)'!D24) -> 0 | D32: =SUM('BALANZA ACUMULADA'!I49:I52) -> 0 | E32: =SUM('BALANZA ACUMULADA'!J49:J52) -> 0 | F32: =SUM(B32+D32-E32) -> 0 | G32: =SUM(F32-B32) -> 0
A34: Derechos a Recibir Efectivo o Equivalentes a Largo Plazo | B34: =SUM('1.ESF (Rubros)'!D25) -> 0 | D34: =SUM('BALANZA ACUMULADA'!I53:I57) -> 0 | E34: =SUM('BALANZA ACUMULADA'!J53:J57) -> 0 | F34: =SUM(B34+D34-E34) -> 0 | G34: =SUM(F34-B34) -> 0
A36: Bienes Inmuebles, Infraestructura y Construcciones en Proceso | B36: =SUM('1.ESF (Rubros)'!D26) -> 0 | D36: =SUM('BALANZA ACUMULADA'!I58:I63) -> 0 | E36: =SUM('BALANZA ACUMULADA'!J58:J63) -> 0 | F36: =SUM(B36+D36-E36) -> 0 | G36: =SUM(F36-B36) -> 0
A38: Bienes Muebles | B38: =SUM('1.ESF (Rubros)'!D27) -> 0 | D38: =SUM('BALANZA ACUMULADA'!I64:I71) -> 0 | E38: =SUM('BALANZA ACUMULADA'!J64:J71) -> 0 | F38: =SUM(B38+D38-E38) -> 0 | G38: =SUM(F38-B38) -> 0
A40: Activos Intangibles | B40: =SUM('1.ESF (Rubros)'!D28) -> 0 | D40: =SUM('BALANZA ACUMULADA'!I72:I76) -> 0 | E40: =SUM('BALANZA ACUMULADA'!J72:J76) -> 0 | F40: =SUM(B40+D40-E40) -> 0 | G40: =SUM(F40-B40) -> 0
A42: Depreciación, Deterioro y Amortización Acumulada de Bienes | B42: =SUM('1.ESF (Rubros)'!D29) -> 0 | D42: =SUM('BALANZA ACUMULADA'!I77:I80) -> 0 | E42: =SUM('BALANZA ACUMULADA'!J77:J80) -> 0 | F42: =SUM(B42+D42-E42) -> 0 | G42: =SUM(F42-B42) -> 0
A44: Activos Diferidos | B44: =SUM('1.ESF (Rubros)'!D30) -> 0 | D44: =SUM('BALANZA ACUMULADA'!I81:I86) -> 0 | E44: =SUM('BALANZA ACUMULADA'!J81:J86) -> 0 | F44: =SUM(B44+D44-E44) -> 0 | G44: =SUM(F44-B44) -> 0
A46: Estimaciones por Pérdida de Cuentas Incobrables de Deudores Diversos por Cobrar a Largo Plazo | B46: =SUM('1.ESF (Rubros)'!D31) -> 0 | D46: =SUM('BALANZA ACUMULADA'!I87:I88) -> 0 | E46: =SUM('BALANZA ACUMULADA'!J87:J88) -> 0 | F46: =SUM(B46+D46-E46) -> 0 | G46: =SUM(F46-B46) -> 0
A49: Otros Activos no Circulantes | B49: =SUM('1.ESF (Rubros)'!D32) -> 0 | D49: =SUM('BALANZA ACUMULADA'!I89:I90) -> 0 | E49: =SUM('BALANZA ACUMULADA'!J89:J90) -> 0 | F49: =SUM(B49+D49-E49) -> 0 | G49: =SUM(F49-B49) -> 0
A60: NOMBRE | D60: NOMBRE
A61: PUESTO | D61: PUESTO
A65: “Bajo protesta de decir verdad declaramos que los Estados Financieros y sus notas, son razonablemente correctos y son responsabilidad del emisor”.

Sheet 8.DEUDA Y OTROS PASIVOS
A1: GOBIERNO CONSTITUCIONAL DEL ESTADO DE CHIAPAS
A2: ='1.ESF (Rubros)'!A2:I2 -> SECRETARIA EJECUTIVA DEL SISTEMA ANTICORRUPCION DEL ESTADO DE CHIAPAS
A4: SISTEMA CONTABLE 2020
A5: ESTADO ANALÍTICO DE LA DEUDA Y OTROS PASIVOS
A6: ='3.EA'!A6 -> DEL 1 DE ENERO AL 31 DE MARZO DE 2021
J7: Página 1 de 1
H8: Fecha: | J8: ='1.ESF (Rubros)'!I8 -> 44314
A9: DENOMINACIÓN DE LAS DEUDAS | E9: MONEDA DE CONTRATACIÓN | G9: INSTITUCIÓN O PAÍS ACREEDOR | H9: SALDO INICIAL DEL PERIODO | J9: SALDO FINAL DEL PERIODO
A11: DEUDA PÚBLICA | H11: =SUM(H25+H41) -> 0 | J11: =SUM(J25+J41) -> 0
C13: Corto Plazo
A14: Deuda Interna | H14: =SUM(H15:H17) -> 0 | J14: =SUM(J15:J17) -> 0
B15: Instituciones de Crédito | E15: Moneda Nacional | G15: México | H15: =SUM('2.ESF (Cuentas)'!I23) -> 0 | J15: =SUM('2.ESF (Cuentas)'!G23) -> 0
B16: Títulos y Valores | E16: Moneda Nacional | G16: México | H16: 0 | J16: 0
B17: Arrendamientos Financieros | E17: Moneda Nacional | G17: México | H17: =SUM('2.ESF (Cuentas)'!I24) -> 0 | J17: =SUM('2.ESF (Cuentas)'!G24) -> 0
A19: Deuda Externa | H19: =SUM(H20:H23) -> 0 | J19: =SUM(J20:J23) -> 0
B20: Organismos Financieros Internacionales | E20: Moneda Nacional | G20: México | H20: 0 | J20: 0
B21: Deuda Bilateral | E21: Moneda Nacional | G21: México | H21: 0 | J21: 0
B22: Títulos y Valores | E22: Moneda Nacional | G22: México | H22: 0 | J22: 0
B23: Arrendamientos Financieros | E23: Moneda Nacional | G23: México | H23: 0 | J23: 0
B25: Subtotal Corto Plazo | H25: =SUM(H14+H19) -> 0 | J25: =SUM(J14+J19) -> 0
C28: Largo Plazo
A30: Deuda Interna | H30: =SUM(H31:H33) -> 0 | J30: =SUM(J31:J33) -> 0
B31: Instituciones de Crédito | E31: Moneda Nacional | G31: México | H31: =SUM('2.ESF (Cuentas)'!I54) -> 0 | J31: =SUM('2.ESF (Cuentas)'!G54) -> 0
B32: Títulos y Valores | E32: Moneda Nacional | G32: México | H32: 0 | J32: 0
B33: Arrendamientos Financieros | E33: Moneda Nacional | G33: México | H33: =SUM('2.ESF (Cuentas)'!I55) -> 0 | J33: =SUM('2.ESF (Cuentas)'!G55) -> 0
A35: Deuda Externa | H35: =SUM(H36:H39) -> 0 | J35: =SUM(J36:J39) -> 0
B36: Organismos Financieros Internacionales | E36: Moneda Nacional | G36: México | H36: 0 | J36: 0
B37: Deuda Bilateral | E37: Moneda Nacional | G37: México | H37: 0 | J37: 0
B38: Títulos y Valores | E38: Moneda Nacional | G38: México | H38: 0 | J38: 0
B39: Arrendamientos Financieros | E39: Moneda Nacional | G39: México | H39: 0 | J39: 0
B41: Subtotal Largo Plazo | H41: =SUM(H30+H35) -> 0 | J41: =SUM(J30+J35) -> 0
A44: Otros Pasivos | E44: Moneda Nacional | G44: México | H44: =SUM('2.ESF (Cuentas)'!I74-'2.ESF (Cuentas)'!I22-'2.ESF (Cuentas)'!I53) -> 692783.48 | J44: =SUM('2.ESF (Cuentas)'!G74-'2.ESF (Cuentas)'!G22-'2.ESF (Cuentas)'!G53) -> 360402.69
A47: Total Deuda y Otros Pasivos | H47: =SUM(H11+H44) -> 692783.48 | J47: =SUM(J11+J44) -> 360402.69
A63: NOMBRE | G63: NOMBRE
A64: PUESTO | G64: PUESTO
A68: “Bajo protesta de decir verdad declaramos que los Estados Financieros y sus notas, son razonablemente correctos y son responsabilidad del emisor”.

Sheet 9.PASIVOS CONTINGENTES
A1: GOBIERNO CONSTITUCIONAL DEL ESTADO DE CHIAPAS
A2: ='[1]8.DEUDA Y OTROS PASIVOS'!A2:J2 -> SECRETARIA EJECUTIVA DEL SISTEMA ANTICORRUPCION DEL ESTADO DE CHIAPAS
A4: SISTEMA CONTABLE 2021
A5: INFORME SOBRE PASIVOS CONTINGENTES
A6: DEL 1 DE ENERO AL 31 DE DICIEMBRE DE 2021
G8: Fecha: | I8: 44609
B12: De conformidad a las Principales Reglas de Registro y Valoración del Patrimonio (Elementos Generales), emitidas por el Consejo Nacional de Armonización Contable, publicadas en el capítulo reformado en el Diario Oficial de la Federación el 06 de octubre del 2014, los Pasivos Contingentes consideran:
B16: a) | C16: Obligaciones surgidas a raíz de sucesos pasados, cuya existencia ha de ser confirmada sólo por la concurrencia, de uno o más eventos inciertos en el futuro que no están enteramente bajo el control del organismo público.
B20: b) | C20: Una obligación presente a raíz de sucesos pasados, que no se ha reconocido contablemente porque no es viable que el ente público tenga que satisfacerla, o debido a que el importe de la obligación no puede ser cuantificado con la suficiente confiabilidad.
B24: Al respecto, se informa que éste Organismo Público a esta fecha NO cuenta con Pasivos Contingentes significativos pendientes de pago, ya que estos se reconocen y se liquidan en el transcurso del ejercicio, en la vigencia del presupuesto.
A34: Mtra. Dayanhara Aguilar Ballinas | F34: C.p. Ana Isabel Ramon Laguna
A35: Secretaria Tecnica | F35: Jefa de la Unidad de Apoyo Administrativo

Sheet 11.EDO. ANALÍTICO INGRESOS
A1: GOBIERNO CONSTITUCIONAL DEL ESTADO DE CHIAPAS
A2: ='1.ESF (Rubros)'!A2:I2 -> SECRETARIA EJECUTIVA DEL SISTEMA ANTICORRUPCION DEL ESTADO DE CHIAPAS
A4: SISTEMA CONTABLE 2020
A5: ESTADO ANALÍTICO DE INGRESOS
A6: ='3.EA'!A6 -> DEL 1 DE ENERO AL 31 DE MARZO DE 2021
M7: Página 1 de 1
J8: Fecha: | L8: ='1.ESF (Rubros)'!I8 -> 44314
A9: RUBRO DE INGRESOS | D9: INGRESO | L9: DIFERENCIA
D10: ESTIMADO | E10: AMPLIACIONES Y REDUCCIONES | G10: MODIFICADO | H10: DEVENGADO | J10: RECAUDADO | L10: (RECAUDADO -ESTIMADO)
A12: Impuestos | J12: =H12 -> 0 | L12: =J12-D12 -> 0
A13: Cuotas y Aportaciones de Seguridad Social | J13: =H13 -> 0 | L13: =J13-D13 -> 0 | M13: 1
A14: Contribuciones de Mejoras | J14: =H14 -> 0 | L14: =J14-D14 -> 0
A15: Derechos | J15: =H15 -> 0 | L15: =J15-D15 -> 0
A16: Productos | L16: =J16-D16 -> 0 | M16: 2
A17: Aprovechamientos | L17: =J17-D17 -> 0 | M17: 3
A18: Ingresos por Venta de Bienes, Prestación de Servicios y Otros Ingresos | J18: =H18 -> 0 | L18: =J18-D18 -> 0 | M18: 4
A19: Participaciones, Aportaciones, Convenios, Incentivos Derivados de la Colaboración Fiscal y Fondos Distintos de Aportaciones | J19: =H19 -> 0 | L19: =J19-D19 -> 0 | M19: 5
A20: Transferencias, Asignaciones, Subsidios y Subvenciones, y Pensiones y Jubilaciones | J20: =H20 -> 0 | L20: =J20-D20 -> 0
A21: Ingresos Derivados de Financiamientos | J21: =H21 -> 0 | L21: =J21-D21 -> 0
B23: Total | D23: =SUM(D12+D13+D14+D15+D16+D17+D18+D19+D20+D21) -> 0 | E23: 0 | G23: =SUM(G12+G13+G14+G15+G16+G17+G18+G19+G20+G21) -> 0 | H23: =SUM(H12+H13+H14+H15+H16+H17+H18+H19+H20+H21) -> 0 | J23: =SUM(J12+J13+J14+J15+J16+J17+J18+J19+J20+J21) -> 0 | M23: 6
H24: Ingresos Excendentes | L24: =SUM(L12+L13+L14+L15+L16+L17+L18+L19+L20+L21) -> 0 | M24: 7
A26: ESTADO ANALÍTICO DE INGRESOS POR FUENTE DE FINANCIAMIENTO | D26: INGRESO | L26: DIFERENCIA
D27: ESTIMADO | E27: AMPLIACIONES Y REDUCCIONES | G27: MODIFICADO | H27: DEVENGADO | J27: RECAUDADO | L27: (RECAUDADO -ESTIMADO)
A29: Ingresos del Poder Ejecutivo Federal o Estatal y de los Municipios | D29: =SUM(D31+D33+D34+D35+D36+D37+D38) -> 0 | E29: =SUM(E31+E33+E34+E35+E36+E37+E38) -> 0 | G29: =SUM(G31+G33+G34+G35+G36+G37+G38) -> 0 | H29: =SUM(H31+H33+H34+H35+H36+H37+H38) -> 0 | J29: =SUM(J31+J33+J34+J35+J36+J37+J38) -> 0 | L29: =SUM(L31+L33+L34+L35+L36+L37+L38) -> 0
B31: Impuestos | J31: =H31 -> 0 | L31: =J31-D31 -> 0
B32: Cuotas y Aportaciones de Seguridad Social | J32: =H32 -> 0 | L32: =J32-D32 -> 0
B33: Contribuciones de Mejoras | J33: =H33 -> 0 | L33: =J33-D33 -> 0
B34: Derechos | J34: =H34 -> 0 | L34: =J34-D34 -> 0
B35: Productos | L35: =J35-D35 -> 0 | M35: 2
B36: Aprovechamientos | L36: =J36-D36 -> 0 | M36: 3
B37: Participaciones, Aportaciones, Convenios, Incentivos Derivados de la Colaboración Fiscal y Fondos Distintos de Aportaciones | J37: =H37 -> 0 | L37: =J37-D37 -> 0
B38: Transferencias, Asignaciones, Subsidios y Subvenciones, y Pensiones y Jubilaciones | J38: =H38 -> 0 | L38: =J38-D38 -> 0
A40: Ingresos de los Entes Públicos de los Poderes Legislativo y Judicial, de los Órganos Autónomos y del Sector Paraestatal o Paramunicipal, así como de las Empresas Productivas del Estado | D40: =SUM(D43:D46) -> 0 | E40: =SUM(E43:F46) -> 0 | G40: =SUM(G43:G46) -> 0 | H40: =SUM(H43:H46) -> 0 | J40: =SUM(J43:J46) -> 0 | L40: =SUM(L43:L46) -> 0
B43: Cuotas y Aportaciones de Seguridad Social | J43: =H43 -> 0 | L43: =J43-D43 -> 0
B44: Productos | J44: =H44 -> 0 | L44: =J44-D44 -> 0
B45: Ingresos por Venta de Bienes, Prestación de Servicios y Otros Ingresos | J45: =H45 -> 0 | L45: =J45-D45 -> 0 | M45: 4
B46: Transferencias, Asignaciones, Subsidios y Subvenciones, y Pensiones y Jubilaciones | J46: =H46 -> 0 | L46: =J46-D46 -> 0 | M46: 5
A48: Ingresos Derivados de Financiamiento | D48: =SUM(D49) -> 0 | E48: =SUM(E49) -> 0 | G48: =SUM(G49) -> 0 | H48: =SUM(H49) -> 0 | J48: =SUM(J49) -> 0 | L48: =SUM(L49) -> 0
B49: Ingresos Derivados de Financiamientos | J49: =H49 -> 0 | L49: =J49-D49 -> 0
B51: Total | D51: =SUM(D29+D40+D48) -> 0 | E51: =SUM(E29+E40+E48) -> 0 | G51: =SUM(G29+G40+G48) -> 0 | H51: =SUM(H29+H40+H48) -> 0 | J51: =SUM(J29+J40+J48) -> 0 | M51: 6
H52: Ingresos Excendentes | L52: =SUM(L29+L40+L48) -> 0 | M52: 7
A63: NOMBRE | G63: NOMBRE
A64: PUESTO | G64: PUESTO
A67: “Bajo protesta de decir verdad declaramos que los Estados Financieros y sus notas, son razonablemente correctos y son responsabilidad del emisor”.

Sheet 12.ENDEUDAMIENTO NETO
A1: GOBIERNO CONSTITUCIONAL DEL ESTADO DE CHIAPAS
A2: ='1.ESF (Rubros)'!A2:I2 -> SECRETARIA EJECUTIVA DEL SISTEMA ANTICORRUPCION DEL ESTADO DE CHIAPAS
A4: SISTEMA CONTABLE 2020
A5: ENDEUDAMIENTO NETO
A6: ='3.EA'!A6 -> DEL 1 DE ENERO AL 31 DE MARZO DE 2021
J7: Página 1 de 1
H8: Fecha: | J8: ='1.ESF (Rubros)'!I8 -> 44314
A9: IDENTIFICACIÓN DE CRÉDITO O INSTRUMENTO | D9: CONTRATACIÓN / COLOCACIÓN | H9: AMORTIZACIÓN | J9: ENDEUDAMIENTO NETO
A10: CRÉDITOS BANCARIOS
A19: TOTAL CRÉDITOS BANCARIOS
A23: OTROS INSTRUMENTOS DE DEUDA
A31: TOTAL OTROS INSTRUMENTOS DE DEUDA
A32: TOTAL
A45: NOMBRE | F45: NOMBRE
A46: PUESTO | F46: PUESTO
A49: “Bajo protesta de decir verdad declaramos que los Estados Financieros y sus notas, son razonablemente correctos y son responsabilidad del emisor”.

Sheet 13.INTERESES DE LA DEUDA
A1: GOBIERNO CONSTITUCIONAL DEL ESTADO DE CHIAPAS
A2: ='1.ESF (Rubros)'!A2:I2 -> SECRETARIA EJECUTIVA DEL SISTEMA ANTICORRUPCION DEL ESTADO DE CHIAPAS
A4: SISTEMA CONTABLE 2020
A5: INTERESES DE LA DEUDA
A6: ='3.EA'!A6 -> DEL 1 DE ENERO AL 31 DE MARZO DE 2021
J7: Página 1 de 1
H8: Fecha: | J8: ='1.ESF (Rubros)'!I8 -> 44314
A9: IDENTIFICACIÓN DE CRÉDITO O INSTRUMENTO | H9: DEVENGADO | J9: PAGADO
A11: CRÉDITOS BANCARIOS
A17: TOTAL DE INTERESES DE CRÉDITOS BANCARIOS
A20: OTROS INSTRUMENTOS DE DEUDA
A25: TOTAL DE INTERESES DE OTROS INSTRUMENTOS DE DEUDA
A27: TOTAL
A38: NOMBRE | F38: NOMBRE
A39: PUESTO | F39: PUESTO
A42: “Bajo protesta de decir verdad declaramos que los Estados Financieros y sus notas, son razonablemente correctos y son responsabilidad del emisor”.

Sheet 14.POSTURA FISCAL
A1: GOBIERNO CONSTITUCIONAL DEL ESTADO DE CHIAPAS
A2: ='1.ESF (Rubros)'!$A$2:$I$2 -> SECRETARIA EJECUTIVA DEL SISTEMA ANTICORRUPCION DEL ESTADO DE CHIAPAS
A4: SISTEMA CONTABLE 2020
A5: INDICADORES DE POSTURA FISCAL
A6: ='3.EA'!A6 -> DEL 1 DE ENERO AL 31 DE MARZO DE 2021
J7: Página 1 de 1
H8: Fecha: | J8: ='1.ESF (Rubros)'!I8 -> 44314
A9: CONCEPTO | D9: ESTIMADO | H9: DEVENGADO | J9: PAGADO
A12: I. Ingresos Presupuestarios | F12: =SUM(D13:F14) -> 0 | H12: =SUM(G13:H14) -> 0 | J12: =SUM(I13:J14) -> 0
B13: Ingresos del Gobierno de la Entidad Federativa
B14: Ingresos del Sector Paraestatal
A16: II. Egresos Presupuestarios | F16: =SUM(D17:F18) -> 0 | H16: =SUM(H17:H18) -> 0 | J16: =SUM(J17:J18) -> 0
B17: Egresos del Gobierno de la Entidad Federativa
B18: Egresos del Sector Paraestatal
A20: III. Balance Presupuestario (Superávit o Déficit) (III = I - II) | F20: =SUM(F12-F16) -> 0 | H20: =SUM(H12-H16) -> 0 | J20: =SUM(J12-J16) -> 0
A22: CONCEPTO | D22: ESTIMADO | H22: DEVENGADO | J22: PAGADO
A24: III. Balance Presupuestario (Superávit o Déficit) | D24: =F20 -> 0 | H24: =H20 -> 0 | J24: =J20 -> 0
A26: IV. Intereses, Comisiones y GastoS de la Deuda
A28: V. Balance Primario (Superávit o Déficit) (V = III - IV) | D28: =SUM(D24-D26) -> 0 | H28: =SUM(H24-H26) -> 0 | J28: =SUM(J24-J26) -> 0
A30: CONCEPTO | D30: ESTIMADO | H30: DEVENGADO | J30: PAGADO
A32: A. Financiamiento
A34: B. Amortización de la Deuda
A36: C. Endeudamiento o Desendeudamiento (C= A - B)
A46: NOMBRE | F46: NOMBRE
A47: PUESTO | F47: PUESTO
A51: “Bajo protesta de decir verdad declaramos que los Estados Financieros y sus notas, son razonablemente correctos y son responsabilidad del emisor”.

Sheet Instructivo Postura Fiscal
A1: Cuenta Pública Estatal | H1: Subsistema de Egresos
A2: Formatos e Instructivos 2020
A3: Secretaría de Hacienda
A4: Subsecretaría de Egresos
A5: Dirección General de Presupuesto y Cuenta Pública
A6: Dirección de Contabilidad Gubernamental
A8: INSTRUCTIVO DEL FORMATO
A10: INDICADORES DE LA POSTURA FISCAL
B12: CUERPO DEL FORMATO:
B14: INGRESOS PRESUPUESTARIOS | E14: Se anotará los ingresos obtenidos presupuestales , ingresos propios o cualquier otro ingreso de la entidad, del gobierno, si corresponde al poder ejecutivo, legislativo, judicial ó autónomos, ó del sector paraestatal tratándose de una entidad.
B19: GASTO PRESUPUESTARIO | E19: Se anotará los gastos del periodo, según se trate, del gobierno, si corresponde al poder ejecutivo, legislativo, judicial ó autónomos, ó del sector paraestatal tratándose de una entidad.
B23: LOS PUNTOS IV,V,A,B,.C, | E23: Por ley le corresponde al gobierno central la contratación de deuda pública, por lo que en este espacio deberán anotar 0 (cero)
B27: PERIODICIDAD | E27: Trimestral y Anual, de acuerdo a la Cuenta Pública.
B34: NOTA IMPORTANTE: Los ingresos presupuestarios deberán coicidir con los reportados en el reporte de Analitico de Ingresos

Sheet 15.Esquemas Bursátiles
A1: GOBIERNO CONSTITUCIONAL DEL ESTADO DE CHIAPAS
A2: ='3.INFORME DE OBLIGACIONES-LDF3'!A2:L2 -> SECRETARIA EJECUTIVA DEL SISTEMA ANTICORRUPCION DEL ESTADO DE CHIAPAS
A4: SISTEMA CONTABLE 2021
A5: RELACIÓN DE ESQUEMAS BURSÁTILES Y DE COBERTURAS FINANCIERAS
A6: ='3.INFORME DE OBLIGACIONES-LDF3'!A6:L6 -> DEL 1 DE ENERO AL 31 DE MARZO DE 2021
H7: Página 1 de 1
G8: Fecha: | H8: ='3.INFORME DE OBLIGACIONES-LDF3'!L8 -> 44314
A10: RELACIÓN DE ESQUEMAS BURSÁTILES Y DE COBERTURAS FINANCIERAS
A52: Mtra. Dayanhara Aguilar Ballinas | E52: C.p. Ana Isabel Ramon Laguna
A53: Secretaria Tecnica | E53: Jefa de la Unidad de Apoyo Administrativo

Sheet 16.REL. CTAS.BANCARIAS
A1: GOBIERNO CONSTITUCIONAL DEL ESTADO DE CHIAPAS
A2: ='1.ESF (Rubros)'!A2:I2 -> SECRETARIA EJECUTIVA DEL SISTEMA ANTICORRUPCION DEL ESTADO DE CHIAPAS
A4: SISTEMA CONTABLE 2021
A5: RELACIÓN DE CUENTAS BANCARIAS PRODUCTIVAS ESPECÍFICAS
A6: ='3.EA'!A6 -> DEL 1 DE ENERO AL 31 DE MARZO DE 2021
G8: Fecha: | I8: ='1.ESF (Rubros)'!I8 -> 44314
A9: FONDO, PROGRAMA O CONVENIO | E9: DATOS DE LA CUENTA BANCARIA
E10: INSTITUCIÓN BANCARIA | G10: NÚMERO DE CUENTA | I10: TIPO DE CUENTA
A55: NOMBRE | E55: NOMBRE
A56: PUESTO | E56: PUESTO
A60: “Bajo protesta de decir verdad declaramos que los Estados Financieros y sus notas, son razonablemente correctos y son responsabilidad del emisor”.

Sheet Instructivo Ctas. Bancarias
A1: Cuenta Pública Estatal | H1: Subsistema de Egresos
A2: Formatos e Instructivos 2020
A3: Secretaría de Hacienda
A4: Subsecretaría de Egresos
A5: Dirección General de Presupuesto y Cuenta Pública
A6: Dirección de Contabilidad Gubernamental
A8: INSTRUCTIVO DEL FORMATO
A10: RELACIÓN DE CUENTAS BANCARIAS PRODUCTIVAS ESPECÍFICAS
B12: NORMA | E12: En apego al artículo 69 de la LGCG, los organismos públicos obligados incluirán la relación de las cuentas bancarias productivas específicas en las cuales se depositaron y ministraron los recursos federales transferidos por cualquier concepto, durante el ejercicio fiscal correspondiente
B17: CUERPO DEL FORMATO:
B19: FONDO, PROGRAMA O CONVENIO | E19: Descripción del Fondo o Programa (anotar clave y nombre completo)
B23: DATOS DE LA CUENTA BANCARIA | E23: Descripción de la institución financiera, número de cuenta y tipo de cuenta bancaria en la que se depositan los recursos federales.
B27: PERIODICIDAD | E27: Anual de acuerdo a la Cuenta Pública.
B30: Nota: | E30: Solo información de cuentas bancarias del ejercicio fiscal 2020.

Sheet 17.REL.PATRIM.(MUEBLES)
A1: GOBIERNO CONSTITUCIONAL DEL ESTADO DE CHIAPAS
A2: ='1.ESF (Rubros)'!A2:I2 -> SECRETARIA EJECUTIVA DEL SISTEMA ANTICORRUPCION DEL ESTADO DE CHIAPAS
A4: SISTEMA CONTABLE 2020
A5: RELACIÓN DE BIENES MUEBLES QUE COMPONEN SU PATRIMONIO
A6: Cuenta Pública de 2020
F8: Fecha: | H8: ='1.ESF (Rubros)'!I8 -> 44314
A9: CÓDIGO | B9: DESCRIPCIÓN DEL BIEN | H9: VALOR EN LIBROS
A58: NOMBRE | E58: NOMBRE
A59: PUESTO | E59: PUESTO
A62: “Bajo protesta de decir verdad declaramos que los Estados Financieros y sus notas, son razonablemente correctos y son responsabilidad del emisor”.

Sheet 18.REL.PATRIM.(INMUEBLES)
A1: GOBIERNO CONSTITUCIONAL DEL ESTADO DE CHIAPAS
A2: ='1.ESF (Rubros)'!A2:I2 -> SECRETARIA EJECUTIVA DEL SISTEMA ANTICORRUPCION DEL ESTADO DE CHIAPAS
A4: SISTEMA CONTABLE 2020
A5: RELACIÓN DE BIENES INMUEBLES QUE COMPONEN SU PATRIMONIO
A6: Cuenta Pública de 2020
F8: Fecha: | H8: ='1.ESF (Rubros)'!I8 -> 44314
A9: CÓDIGO | B9: DESCRIPCIÓN DEL BIEN | H9: VALOR EN LIBROS
A58: NOMBRE | E58: NOMBRE
A59: PUESTO | E59: PUESTO
A62: “Bajo protesta de decir verdad declaramos que los Estados Financieros y sus notas, son razonablemente correctos y son responsabilidad del emisor”.

Sheet 19.REL.PATRIM.(INTANGIBLES)
A1: GOBIERNO CONSTITUCIONAL DEL ESTADO DE CHIAPAS
A2: ='1.ESF (Rubros)'!A2:I2 -> SECRETARIA EJECUTIVA DEL SISTEMA ANTICORRUPCION DEL ESTADO DE CHIAPAS
A4: SISTEMA CONTABLE 2020
A5: RELACIÓN DE BIENES INTANGIBLES QUE COMPONEN SU PATRIMONIO
A6: Cuenta Pública de 2020
F8: Fecha: | H8: ='1.ESF (Rubros)'!I8 -> 44314
A9: CÓDIGO | B9: DESCRIPCIÓN DEL BIEN | H9: VALOR EN LIBROS
A58: NOMBRE | E58: NOMBRE
A59: PUESTO | E59: PUESTO
A62: “Bajo protesta de decir verdad declaramos que los Estados Financieros y sus notas, son razonablemente correctos y son responsabilidad del emisor”.

Sheet Instructivo Rel. Patrim.
A1: Cuenta Pública Estatal | H1: Subsistema de Egresos
A2: Formatos e Instructivos 2020
A3: Secretaría de Hacienda
A4: Subsecretaría de Egresos
A5: Dirección General de Presupuesto y Cuenta Pública
A6: Dirección de Contabilidad Gubernamental
A8: INSTRUCTIVO DEL FORMATO
A10: RELACIÓN DE BIENES QUE COMPONEN SU PATRIMONIO
B12: FINALIDAD: | D12: Mostar la relación de los bienes muebles e inmuebles que componen su patrimonio del ente público, que integran en la cuenta pública.
B16: CUERPO DEL FORMATO: | D16: El Formato para la integración de la relación de bienes muebles, inmuebles e intangibles del ente público que integran en la cuenta pública está conformado principalmente por:
B20: CÓDIGO | D20: Número de identificación o inventario de acuerdo a la normatividad aplicable en el ente público.
B24: DESCRIPCIÓN DEL BIEN | D24: Descripción general del bien.
B28: VALOR EN LIBROS | D28: Importe registrado en la contabilidad
B31: Nota | D31: La relación se enviará solo en archivo electrónico o magnético.
D32: La información se podrá extraer del libro de inventarios de bienes muebles, inmuebles e intangibles a que se hace referencia en el apartado C.3) de los Lineamientos mínimos relativos al diseño e integración del registro en los Libros Diario, Mayor e Inventarios y Balances (Registro Electrónico) publicados en el Diario Oficial de la Federación el 7 de julio de 2011.

Sheet FORMATOS LDF
B23: FORMATOS - LDF

Sheet 1.ESF DETALLADO-LDF1
A1: GOBIERNO CONSTITUCIONAL DEL ESTADO DE CHIAPAS
A2: ='1.ESF (Rubros)'!A2:I2 -> SECRETARIA EJECUTIVA DEL SISTEMA ANTICORRUPCION DEL ESTADO DE CHIAPAS
A4: SISTEMA CONTABLE 2020
A5: ESTADO DE SITUACIÓN FINANCIERA DETALLADO
A6: AL 31 DE DICIEMBRE DE 2019 Y AL 31 DE DICIEMBRE DE 2020
I7: Página 1 de 1
G8: Fecha: | I8: ='1.ESF (Rubros)'!I8 -> 44314
I10: LDF - 1
A12: CONCEPTO | B12: 31 DE DICIEMBRE DE 2020 | D12: 31 DE DICIEMBRE DE 2019 | F12: CONCEPTO | G12: 31 DE DICIEMBRE DE 2020 | I12: 31 DE DICIEMBRE DE 2019
A14: ACTIVO | F14: PASIVO
A15: Activo Circulante | F15: Pasivo Circulante
A16: Efectivo y Equivalentes | B16: =SUM(B17:B23) -> 3107131 | D16: =SUM(D17:D23) -> 828319.93 | F16: Cuentas por Pagar a Corto Plazo | G16: =SUM(G17:G25) -> 360402.69 | I16: =SUM(I17:I25) -> 692783.48
A17: Efectivo | B17: =SUM('BALANZA ACUMULADA'!K18) -> 0 | D17: =SUM('BALANZA ACUMULADA'!G18) -> 0 | F17: Servicios Personales por Pagar a Corto Plazo | G17: =SUM('BALANZA ACUMULADA'!L91) -> 177152.83 | I17: =SUM('BALANZA ACUMULADA'!H91) -> 126087.36
A18: Bancos/Tesorería | B18: =SUM('BALANZA ACUMULADA'!K19) -> 2803739.2 | D18: =SUM('BALANZA ACUMULADA'!G19) -> 369894.95 | F18: Proveedores por Pagar a Corto Plazo | G18: =SUM('BALANZA ACUMULADA'!L92) -> 14738.38 | I18: =SUM('BALANZA ACUMULADA'!H92) -> 182916.23
A19: Bancos/Dependencias y Otros | B19: =SUM('BALANZA ACUMULADA'!K20) -> 303391.87 | D19: =SUM('BALANZA ACUMULADA'!G20) -> 458424.98 | F19: Contratistas por Obras Públicas por Pagar a Corto Plazo | G19: =SUM('BALANZA ACUMULADA'!L93) -> 0 | I19: =SUM('BALANZA ACUMULADA'!H93) -> 0
A20: Inversiones Temporales (hasta 3 meses) | B20: =SUM('BALANZA ACUMULADA'!K21) -> 0 | D20: =SUM('BALANZA ACUMULADA'!G21) -> 0 | F20: Participaciones y Aportaciones por Pagar a Corto Plazo | G20: =SUM('BALANZA ACUMULADA'!L94) -> 0 | I20: =SUM('BALANZA ACUMULADA'!H94) -> 0
A21: Fondos con Afectación Específica | B21: =SUM('BALANZA ACUMULADA'!K22) -> 0 | D21: =SUM('BALANZA ACUMULADA'!G22) -> 0 | F21: Transferencias Otorgadas por Pagar a Corto Plazo | G21: =SUM('BALANZA ACUMULADA'!L95) -> 0 | I21: =SUM('BALANZA ACUMULADA'!H95) -> 0
A22: Depósitos de Fondos de Terceros en Garantía y/o Administración | B22: =SUM('BALANZA ACUMULADA'!K23) -> 0 | D22: =SUM('BALANZA ACUMULADA'!G23) -> 0 | F22: Intereses, Comisiones y Otros Gastos de la Deuda Pública por Pagar a Corto Plazo | G22: =SUM('BALANZA ACUMULADA'!L96) -> 0 | I22: =SUM('BALANZA ACUMULADA'!H96) -> 0
A23: Otros Efectivos y Equivalentes | B23: =SUM('BALANZA ACUMULADA'!K24) -> 0 | D23: =SUM('BALANZA ACUMULADA'!G24) -> 0 | F23: Retenciones y Contribuciones por Pagar a Corto Plazo | G23: =SUM('BALANZA ACUMULADA'!L97) -> 167996.06 | I23: =SUM('BALANZA ACUMULADA'!H97) -> 383725.34
A24: Derechos a Recibir Efectivo o Equivalentes | B24: =SUM(B25:B31) -> 0 | D24: =SUM(D25:D31) -> 0 | F24: Devoluciones de la Ley de Ingresos por Pagar a Corto Plazo | G24: =SUM('BALANZA ACUMULADA'!L98) -> 0 | I24: =SUM('BALANZA ACUMULADA'!H98) -> 0
A25: Inversiones Financieras de Corto Plazo | B25: =SUM('BALANZA ACUMULADA'!K25) -> 0 | D25: =SUM('BALANZA ACUMULADA'!G25) -> 0 | F25: Otras Cuentas por Pagar a Corto Plazo | G25: =SUM('BALANZA ACUMULADA'!L99) -> 515.42 | I25: =SUM('BALANZA ACUMULADA'!H99) -> 54.55
A26: Cuentas por Cobrar a Corto Plazo | B26: =SUM('BALANZA ACUMULADA'!K26) -> 0 | D26: =SUM('BALANZA ACUMULADA'!G26) -> 0 | F26: Documentos por Pagar a Corto Plazo | G26: =SUM(G27:G29) -> 0 | I26: =SUM(I27:I29) -> 0
A27: Deudores Diversos por Cobrar a Corto Plazo | B27: =SUM('BALANZA ACUMULADA'!K27) -> 0 | D27: =SUM('BALANZA ACUMULADA'!G27) -> 0 | F27: Documentos Comerciales por Pagar a Corto Plazo | G27: =SUM('BALANZA ACUMULADA'!L100) -> 0 | I27: =SUM('BALANZA ACUMULADA'!H100) -> 0
A28: Ingresos por Recuperar a Corto Plazo | B28: =SUM('BALANZA ACUMULADA'!K28) -> 0 | D28: =SUM('BALANZA ACUMULADA'!G28) -> 0 | F28: Documentos con Contratistas por Obras Públicas por Pagar a Corto Plazo | G28: =SUM('BALANZA ACUMULADA'!L101) -> 0 | I28: =SUM('BALANZA ACUMULADA'!H101) -> 0
A29: Deudores por Anticipos de la Tesorería a Corto Plazo | B29: =SUM('BALANZA ACUMULADA'!K29) -> 0 | D29: =SUM('BALANZA ACUMULADA'!G29) -> 0 | F29: Otros Documentos por Pagar a Corto Plazo | G29: =SUM('BALANZA ACUMULADA'!L102) -> 0 | I29: =SUM('BALANZA ACUMULADA'!H102) -> 0
A30: Préstamos Otorgados a Corto Plazo | B30: =SUM('BALANZA ACUMULADA'!K30) -> 0 | D30: =SUM('BALANZA ACUMULADA'!G30) -> 0 | F30: Porción a Corto Plazo de la Deuda Pública a Largo Plazo | G30: =SUM(G31:G32) -> 0 | I30: =SUM(I31:I32) -> 0
A31: Otros Derechos a Recibir Efectivo o Equivalentes a Corto Plazo | B31: =SUM('BALANZA ACUMULADA'!K31) -> 0 | D31: =SUM('BALANZA ACUMULADA'!G31) -> 0 | F31: Porción a Corto Plazo de la Deuda Pública | G31: =SUM('BALANZA ACUMULADA'!L103) -> 0 | I31: =SUM('BALANZA ACUMULADA'!H103) -> 0
A32: Derechos a Recibir Bienes o Servicios | B32: =SUM(B33:B37) -> 0 | D32: =SUM(D33:D37) -> 0 | F32: Porción a Corto Plazo de Arrendamiento Financiero | G32: =SUM('BALANZA ACUMULADA'!L104) -> 0 | I32: =SUM('BALANZA ACUMULADA'!H104) -> 0
A33: Anticipo a Proveedores por Adquisición de Bienes y Prestación de Serv. a Corto Plazo | B33: =SUM('BALANZA ACUMULADA'!K32) -> 0 | D33: =SUM('BALANZA ACUMULADA'!G32) -> 0 | F33: Títulos y Valores a Corto Plazo | G33: 0 | I33: 0
A34: Anticipo a Proveedores por Adquisición de Bienes Inmuebles y Muebles a Corto Plazo | B34: =SUM('BALANZA ACUMULADA'!K33) -> 0 | D34: =SUM('BALANZA ACUMULADA'!G33) -> 0 | F34: Pasivos Diferidos a Corto Plazo | G34: =SUM(G35:G37) -> 0 | I34: =SUM(I35:I37) -> 0
A35: Anticipo a Proveedores por Adquisición de Bienes Intangibles a Corto Plazo | B35: =SUM('BALANZA ACUMULADA'!K34) -> 0 | D35: =SUM('BALANZA ACUMULADA'!G34) -> 0 | F35: Ingresos Cobrados por Adelantado a Corto Plazo | G35: =SUM('BALANZA ACUMULADA'!L105) -> 0 | I35: =SUM('BALANZA ACUMULADA'!H105) -> 0
A36: Anticipo a Contratistas por Obras Públicas a Corto Plazo | B36: =SUM('BALANZA ACUMULADA'!K35) -> 0 | D36: =SUM('BALANZA ACUMULADA'!G35) -> 0 | F36: Intereses Cobrados por Adelantado a Corto Plazo | G36: =SUM('BALANZA ACUMULADA'!L106) -> 0 | I36: =SUM('BALANZA ACUMULADA'!H106) -> 0
A37: Otros Derechos a Recibir Bienes o Servicios a Corto Plazo | B37: =SUM('BALANZA ACUMULADA'!K36) -> 0 | D37: =SUM('BALANZA ACUMULADA'!G36) -> 0 | F37: Otros Pasivos Diferidos a Corto Plazo | G37: =SUM('BALANZA ACUMULADA'!L107) -> 0 | I37: =SUM('BALANZA ACUMULADA'!H107) -> 0
A38: Inventarios | B38: =SUM(B39:B43) -> 0 | D38: =SUM(D39:D43) -> 0 | F38: Fondos y Bienes de Terceros en Garantía y/o Administración a Corto Plazo | G38: =SUM(G39:G44) -> 0 | I38: =SUM(I39:I44) -> 0
A39: Inventario de Mercancías para Venta | B39: =SUM('BALANZA ACUMULADA'!K37) -> 0 | D39: =SUM('BALANZA ACUMULADA'!G37) -> 0 | F39: Fondos en Garantía a Corto Plazo | G39: =SUM('BALANZA ACUMULADA'!L108) -> 0 | I39: =SUM('BALANZA ACUMULADA'!H108) -> 0
A40: Inventario de Mercancías Terminadas | B40: =SUM('BALANZA ACUMULADA'!K38) -> 0 | D40: =SUM('BALANZA ACUMULADA'!G38) -> 0 | F40: Fondos en Administración a Corto Plazo | G40: =SUM('BALANZA ACUMULADA'!L109) -> 0 | I40: =SUM('BALANZA ACUMULADA'!H109) -> 0
A41: Inventario de Mercancias en Proceso de Elaboracion | B41: =SUM('BALANZA ACUMULADA'!K39) -> 0 | D41: =SUM('BALANZA ACUMULADA'!G39) -> 0 | F41: Fondos Contingentes a Corto Plazo | G41: =SUM('BALANZA ACUMULADA'!L110) -> 0 | I41: =SUM('BALANZA ACUMULADA'!H110) -> 0
A42: Inventario de Materias Primas, Materiales y Suministros para Producción | B42: =SUM('BALANZA ACUMULADA'!K40) -> 0 | D42: =SUM('BALANZA ACUMULADA'!G40) -> 0 | F42: Fondos de Fideicomisos, mandatos y Contratos Análogos a Corto Plazo | G42: =SUM('BALANZA ACUMULADA'!L111) -> 0 | I42: =SUM('BALANZA ACUMULADA'!H111) -> 0
A43: Bienes en Tránsito | B43: =SUM('BALANZA ACUMULADA'!K41) -> 0 | D43: =SUM('BALANZA ACUMULADA'!G41) -> 0 | F43: Otros Fondos de Terceros en Garantía y/o Administración a Corto Plazo | G43: =SUM('BALANZA ACUMULADA'!L112) -> 0 | I43: =SUM('BALANZA ACUMULADA'!H112) -> 0
A44: Almacenes | B44: =SUM('BALANZA ACUMULADA'!K42) -> 0 | D44: =SUM('BALANZA ACUMULADA'!G42) -> 0 | F44: Valores y Bienes en Garantía a Corto Plazo | G44: =SUM('BALANZA ACUMULADA'!L113) -> 0 | I44: =SUM('BALANZA ACUMULADA'!H113) -> 0
A45: Estimación por Pérdida o Deterioro de Activos Circulantes | B45: =SUM(B46:B47) -> 0 | D45: =SUM(D46:D47) -> 0 | F45: Provisiones a Corto Plazo | G45: =SUM(G46:G48) -> 0 | I45: =SUM(I46:I48) -> 0
A46: Estimaciones para cuentas incobrables por Derechos a Recibir Efectivo o Equivalentes | B46: =-'BALANZA ACUMULADA'!L43 -> 0 | D46: =-'BALANZA ACUMULADA'!H43 -> 0 | F46: Provisión para Demandas y Juicios a Corto Plazo | G46: =SUM('BALANZA ACUMULADA'!L114) -> 0 | I46: =SUM('BALANZA ACUMULADA'!H114) -> 0
A47: Estimación por Deterioro de Inventarios | B47: =-'BALANZA ACUMULADA'!L44 -> 0 | D47: =-'BALANZA ACUMULADA'!H44 -> 0 | F47: Provisión para Contingencias a Corto Plazo | G47: =SUM('BALANZA ACUMULADA'!L115) -> 0 | I47: =SUM('BALANZA ACUMULADA'!H115) -> 0
A48: Otros Activos Circulantes | B48: =SUM(B49:B52) -> 0 | D48: =SUM(D49:D52) -> 0 | F48: Otras Provisiones a Corto Plazo | G48: =SUM('BALANZA ACUMULADA'!L116) -> 0 | I48: =SUM('BALANZA ACUMULADA'!H116) -> 0
A49: Valores en Garantía | B49: =SUM('BALANZA ACUMULADA'!K45) -> 0 | D49: =SUM('BALANZA ACUMULADA'!G45) -> 0 | F49: Otros Pasivos a Corto Plazo | G49: =SUM(G50:G52) -> 0 | I49: =SUM(I50:I52) -> 0
A50: Bienes en Garantía (excluye depósitos de fondos) | B50: =SUM('BALANZA ACUMULADA'!K46) -> 0 | D50: =SUM('BALANZA ACUMULADA'!G46) -> 0 | F50: Ingresos por Clasificar | G50: =SUM('BALANZA ACUMULADA'!L117) -> 0 | I50: =SUM('BALANZA ACUMULADA'!H117) -> 0
A51: Bienes Derivados de Embargos, Decomisos, Aseguramientos y Dación en Pago | B51: =SUM('BALANZA ACUMULADA'!K47) -> 0 | D51: =SUM('BALANZA ACUMULADA'!G47) -> 0 | F51: Recaudación por Participar | G51: =SUM('BALANZA ACUMULADA'!L118) -> 0 | I51: =SUM('BALANZA ACUMULADA'!H118) -> 0
A52: Adquisición con Fondos de Terceros | B52: =SUM('BALANZA ACUMULADA'!K48) -> 0 | D52: =SUM('BALANZA ACUMULADA'!G48) -> 0 | F52: Otros Pasivos Circulantes | G52: =SUM('BALANZA ACUMULADA'!L119) -> 0 | I52: =SUM('BALANZA ACUMULADA'!H119) -> 0
A54: Total de Activos Circulantes | B54: =SUM(B16+B24+B32+B38+B44+B45+B48) -> 3107131 | D54: =SUM(D16+D24+D32+D38+D44+D45+D48) -> 828319.93 | F54: Total de Pasivos Circulantes | G54: =SUM(G49+G45+G38+G34+G33+G30+G26+G16) -> 360402.69 | I54: =SUM(I49+I45+I38+I34+I33+I30+I26+I16) -> 692783.48
A57: Activo No Circulante | F57: Pasivo No Circulante
A59: Inversiones Financieras a Largo Plazo | B59: =SUM('BALANZA ACUMULADA'!K49:K52) -> 0 | D59: =SUM('BALANZA ACUMULADA'!G49:G52) -> 0 | F59: Cuentas por Pagar a Largo Plazo | G59: =SUM('BALANZA ACUMULADA'!L120:L121) -> 0 | I59: =SUM('BALANZA ACUMULADA'!H120:H121) -> 0
A61: Derechos a Recibir Efectivo o Equivalentes a Largo Plazo | B61: =SUM('BALANZA ACUMULADA'!K53:K57) -> 0 | D61: =SUM('BALANZA ACUMULADA'!G53:G57) -> 0 | F61: Documentos por Pagar a Largo Plazo | G61: =SUM('BALANZA ACUMULADA'!L122) -> 0 | I61: =SUM('BALANZA ACUMULADA'!H122) -> 0
A63: Bienes Inmuebles, Infraestructura y Construcciones en Proceso | B63: =SUM('BALANZA ACUMULADA'!K58:K63) -> 0 | D63: =SUM('BALANZA ACUMULADA'!G58:G63) -> 0 | F63: Deuda Pública a Largo Plazo | G63: =SUM('BALANZA ACUMULADA'!L123:L124) -> 0 | I63: =SUM('BALANZA ACUMULADA'!H123:H124) -> 0
A65: Bienes Muebles | B65: =SUM('BALANZA ACUMULADA'!K64:K71) -> 0 | D65: =SUM('BALANZA ACUMULADA'!G64:G71) -> 0 | F65: Pasivos Diferidos a Largo Plazo | G65: =SUM('BALANZA ACUMULADA'!L125:L126) -> 0 | I65: =SUM('BALANZA ACUMULADA'!H125:H126) -> 0
A67: Activos Intangibles | B67: =SUM('BALANZA ACUMULADA'!K72:K76) -> 0 | D67: =SUM('BALANZA ACUMULADA'!G72:G76) -> 0 | F67: Fondos y Bienes de Terceros en Garantía y/o Administración a Largo Plazo | G67: =SUM('BALANZA ACUMULADA'!L127:L132) -> 0 | I67: =SUM('BALANZA ACUMULADA'!H127:H132) -> 0
A69: Depreciación, Deterioro y Amortización Acumulada de Bienes | B69: =-'BALANZA ACUMULADA'!L77-'BALANZA ACUMULADA'!L78-'BALANZA ACUMULADA'!L79-'BALANZA ACUMULADA'!L80 -> 0 | D69: =-'BALANZA ACUMULADA'!H77-'BALANZA ACUMULADA'!H78-'BALANZA ACUMULADA'!H79-'BALANZA ACUMULADA'!H80 -> 0 | F69: Provisiones a Largo Plazo | G69: =SUM('BALANZA ACUMULADA'!L133:L136) -> 0 | I69: =SUM('BALANZA ACUMULADA'!H133:H136) -> 0
A71: Activos Diferidos | B71: =SUM('BALANZA ACUMULADA'!K81:K86) -> 0 | D71: =SUM('BALANZA ACUMULADA'!G81:G86) -> 0
A73: Estimación por Pérdida o Deterioro de Activos no Circulantes | B73: =-'BALANZA ACUMULADA'!L87-'BALANZA ACUMULADA'!L88 -> 0 | D73: =-'BALANZA ACUMULADA'!H87-'BALANZA ACUMULADA'!H88 -> 0
A75: Otros Activos no Circulantes | B75: =SUM('BALANZA ACUMULADA'!K89:K90) -> 0 | D75: =SUM('BALANZA ACUMULADA'!G89:G90) -> 0 | F75: Total de Pasivos No Circulantes | G75: =SUM(G69+G67+G65+G63+G61+G59) -> 0 | I75: =SUM(I69+I67+I65+I63+I61+I59) -> 0
A77: Total de Activos No Circulantes | B77: =SUM(B75+B71+B69+B67+B65+B63+B61+B59+B73) -> 0 | D77: =SUM(D75+D71+D69+D67+D65+D63+D61+D59+D73) -> 0
F78: Total del Pasivo | G78: =SUM(G75+G54) -> 360402.69 | I78: =SUM(I75+I54) -> 692783.48
F81: HACIENDA PÚBLICA/PATRIMONIO
F83: Hacienda Pública/Patrimonio Contribuido | G83: =SUM(G85+G87+G89) -> 0 | I83: =SUM(I85+I87+I89) -> 0
F85: Aportaciones | G85: =SUM('BALANZA ACUMULADA'!L137) -> 0 | I85: =SUM('BALANZA ACUMULADA'!H137) -> 0
F87: Donaciones de Capital | G87: =SUM('BALANZA ACUMULADA'!L138) -> 0 | I87: =SUM('BALANZA ACUMULADA'!H138) -> 0
F89: Actualización de la Hacienda Pública / Patrimonio | G89: =SUM('BALANZA ACUMULADA'!L139) -> 0 | I89: =SUM('BALANZA ACUMULADA'!H139) -> 0
F91: Hacienda Pública/Patrimonio Generado | G91: =SUM(G93+G95+G97+G99+G101) -> 2746728.3 | I91: =SUM(I93+I95+I97+I99+I101) -> 135536.45
F93: Resultados del Ejercicio (Ahorro/Desahorro) | G93: =SUM('1.ESF (Rubros)'!G49) -> 2611191.9 | I93: =SUM('BALANZA ACUMULADA'!H140-'BALANZA ACUMULADA'!G140) -> 135536.45
F95: Resultados de Ejercicios Anteriores | G95: =SUM('BALANZA ACUMULADA'!L141) -> 135536.45 | I95: =SUM('BALANZA ACUMULADA'!H141) -> 0
F97: Revalúos | G97: =SUM('BALANZA ACUMULADA'!L142:L144) -> 0 | I97: =SUM('BALANZA ACUMULADA'!H142:H144) -> 0
F99: Reservas | G99: =SUM('BALANZA ACUMULADA'!L145:L146) -> 0 | I99: =SUM('BALANZA ACUMULADA'!H145:H146) -> 0
F101: Rectificaciones de Resultados de Ejercicios Anteriores | G101: =SUM('BALANZA ACUMULADA'!L147:L148) -> 0 | I101: =SUM('BALANZA ACUMULADA'!H147:H148) -> 0
F103: Exceso o Insuficiencia en la Actualización de la Hacienda Pública/Patrimonio | G103: =SUM(G105+G107) -> 0 | I103: =SUM(I105+I107) -> 0
F105: Resultado por Posición Monetaria | G105: =SUM('BALANZA ACUMULADA'!L151) -> 0 | I105: =SUM('BALANZA ACUMULADA'!H151) -> 0
F107: Resultado por Tenencia de Activos no Monetarios | G107: =SUM('BALANZA ACUMULADA'!L152) -> 0 | I107: =SUM('BALANZA ACUMULADA'!H152) -> 0
F110: Total Hacienda Pública/Patrimonio | G110: =SUM(G83+G91+G103) -> 2746728.3 | I110: =SUM(I83+I91+I103) -> 135536.45
A113: Total del Activo | B113: =SUM(B77+B54) -> 3107131 | D113: =SUM(D77+D54) -> 828319.93 | F113: Total del Pasivo y Hacienda Pública/Patrimonio | G113: =SUM(G110+G78) -> 3107131 | I113: =SUM(I110+I78) -> 828319.93
A122: NOMBRE | F122: NOMBRE
A123: PUESTO | F123: PUESTO
G132: =SUM(G113-B113) -> -4.6566129e-10 | I132: =SUM(D113-I113) -> -2.3283064e-10

Sheet Instructivo LDF - 1
A1: Cuenta Pública Estatal | H1: Subsistema de Egresos
A2: Formatos e Instructivos 2020
A3: Secretaría de Hacienda
A4: Subsecretaría de Egresos
A5: Dirección General de Presupuesto y Cuenta Pública
A6: Dirección de Contabilidad Gubernamental
A8: INSTRUCTIVO DEL FORMATO
A10: ESTADO DE SITUACIÓN FINANCIERO DETALLADO - LDF1
B12: FINALIDAD: | D12: Para dar cumplimiento al Artículo 4 de la LDF y con la finalidad de proveer la información necesaria para el Sistema de Alertas, los Entes Públicos integrarán lo dispuesto en este formato, de conformidad con lo siguiente:
B16: CUERPO DEL FORMATO: | D16: Este estado financiero se presenta por cada uno de los Entes Públicos de las Entidades Federativas y Municipios, es decir, los poderes Ejecutivo, Legislativo y Judicial; los organismos autónomos de las Entidades Federativas; los Municipios; los organismos descentralizados, empresas de participación estatal mayoritaria y fideicomisos de las Entidades Federativas y Municipios, así como cualquier otro ente sobre el que las Entidades Federativas y los Municipios tengan control sobre sus decisiones o acciones. En el caso de la Ciudad de México, el Poder Ejecutivo incluye adicionalmente a sus alcaldías.
B24: PERIODO DE PRESENTACIÓN: | D24: Este estado financiero se presenta a una fecha específica, comparando el trimestre actual contra el cierre del ejercicio anterior, así como de manera anual, en la Cuenta Pública. Ejemplo: Al 31 de diciembre de 2020 y al 31 de diciembre de 2019.
B28: CONCEPTO: | D28: Muestra el nombre de los rubros a 3er. nivel y en el caso de las Cuentas por Pagar a Corto Plazo a 4o. nivel del Plan de Cuentas, agrupados en Activo, Pasivo y Hacienda Pública/Patrimonio.
B32: 2020 (PERIODO ACTUAL): | D32: En esta columna se presentan los saldos a la fecha que se informa.
B34: 31 DE DICIEMBRE DE 2019 (PERIODO ANTERIOR): | D34: En esta columna se presentan los saldos al cierre del ejercicio anterior al que se informa.
B37: RECOMENDACIONES ESPECÍFICAS:
D38: ♦ Considerar las recomendaciones establecidas en la Guía para la Elaboración de la Cuenta Pública de los Entes Públicos de las Entidades Federativas. ♦ Los saldos de cada uno de los rubros del activo deben ser los mismos que los que se muestran en el Estado Analítico del Activo. ♦ Los saldos de los rubros que integran el Total del Pasivo debe ser el mismo importe reflejado en el Total de la Deuda Pública y Otros Pasivos del Informe Analítico de la Deuda Pública y Otros Pasivos - LDF. ♦ Cada Ente Público utilizará los conceptos que le son aplicables de acuerdo a la clasificación del Activo, Pasivo y del Patrimonio/Hacienda Pública, en cada columna se consignarán los importes correspondientes, por lo que no se deben eliminar conceptos que no le sean aplicables al Ente Público. En este caso, se deberá anotar cero en las columnas de los conceptos que no sean aplicables.

Sheet 2.INFORME DE DEUDA-LDF2
A1: GOBIERNO CONSTITUCIONAL DEL ESTADO DE CHIAPAS
A2: ='1.ESF DETALLADO-LDF1'!A2:I2 -> SECRETARIA EJECUTIVA DEL SISTEMA ANTICORRUPCION DEL ESTADO DE CHIAPAS
A4: SISTEMA CONTABLE 2020
A5: INFORME ANALÍTICO DE LA DEUDA PÚBLICA Y OTROS PASIVOS
A6: ='3.EA'!A6 -> DEL 1 DE ENERO AL 31 DE MARZO DE 2021
I7: Página 1 de 1
H8: Fecha: | I8: ='1.ESF (Rubros)'!I8 -> 44314
I10: LDF - 2
A12: DENOMINACIÓN DE LA DEUDA PÚBLICA Y OTROS PASIVOS | C12: SALDO AL 31 DE DICIEMBRE DE 2019 | D12: DISPOSICIONES DEL PERIODO | E12: AMORTIZACIONES DEL PERIODO | F12: REVALUACIONES, RECLASIFICACIONES Y OTROS AJUSTES | G12: SALDO FINAL DEL PERIODO | H12: PAGO DE INTERESES DEL PERIODO | I12: PAGO DE COMISIONES Y DEMÁS COSTOS ASOCIADOS DURANTE EL PERIODO
I14: =SUM(C14:H14) -> 0
A15: Deuda Pública | C15: =SUM(C16+C21) -> 0 | D15: =SUM(D16+D21) -> 0 | E15: =SUM(E16+E21) -> 0 | F15: =SUM(F16+F21) -> 0 | G15: =SUM(G16+G21) -> 0 | H15: =SUM(H16+H21) -> 0 | I15: =SUM(I16+I21) -> 0
A16: Corto Plazo | C16: =SUM(C17:C19) -> 0 | D16: =SUM(D17:D19) -> 0 | E16: =SUM(E17:E19) -> 0 | F16: =SUM(F17:F19) -> 0 | G16: =SUM(G17:G19) -> 0 | H16: =SUM(H17:H19) -> 0 | I16: =SUM(I17:I19) -> 0
B17: Instituciones de Crédito | G17: =SUM(C17+D17-E17) -> 0
B18: Títulos y Valores | G18: =SUM(C18+D18-E18) -> 0
B19: Arrendamientos Financieros | G19: =SUM(C19+D19-E19) -> 0
A21: Largo Plazo | C21: =SUM(C22:C24) -> 0 | D21: =SUM(D22:D24) -> 0 | E21: =SUM(E22:E24) -> 0 | F21: =SUM(F22:F24) -> 0 | G21: =SUM(G22:G24) -> 0 | H21: =SUM(H22:H24) -> 0 | I21: =SUM(I22:I24) -> 0
B22: Instituciones de Crédito | G22: =SUM(C22+D22-E22) -> 0
B23: Títulos y Valores | G23: =SUM(C23+D23-E23) -> 0
B24: Arrendamientos Financieros | G24: =SUM(C24+D24-E24) -> 0
A26: Otros Pasivos | C26: =SUM('8.DEUDA Y OTROS PASIVOS'!H44) -> 692783.48 | G26: =SUM('8.DEUDA Y OTROS PASIVOS'!J44) -> 360402.69
A28: Total de la Deuda Pública y Otros Pasivos | C28: =SUM(C15+C26) -> 692783.48 | D28: =SUM(D15+D26) -> 0 | E28: =SUM(E15+E26) -> 0 | F28: =SUM(F15+F26) -> 0 | G28: =SUM(G15+G26) -> 360402.69 | H28: =SUM(H15+H26) -> 0 | I28: =SUM(I15+I26) -> 0
I29: =SUM(C29:H29) -> 0
A30: Deuda Contingente (informativo) | C30: =SUM(C31:C33) -> 0 | D30: =SUM(D31:D33) -> 0 | E30: =SUM(E31:E33) -> 0 | F30: =SUM(F31:F33) -> 0 | G30: =SUM(G31:G33) -> 0 | H30: =SUM(H31:H33) -> 0 | I30: =SUM(I31:I33) -> 0
A31: Deuda Contingente 1 | G31: =SUM(C31:F31) -> 0
A32: Deuda Contingente 2 | G32: =SUM(C32:F32) -> 0
A33: Deuda Contingente XX | G33: =SUM(C33:F33) -> 0
A35: Valor de Instrumentos Bono Cupón Cero (informativo) | C35: =SUM(C36:C38) -> 0 | D35: =SUM(D36:D38) -> 0 | E35: =SUM(E36:E38) -> 0 | F35: =SUM(F36:F38) -> 0 | G35: =SUM(G36:G38) -> 0 | H35: =SUM(H36:H38) -> 0 | I35: =SUM(I36:I38) -> 0
A36: Instrumento Bono Cupón Cero 1 | G36: =SUM(C36:F36) -> 0
A37: Instrumento Bono Cupón Cero 2 | G37: =SUM(C37:F37) -> 0
A38: Instrumento Bono Cupón Cero XX | G38: =SUM(C38:F38) -> 0
I39: =SUM(C39:H39) -> 0
I40: =SUM(C40:H40) -> 0
A46: OBLIGACIONES A CORTO PLAZO | C46: MONTO CONTRATADO | D46: PLAZO PACTADO | E46: TASA DE INTERÉS | F46: COMISIONES Y COSTOS RELACIONADOS | G46: TASA EFECTIVA
A49: Obligaciones a Corto Plazo (Informativo) | C49: =SUM(C50:C52) -> 0 | F49: =SUM(F50:F52) -> 0
A50: Crédito 1
A51: Crédito 2
A52: Crédito XX
A67: NOMBRE | F67: NOMBRE
A68: PUESTO | F68: PUESTO

Sheet Instructivo LDF - 2
A1: Cuenta Pública Estatal | H1: Subsistema de Egresos
A2: Formatos e Instructivos 2020
A3: Secretaría de Hacienda
A4: Subsecretaría de Egresos
A5: Dirección General de Presupuesto y Cuenta Pública
A6: Dirección de Contabilidad Gubernamental
A8: INSTRUCTIVO DEL FORMATO
A10: INFORME ANALÍTICO DE LA DEUDA Y OTROS PASIVOS - LDF2
B12: FINALIDAD: | D12: Para dar cumplimiento a los Artículos 25, 31 y 33 de la LDF, los Entes Públicos obligados, integrarán lo dispuesto en este formato, de conformidad con lo siguiente:
B16: CUERPO DEL FORMATO: | D16: Este formato se presenta por cada uno de los Entes Públicos de las Entidades Federativas y Municipios, es decir, los poderes Ejecutivo, Legislativo y Judicial; los organismos autónomos de las Entidades Federativas; los Municipios; los organismos descentralizados, empresas de participación estatal mayoritaria y fideicomisos de las Entidades Federativas y Municipios, así como cualquier otro ente sobre el que las 20 Entidades Federativas y los Municipios tengan control sobre sus decisiones o acciones. En el caso de la Ciudad de México, el Poder Ejecutivo incluye adicionalmente a sus alcaldías.
B25: PERIODO DE PRESENTACIÓN: | D25: Este informe se presenta de forma trimestral acumulando cada periodo del ejercicio, con la desagregación de la información financiera ocurrida entre el inicio y el final del periodo, así como de manera anual, en la Cuenta Pública.
B30: DENOMINACIÓN DE LA DEUDA PÚBLICA Y OTROS PASIVOS: | D30: Muestra la Deuda Pública clasificada en Corto y Largo Plazo, así como Otros Pasivos. Para efectos de su clasificación se identifica que la Deuda Pública a corto plazo es aquella cuyo vencimiento será en un período menor o igual a doce meses; y la Deuda Pública a largo plazo es aquella cuyo vencimiento sea posterior a doce meses. Los otros pasivos representan aquellos no incluidos en las cuentas de Deuda Pública. Incluye la Deuda Contingente, según se define en la LDF, como dato informativo.
B38: SALDO FINAL AL 31 DE DICIEMBRE DE 2019: | D38: Representa el saldo final del periodo inmediato anterior al que se reporta (Cuenta Pública del ejercicio anterior).
B42: DISPOSICIONES DEL PERIODO: | D42: Representa el importe de las contrataciones de Financiamiento correspondientes al periodo que se informa.
B45: AMORTIZACIONES DEL PERIODO: | D45: Representa el importe de pago de las amortizaciones de capital correspondientes al periodo que se informa.
B48: REVALUACIONES, RECLASIFICACIONES Y OTROS AJUSTES: | D48: Representa el monto por el cual el saldo de deuda pública sufra cambios en su importe, cuyo aumento o disminución no derive de algún pago de principal, sino de algún cambio económico en su valuación. Ejemplo: financiamientos indizados en UDIS.
B52: SALDO FINAL DEL PERIODO: | D52: En esta columna se presenta el importe obtenido de la diferencia entre las Amortizaciones del Periodo y la suma del Saldo Inicial del Periodo, de las Disposiciones del Periodo y de las Revaluaciones, Reclasificaciones y Otros ajustes
B56: PAGO DE INTERESES DEL PERIODO: | D56: Representa el importe de los intereses derivados del Financiamiento, convenidos a pagar durante el periodo que se informa.
B59: PAGO DE COMISIONES Y DEMÁS COSTO ASOCIADOS DURANTE EL PERIODO: | D59: Representa el importe de las comisiones y otros costos asociados, derivados del Financiamiento, convenidos a pagar durante el periodo que se informa.
B64: OBLIGACIONES A CORTO PLAZO: | D64: Muestra las Obligaciones contratadas con Instituciones Financieras a un plazo menor o igual a un año.
... B80: TASA EFECTIVA: | D80: Tasa anual de interés que representa el costo del financiamiento, incluyendo los gastos adicionales derivados de la contratación del financiamiento calculada conforme al Artículo 26, fracción II de la Ley y a los lineamientos que emita la Secretaría conforme al mismo.
B84: RECOMENDACIONES ESPECÍFICAS:
D85: ♦ Los saldos de los rubros reflejados en el Total de la Deuda Pública y Otros Pasivos del Informe Analítico de la Deuda Pública y Otros Pasivos – LDF deben coincidir con el importe del Total del Pasivo en el Estado de Situación Financiera Detallado - LDF. ♦ El saldo de la Deuda Contingente debe integrar cualquier Financiamiento sin fuente o garantía de pago definida, que sea asumida de manera solidaria o subsidiaria por las Entidades Federativas con sus Municipios, organismos autónomos, organismos descentralizados y empresas de participación estatal mayoritaria y fideicomisos, locales o municipales, y por los Municipios con sus respectivos organismos descentralizados y empresas de participación municipal mayoritaria. ♦ Cada Ente Público utilizará los conceptos que le son aplicables de acuerdo a la clasificación de la Deuda Pública y de otros pasivos, en cada columna se consignarán los importes correspondientes, por lo que no se deben eliminar conceptos que no le sean aplicables al ente público, en este caso, se deberá anotar cero en las columnas de los conceptos que no sean aplicables.
C103: Se refiere al valor del Bono Cupón Cero que respalda el pago de los créditos asociados al mismo (Activo).

Sheet 3.INFORME DE OBLIGACIONES-LDF3
A1: GOBIERNO CONSTITUCIONAL DEL ESTADO DE CHIAPAS
A2: ='2.INFORME DE DEUDA-LDF2'!A2:I2 -> SECRETARIA EJECUTIVA DEL SISTEMA ANTICORRUPCION DEL ESTADO DE CHIAPAS
A4: SISTEMA CONTABLE 2020
A5: INFORME ANALÍTICO DE OBLIGACIONES DIFERENTES DE FINANCIAMIENTOS
A6: ='2.INFORME DE DEUDA-LDF2'!A6:I6 -> DEL 1 DE ENERO AL 31 DE MARZO DE 2021
L7: Página 1 de 1
K8: Fecha: | L8: ='2.INFORME DE DEUDA-LDF2'!I8 -> 44314
L10: LDF - 3
A12: DENOMINACIÓN DE LAS OBLIGACIONES DIFERENTES DE FINANCIAMIENTO | C12: FECHA DEL CONTRATO | D12: FECHA DE INICIO DE OPERACIÓN DEL PROYECTO | E12: FECHA DE VENCIMIENTO | F12: MONTO DE LA INVERSIÓN PACTADO | G12: PLAZO PACTADO | H12: MONTO PROMEDIO MENSUAL DEL PAGO DE LA CONTRAPRESTACIÓN | I12: MONTO PROMEDIO MENSUAL DEL PAGO DE LA CONTRAPRESTACIÓN CORRESPONDIENTE AL PAGO DE INVERSIÓN | J12: MONTO PAGADO DE LA INVERSIÓN AL 31 DE DICIEMBRE DE 2020 | K12: MONTO PAGADO DE LA INVERSIÓN ACTUALIZADO AL 31 DE DICIEMBRE DE 2020 | L12: SALDO PENDIENTE POR PAGAR DE LA INVERSIÓN AL 31 DE DICIEMBRE DE 2020
L14: =SUM(C14:K14) -> 0
A15: APP's | F15: =SUM(F16:F19) -> 0 | H15: =SUM(H16:H19) -> 0 | I15: =SUM(I16:I19) -> 0 | J15: =SUM(J16:J19) -> 0 | K15: =SUM(K16:K19) -> 0 | L15: =SUM(L16:L19) -> 0
B16: APP 1 | L16: =SUM(F16-K16) -> 0
B17: APP 2 | L17: =SUM(F17-K17) -> 0
B18: APP 3 | L18: =SUM(F18-K18) -> 0
B19: APP XX | L19: =SUM(F19-K19) -> 0
L21: =SUM(C21:K21) -> 0
A22: Otros Instrumentos | F22: =SUM(F23:F26) -> 0 | H22: =SUM(H23:H26) -> 0 | I22: =SUM(I23:I26) -> 0 | J22: =SUM(J23:J26) -> 0 | K22: =SUM(K23:K26) -> 0 | L22: =SUM(L23:L26) -> 0
B23: Otro Instrumento 1 | L23: =SUM(F23-K23) -> 0
B24: Otro Instrumento 2 | L24: =SUM(F24-K24) -> 0
B25: Otro Instrumento 3 | L25: =SUM(F25-K25) -> 0
B26: Otro Instrumento XX | L26: =SUM(F26-K26) -> 0
L27: =SUM(C27:K27) -> 0
A30: Total de Obligaciones Diferentes de Financiamiento | F30: =SUM(F15+F22) -> 0 | H30: =SUM(H15+H22) -> 0 | I30: =SUM(I15+I22) -> 0 | J30: =SUM(J15+J22) -> 0 | K30: =SUM(K15+K22) -> 0 | L30: =SUM(L15+L22) -> 0
A47: NOMBRE | H47: NOMBRE
A48: PUESTO | H48: PUESTO

Sheet Instructivo LDF - 3
A1: Cuenta Pública Estatal | H1: Subsistema de Egresos
A2: Formatos e Instructivos 2020
A3: Secretaría de Hacienda
A4: Subsecretaría de Egresos
A5: Dirección General de Presupuesto y Cuenta Pública
A6: Dirección de Contabilidad Gubernamental
A8: INSTRUCTIVO DEL FORMATO
A10: INFORME ANALÍTICO DE OBLIGACIONES DIFERENTES DE FINANCIAMIENTOS - LDF3
B12: FINALIDAD: | D12: Para dar cumplimiento al Artículo 25 de la LDF, los entes públicos obligados, integrarán lo dispuesto en este formato, de conformidad con lo siguiente:
B15: CUERPO DEL FORMATO: | D15: Este formato se presenta por cada uno de los Entes Públicos de las Entidades Federativas y Municipios, es decir, los poderes Ejecutivo, Legislativo y Judicial; los organismos autónomos de las Entidades Federativas; los Municipios; los organismos descentralizados, empresas de participación estatal mayoritaria y fideicomisos de las Entidades Federativas y Municipios, así como cualquier otro ente sobre el que las Entidades Federativas y los Municipios tengan control sobre sus decisiones o acciones. En el caso de la Ciudad de México, el Poder Ejecutivo incluye adicionalmente a sus alcaldías.
B23: PERIODO DE PRESENTACIÓN: | D23: Este informe se presenta de forma trimestral acumulando cada periodo del ejercicio, con la desagregación de la información financiera ocurrida entre el inicio y el final del periodo, así como de manera anual, en la Cuenta Pública
B27: DENOMINACIÓN DE LAS OBLIGACIONES DIFERENTES DE FINANCIAMIENTO: | D27: Muestra la clasificación de las obligaciones diferentes de Financiamientos del Ente Público correspondiente. En este apartado no se reportan las Asociaciones Público-Privadas concluidas.
B31: FECHA DEL CONTRATO: | D31: Muestra la fecha de suscripción de los contratos o convenios correspondientes a las Obligaciones distintas de Financiamientos contraídas por el Ente Público.
B34: FECHA DE INICIO DE OPERACIÓN DEL PROYECTO: | D34: Muestra la fecha a partir de la cual se inician las operaciones del proyecto.
B38: FECHA DE VENCIMIENTO: | D38: Muestra la fecha en la que concluye el contrato o convenio de las Obligaciones contraídas, distintas de Financiamientos.
B41: MONTO DE LA INVERISÓN PACTADO: | D41: Representa el monto en pesos de la inversión pública productiva del proyecto a valor presente a la fecha de contratación.
B44: PLAZO PACTADO: | D44: Muestra el plazo máximo pactado en meses para el pago del servicio de cada Obligación contraída distinta de Financiamientos.
B47: MONTO PROMEDIO MENSUAL DEL PAGO DE LA CONTRAPRESTACIÓN: | D47: Representa el promedio de los pagos mensuales por la contraprestación del servicio.
B51: MONTO PROMEDIO MENSUAL DEL PAGO DE LA CONTRAPRESTACIÓN CORRESPONDIENTE AL PAGO DE LA INVERSIÓN: | D51: Representa el promedio de los pagos mensuales de la contraprestación correspondiente al pago de la inversión.
B57: MONTO PAGADO DE LA INVERSIÓN AL 31 DE DICIEMBRE DE 2020: | D57: Representa el pago acumulado histórico correspondiente a la inversión pública productiva a la fecha del informe.
... B72: RECOMENDACIONES ESPECÍFICAS: | D72: ♦ El rubro de otros instrumentos deberá de contener todas aquellas operaciones que formalizan una relación jurídica con terceros para la adquisición de bienes, pago de concesiones o ejecución de obras, no definidas como Asociaciones Público-Privadas, ni Financiamiento. ♦ La tasa interna de retorno nominal del proyecto se construirá sumando a la tasa interna de retorno real del proyecto la tasa de inflación correspondiente. ♦ Cada Ente Público utilizará los conceptos que le son aplicables de acuerdo a la clasificación de las obligaciones y en cada columna se consignarán los importes correspondientes, por lo que no se deben eliminar conceptos que no le sean aplicables al ente público, en este caso, se deberá anotar cero en las columnas de los conceptos que no sean aplicables.

Sheet 4.BALANCE PRESUPUESTARIO-LDF4
A1: GOBIERNO CONSTITUCIONAL DEL ESTADO DE CHIAPAS
A2: ='3.INFORME DE OBLIGACIONES-LDF3'!A2:L2 -> SECRETARIA EJECUTIVA DEL SISTEMA ANTICORRUPCION DEL ESTADO DE CHIAPAS
A4: SISTEMA CONTABLE 2020
A5: BALANCE PRESUPUESTARIO
A6: ='3.INFORME DE OBLIGACIONES-LDF3'!A6:L6 -> DEL 1 DE ENERO AL 31 DE MARZO DE 2021
H7: Página 1 de 1
G8: Fecha: | H8: ='3.INFORME DE OBLIGACIONES-LDF3'!L8 -> 44314
H10: LDF - 4
A12: CONCEPTO | F12: ESTIMADO/ APROBADO | G12: DEVENGADO | H12: RECAUDADO/ PAGADO
A15: Ingresos Totales | F15: =SUM(F16:F18) -> 0 | G15: =SUM(G16:G18) -> 0 | H15: =SUM(H16:H18) -> 0
B16: Ingresos de Libre Disposición
B17: Transferencias Federales Etiquetadas
B18: Financiamiento Neto
A20: Egresos Presupuestarios | F20: =SUM(F21:F22) -> 0 | G20: =SUM(G21:G22) -> 0 | H20: =SUM(H21:H22) -> 0
B21: Gasto No Etiquetado (sin incluir Amortización de la Deuda Pública)
B22: Gasto Etiquetado (sin incluir Amortización de la Deuda Pública)
A24: Remanentes del Ejercicio Anterior | F24: =SUM(F25:F26) -> 0 | G24: =SUM(G25:G26) -> 0 | H24: =SUM(H25:H26) -> 0
B25: Remanentes de Ingresos de Libre Disposición aplicados en el periodo
B26: Remanentes de Transferencias Federales Etiquetadas aplicados en el periodo
A28: Balance Presupuestario | F28: =SUM(F15-F20+F24) -> 0 | G28: =SUM(G15-G20+G24) -> 0 | H28: =SUM(H15-H20+H24) -> 0
A30: Balance Presupuestario sin Financiamiento Neto | F30: =SUM(F28-F18) -> 0 | G30: =SUM(G28-G18) -> 0 | H30: =SUM(H28-H18) -> 0
A32: Balance Presupuestario sin Financiamiento Neto y sin Remanentes del Ejercicio Anterior | F32: =SUM(F30-F24) -> 0 | G32: =SUM(G30-G24) -> 0 | H32: =SUM(H30-H24) -> 0
A35: CONCEPTO | F35: APROBADO | G35: DEVENGADO | H35: PAGADO
A38: Intereses, Comisiones y Gastos de la Deuda | F38: =SUM(F39:F40) -> 0 | G38: =SUM(G39:G40) -> 0 | H38: =SUM(H39:H40) -> 0
B39: Intereses, Comisiones y Gastos de la Deuda con Gasto No Etiquetado
B40: Intereses, Comisiones y Gastos de la Deuda con Gasto Etiquetado
A42: Balance Primario | F42: =SUM(F32+F38) -> 0 | G42: =SUM(G32+G38) -> 0 | H42: =SUM(H32+H38) -> 0
A45: CONCEPTO | F45: ESTIMADO/ APROBADO | G45: DEVENGADO | H45: RECAUDADO/ PAGADO
A48: Financiamiento | F48: =SUM(F49:F50) -> 0 | G48: =SUM(G49:G50) -> 0 | H48: =SUM(H49:H50) -> 0
B49: Financiamiento con Fuente de Pago de Ingresos de Libre Disposición
B50: Financiamiento con Fuente de Pago de Transferencias Federales Etiquetadas
A52: Amortización de la Deuda | F52: =SUM(F53:F54) -> 0 | G52: =SUM(G53:G54) -> 0 | H52: =SUM(H53:H54) -> 0
B53: Amortización de la Deuda Pública con Gasto No Etiquetado
B54: Amortización de la Deuda Pública con Gasto Etiquetado
A56: Financiamiento Neto | F56: =SUM(F48-F52) -> 0 | G56: =SUM(G48-G52) -> 0 | H56: =SUM(H48-H52) -> 0
A59: CONCEPTO | F59: ESTIMADO/ APROBADO | G59: DEVENGADO | H59: RECAUDADO/ PAGADO
A62: Ingresos de Libre Disposición | F62: =SUM(F16) -> 0 | G62: =SUM(G16) -> 0 | H62: =SUM(H16) -> 0
A64: Financiamiento Neto con Fuente de Pago de Ingresos de Libre Disposición | F64: =SUM(F65-F66) -> 0 | G64: =SUM(G65-G66) -> 0 | H64: =SUM(H65-H66) -> 0
B65: Financiamiento con Fuente de Pago de Ingresos de Libre Disposición | F65: =SUM(F49) -> 0 | G65: =SUM(G49) -> 0 | H65: =SUM(H49) -> 0
B66: Amortización de la Deuda Pública con Gasto No Etiquetado | F66: =SUM(F53) -> 0 | G66: =SUM(G53) -> 0 | H66: =SUM(H53) -> 0
A68: Gasto No Etiquetado (sin incluir Amortización de la Deuda Pública) | F68: =SUM(F21) -> 0 | G68: =SUM(G21) -> 0 | H68: =SUM(H21) -> 0
A70: Remanentes de Ingresos de Libre Disposición aplicados en el periodo | F70: =SUM(F25) -> 0 | G70: =SUM(G25) -> 0 | H70: =SUM(H25) -> 0
A72: Balance Presupuestario de Recursos Disponibles | F72: =SUM(F62+F64-F68+F70) -> 0 | G72: =SUM(G62+G64-G68+G70) -> 0 | H72: =SUM(H62+H64-H68+H70) -> 0
A74: Balance Presupuestario de Recursos Disponibles sin Financiamiento Neto | F74: =SUM(F72-F64) -> 0 | G74: =SUM(G72-G64) -> 0 | H74: =SUM(H72-H64) -> 0
A77: CONCEPTO | F77: ESTIMADO/ APROBADO | G77: DEVENGADO | H77: RECAUDADO/ PAGADO
A80: Transferencias Federales Etiquetadas | F80: =SUM(F17) -> 0 | G80: =SUM(G17) -> 0 | H80: =SUM(H17) -> 0
A82: Financiamiento Neto con Fuente de Pago de Transferencias Federales Etiquetadas | F82: =SUM(F83-F84) -> 0 | G82: =SUM(G83-G84) -> 0 | H82: =SUM(H83-H84) -> 0
B83: Financiamiento con Fuente de Pago de Transferencias Federales Etiquetadas | F83: =SUM(F50) -> 0 | G83: =SUM(G50) -> 0 | H83: =SUM(H50) -> 0
B84: Amortización de la Deuda Pública con Gasto Etiquetado | F84: =SUM(F54) -> 0 | G84: =SUM(G54) -> 0 | H84: =SUM(H54) -> 0
A86: Gasto Etiquetado (sin incluir Amortización de la Deuda Pública) | F86: =SUM(F22) -> 0 | G86: =SUM(G22) -> 0 | H86: =SUM(H22) -> 0
A88: Remanentes de Transferencias Federales Etiquetadas aplicados en el periodo | F88: =SUM(F26) -> 0 | G88: =SUM(G26) -> 0 | H88: =SUM(H26) -> 0
A90: Balance Presupuestario de Recursos Etiquetados | F90: =SUM(F80+F82-F86+F88) -> 0 | G90: =SUM(G80+G82-G86+G88) -> 0 | H90: =SUM(H80+H82-H86+H88) -> 0
A92: Balance Presupuestario de Recursos Etiquetados sin Financiamiento Neto | F92: =SUM(F90-F82) -> 0 | G92: =SUM(G90-G82) -> 0 | H92: =SUM(H90-H82) -> 0
A101: NOMBRE | E101: NOMBRE
A102: PUESTO | E102: PUESTO

Sheet Instructivo LDF - 4
A1: Cuenta Pública Estatal | H1: Subsistema de Egresos
A2: Formatos e Instructivos 2020
A3: Secretaría de Hacienda
A4: Subsecretaría de Egresos
A5: Dirección General de Presupuesto y Cuenta Pública
A6: Dirección de Contabilidad Gubernamental
A8: INSTRUCTIVO DEL FORMATO
A10: BALANCE PRESUPUESTARIO - LDF4
B12: FINALIDAD: | D12: Para dar cumplimiento a los Artículos 6 y 7 de la LDF, los Entes Públicos obligados, integrarán lo dispuesto en este formato, de conformidad con lo siguiente:
B15: CUERPO DEL FORMATO: | D15: Este formato se presenta por cada uno de los Entes Públicos de las Entidades Federativas y Municipios, es decir, los poderes Ejecutivo, Legislativo y Judicial; los organismos autónomos de las Entidades Federativas; los Municipios; los organismos descentralizados, empresas de participación estatal mayoritaria y fideicomisos de las Entidades Federativas y Municipios, así como cualquier otro ente sobre el que las Entidades Federativas y los Municipios tengan control sobre sus decisiones o acciones. En el caso de la Ciudad de México, el Poder Ejecutivo incluye adicionalmente a sus alcaldías.
B23: PERIODO DE PRESENTACIÓN: | D23: Este informe se presenta de forma trimestral acumulando cada periodo del ejercicio, con la desagregación de la información financiera ocurrida entre el inicio y el final del periodo, así como de manera anual, en la Cuenta Pública.
B27: CONCEPTO: | D27: Muestra los componentes que determinan el Balance Presupuestario, Balance Presupuestario sin Financiamiento Neto y el Balance Primario a través de la identificación de los Ingresos Totales y Egresos Presupuestarios, así como del Financiamiento Neto.
B31: ESTIMADO/APROBADO: | D31: Esta información se presentará en términos anualizados.
B35: RECOMENDACIONES ESPECÍFICAS: | D35: ♦Los remanentes del ejercicio anterior deben ser parte de Efectivo y Equivalentes, dentro del Activo Circulante del Estado de Situación Financiera Detallado - LDF. Dichos remanentes deberán corresponder a ingresos efectivamente utilizados como fuente de financiamiento del gasto, es decir, no deberán ser considerados aquellos remanentes del ejercicio anterior que no fueron utilizados para el pago de algún concepto de egresos. ♦ Cada Ente Público utilizará los conceptos que le son aplicables tanto para los ingresos y egresos, como respecto del Financiamiento Neto, por lo que en cada columna se consignarán los importes correspondientes, sin eliminar conceptos que no le sean aplicables al ente público, en este caso, se deberá anotar cero en las columnas de los conceptos que no sean aplicables.
B48: NOTAS IMPORTANTES
C49: A los egresos que se presentan se deben restar el rubro de Amortización de la Deuda Pública.
C51: Los egresos presupuestarios deben reflejar el total de la postura fiscal ( incluyen todas las subfuentes ) en la aplicación del remanente se deberá identificar la aplicación de los remanentes delibre disposicion o etiquetados de acuerdo a lo que refleje el cierre del ejercicio anterior, aplicado en este 2020.

Sheet 5.INGRESOS DETALLADO-LDF5
A1: GOBIERNO CONSTITUCIONAL DEL ESTADO DE CHIAPAS
A2: ='4.BALANCE PRESUPUESTARIO-LDF4'!A2:H2 -> SECRETARIA EJECUTIVA DEL SISTEMA ANTICORRUPCION DEL ESTADO DE CHIAPAS
A4: SISTEMA CONTABLE 2020
A5: ESTADO ANALÍTICO DE INGRESOS DETALLADO
A6: ='4.BALANCE PRESUPUESTARIO-LDF4'!A6:H6 -> DEL 1 DE ENERO AL 31 DE MARZO DE 2021
I7: Página 1 de 1
H8: Fecha: | I8: ='4.BALANCE PRESUPUESTARIO-LDF4'!H8 -> 44314
I10: LDF - 5
A12: CONCEPTO | D12: INGRESO
D13: ESTIMADO | E13: AMPLIACIONES/ (REDUCCIONES) | F13: MODIFICADO | G13: DEVENGADO | H13: RECAUDADO | I13: DIFERENCIA
A16: Ingresos de Libre Disposición
B17: Impuestos | D17: 0 | E17: 0 | F17: 0 | G17: 0 | H17: 0 | I17: =SUM(H17-D17) -> 0
B18: Cuotas y Aportaciones de Seguridad Social | D18: 0 | E18: 0 | F18: 0 | G18: 0 | H18: 0 | I18: =SUM(H18-D18) -> 0
B19: Contribuciones de Mejoras | D19: 0 | E19: 0 | F19: 0 | G19: 0 | H19: 0 | I19: =SUM(H19-D19) -> 0
B20: Derechos | D20: 0 | E20: 0 | F20: 0 | G20: 0 | H20: 0 | I20: =SUM(H20-D20) -> 0
B21: Productos | D21: 0 | E21: 0 | F21: 0 | G21: 0 | H21: 0 | I21: =SUM(H21-D21) -> 0
B22: Aprovechamientos | D22: 0 | E22: 0 | F22: 0 | G22: 0 | H22: 0 | I22: =SUM(H22-D22) -> 0
B23: Ingresos por Venta de Bienes y Prestación de Servicios | D23: 0 | E23: 0 | F23: 0 | G23: 0 | H23: 0 | I23: =SUM(H23-D23) -> 0
B24: Participaciones | D24: =SUM(D25:D35) -> 0 | E24: =SUM(E25:E35) -> 0 | F24: =SUM(F25:F35) -> 0 | G24: =SUM(G25:G35) -> 0 | H24: =SUM(H25:H35) -> 0 | I24: =SUM(H24-D24) -> 0
C25: Fondo General de Participaciones | D25: 0 | E25: 0 | F25: 0 | G25: 0 | H25: 0 | I25: =SUM(H25-D25) -> 0
C26: Fondo de Fomento Municipal | D26: 0 | E26: 0 | F26: 0 | G26: 0 | H26: 0 | I26: =SUM(H26-D26) -> 0
C27: Fondo de Fiscalización y Recaudación | D27: 0 | E27: 0 | F27: 0 | G27: 0 | H27: 0 | I27: =SUM(H27-D27) -> 0
C28: Fondo de Compensación | D28: 0 | E28: 0 | F28: 0 | G28: 0 | H28: 0 | I28: =SUM(H28-D28) -> 0
C29: Fondo de Extracción de Hidrocarburos | D29: 0 | E29: 0 | F29: 0 | G29: 0 | H29: 0 | I29: =SUM(H29-D29) -> 0
C30: Impuesto Especial Sobre Producción y Servicios | D30: 0 | E30: 0 | F30: 0 | G30: 0 | H30: 0 | I30: =SUM(H30-D30) -> 0
C31: 0.136% de la Recaudación Federal Participable | D31: 0 | E31: 0 | F31: 0 | G31: 0 | H31: 0 | I31: =SUM(H31-D31) -> 0
C32: 3.17% Sobre Extracción de Petróleo | D32: 0 | E32: 0 | F32: 0 | G32: 0 | H32: 0 | I32: =SUM(H32-D32) -> 0
C33: Gasolinas y Diésel | D33: 0 | E33: 0 | F33: 0 | G33: 0 | H33: 0 | I33: =SUM(H33-D33) -> 0
C34: Fondo de Impuesto Sobre la Renta | D34: 0 | E34: 0 | F34: 0 | G34: 0 | H34: 0 | I34: =SUM(H34-D34) -> 0
C35: Fondo de Estabilización de los Ingresos de las Entidades Federativas | D35: 0 | E35: 0 | F35: 0 | G35: 0 | H35: 0 | I35: =SUM(H35-D35) -> 0
B36: Incentivos Derivados de la Colaboración Fiscal | D36: =SUM(D37:D41) -> 0 | E36: =SUM(E37:E41) -> 0 | F36: =SUM(F37:F41) -> 0 | G36: =SUM(G37:G41) -> 0 | H36: =SUM(H37:H41) -> 0 | I36: =SUM(H36-D36) -> 0
C37: Tenencia o Uso de Vehículos | D37: 0 | E37: 0 | F37: 0 | G37: 0 | H37: 0 | I37: =SUM(H37-D37) -> 0
C38: Fondo de Compensación ISAN | D38: 0 | E38: 0 | F38: 0 | G38: 0 | H38: 0 | I38: =SUM(H38-D38) -> 0
C39: Impuesto Sobre Automóviles Nuevos | D39: 0 | E39: 0 | F39: 0 | G39: 0 | H39: 0 | I39: =SUM(H39-D39) -> 0
C40: Fondo de Compensación de Repecos-Intermedios | D40: 0 | E40: 0 | F40: 0 | G40: 0 | H40: 0 | I40: =SUM(H40-D40) -> 0
C41: Otros Incentivos Económicos | D41: 0 | E41: 0 | F41: 0 | G41: 0 | H41: 0 | I41: =SUM(H41-D41) -> 0
B42: Transferencias y Asignaciones | D42: 0 | E42: 0 | F42: 0 | G42: 0 | H42: 0 | I42: =SUM(H42-D42) -> 0
B43: Convenios | D43: =SUM(D44) -> 0 | E43: =SUM(E44) -> 0 | F43: =SUM(F44) -> 0 | G43: =SUM(G44) -> 0 | H43: =SUM(H44) -> 0 | I43: =SUM(H43-D43) -> 0
C44: Otros Convenios y Subsidios | D44: 0 | E44: 0 | F44: 0 | G44: 0 | H44: 0 | I44: =SUM(H44-D44) -> 0
B45: Otros Ingresos de Libre Disposición | D45: =SUM(D46:D47) -> 0 | E45: =SUM(E46:E47) -> 0 | F45: =SUM(F46:F47) -> 0 | G45: =SUM(G46:G47) -> 0 | H45: =SUM(H46:H47) -> 0 | I45: =SUM(H45-D45) -> 0
C46: Participaciones en Ingresos Locales | D46: 0 | E46: 0 | F46: 0 | G46: 0 | H46: 0 | I46: =SUM(H46-D46) -> 0
C47: Otros Ingresos de Libre Disposición | D47: 0 | E47: 0 | F47: 0 | G47: 0 | H47: 0 | I47: =SUM(H47-D47) -> 0
A49: Total de Ingresos de Libre Disposición | D49: =SUM(D17+D18+D19+D20+D21+D22+D23+D24+D36+D42+D43+D45) -> 0 | E49: =SUM(E17+E18+E19+E20+E21+E22+E23+E24+E36+E42+E43+E45) -> 0 | F49: =SUM(F17+F18+F19+F20+F21+F22+F23+F24+F36+F42+F43+F45) -> 0 | G49: =SUM(G17+G18+G19+G20+G21+G22+G23+G24+G36+G42+G43+G45) -> 0 | H49: =SUM(H17+H18+H19+H20+H21+H22+H23+H24+H36+H42+H43+H45) -> 0 | I49: =SUM(H49-D49) -> 0
A51: Ingresos Excedentes de Ingresos de Libre Disposición | I51: =SUM(H49-D49) -> 0
A53: Transferencias Federales Etiquetadas
B54: Aportaciones | D54: =SUM(D55:D65) -> 0 | E54: =SUM(E55:E65) -> 0 | F54: =SUM(F55:F65) -> 0 | G54: =SUM(G55:G65) -> 0 | H54: =SUM(H55:H65) -> 0 | I54: =SUM(H54-D54) -> 0
C55: Fondo de Aportaciones para la Nómina educativa y Gasto Operativo | D55: 0 | E55: 0 | F55: 0 | G55: 0 | H55: 0 | I55: =SUM(H55-D55) -> 0
C56: Fondo de Aportaciones para los Servicios de Salud | D56: 0 | E56: 0 | F56: 0 | G56: 0 | H56: 0 | I56: =SUM(H56-D56) -> 0
C57: Fondo de Aportaciones para la Infraestructura Social | D57: 0 | E57: 0 | F57: 0 | G57: 0 | H57: 0 | I57: =SUM(H57-D57) -> 0
C58: Fondo de Aportaciones para el Fortalecimiento de los Municipios y las Demarcaciones Territoriales del Distrito Federal | D58: 0 | E58: 0 | F58: 0 | G58: 0 | H58: 0 | I58: =SUM(H58-D58) -> 0
C60: Fondo de Aportaciones Múltiples | D60: 0 | E60: 0 | F60: 0 | G60: 0 | H60: 0 | I60: =SUM(H60-D60) -> 0
C61: Fondo de Aportaciones para la Educación Tecnológica y de Adultos | D61: 0 | E61: 0 | F61: 0 | G61: 0 | H61: 0 | I61: =SUM(H61-D61) -> 0
C62: Fondo de Aportaciones para la Seguridad Pública de los Estados y del Distrito Federal | D62: 0 | E62: 0 | F62: 0 | G62: 0 | H62: 0 | I62: =SUM(H62-D62) -> 0
C64: Fondo de Aportaciones para el Fortalecimiento de las Entidades Federativas | D64: 0 | E64: 0 | F64: 0 | G64: 0 | H64: 0 | I64: =SUM(H64-D64) -> 0
B66: Convenios | D66: =SUM(D67:D70) -> 0 | E66: =SUM(E67:E70) -> 0 | F66: =SUM(F67:F70) -> 0 | G66: =SUM(G67:G70) -> 0 | H66: =SUM(H67:H70) -> 0 | I66: =SUM(H66-D66) -> 0
C67: Convenios de Protección Social en Salud | D67: 0 | E67: 0 | F67: 0 | G67: 0 | H67: 0 | I67: =SUM(H67-D67) -> 0
C68: Convenios de Descentralización | D68: 0 | E68: 0 | F68: 0 | G68: 0 | H68: 0 | I68: =SUM(H68-D68) -> 0
C69: Convenios de Reasignación | D69: 0 | E69: 0 | F69: 0 | G69: 0 | H69: 0 | I69: =SUM(H69-D69) -> 0
C70: Otros Convenios y Subsidios | D70: 0 | E70: 0 | F70: 0 | G70: 0 | H70: 0 | I70: =SUM(H70-D70) -> 0
B71: Fondos Distintos de Aportaciones | D71: =SUM(D72:D74) -> 0 | E71: =SUM(E72:E74) -> 0 | F71: =SUM(F72:F74) -> 0 | G71: =SUM(G72:G74) -> 0 | H71: =SUM(H72:H74) -> 0 | I71: =SUM(H71-D71) -> 0
C72: Fondo para Entidades Federativas y Municipios Productores de Hidrocarburos | D72: 0 | E72: 0 | F72: 0 | G72: 0 | H72: 0 | I72: =SUM(H72-D72) -> 0
C74: Fondo Minero | D74: 0 | E74: 0 | F74: 0 | G74: 0 | H74: 0 | I74: =SUM(H74-D74) -> 0
B75: Transferencias, Asignaciones, Subsidios y Subvenciones, y Pensiones y Jubilaciones | D75: 0 | E75: 0 | F75: 0 | G75: 0 | H75: 0 | I75: =SUM(H75-D75) -> 0
B76: Otras Transferencias Federales Etiquetadas | D76: 0 | E76: 0 | F76: 0 | G76: 0 | H76: 0 | I76: =SUM(H76-D76) -> 0
A78: Total de Transferencias Federales Etiquetadas | D78: =SUM(D54+D66+D71+D75+D76) -> 0 | E78: =SUM(E54+E66+E71+E75+E76) -> 0 | F78: =SUM(F54+F66+F71+F75+F76) -> 0 | G78: =SUM(G54+G66+G71+G75+G76) -> 0 | H78: =SUM(H54+H66+H71+H75+H76) -> 0 | I78: =SUM(H78-D78) -> 0
A80: Ingresos Derivados de Financiamientos | D80: =SUM(D81) -> 0 | E80: =SUM(E81) -> 0 | F80: =SUM(F81) -> 0 | G80: =SUM(G81) -> 0 | H80: =SUM(H81) -> 0 | I80: =SUM(H80-D80) -> 0
B81: Ingresos Derivados de Financiamientos | D81: 0 | E81: 0 | F81: 0 | G81: 0 | H81: 0 | I81: =SUM(H81-D81) -> 0
A83: Total de Ingresos | D83: =SUM(D49+D78+D80) -> 0 | E83: =SUM(E49+E78+E80) -> 0 | F83: =SUM(F49+F78+F80) -> 0 | G83: =SUM(G49+G78+G80) -> 0 | H83: =SUM(H49+H78+H80) -> 0 | I83: =SUM(H83-D83) -> 0
B85: Datos Informativos
B86: Ingresos Derivados de Financiamientos con Fuente de Pago de Ingresos de Libre Disposición | D86: 0 | E86: 0 | F86: 0 | G86: 0 | H86: 0 | I86: =SUM(H86-D86) -> 0
B88: Ingresos Derivados de Financiamientos con Fuente de Pago de Transferencias Federales Etiquetadas | D88: 0 | E88: 0 | F88: 0 | G88: 0 | H88: 0 | I88: =SUM(H88-D88) -> 0
B90: Ingresos Derivados de Financiamientos | D90: =SUM(D86+D88) -> 0 | E90: =SUM(E86+E88) -> 0 | F90: =SUM(F86+F88) -> 0 | G90: =SUM(G86+G88) -> 0 | H90: =SUM(H86+H88) -> 0 | I90: =SUM(H90-D90) -> 0
A98: NOMBRE | F98: NOMBRE
A99: PUESTO | F99: PUESTO

Sheet Instructivo LDF - 5
A1: Cuenta Pública Estatal | H1: Subsistema de Egresos
A2: Formatos e Instructivos 2020
A3: Secretaría de Hacienda
A4: Subsecretaría de Egresos
A5: Dirección General de Presupuesto y Cuenta Pública
A6: Dirección de Contabilidad Gubernamental
A8: INSTRUCTIVO DEL FORMATO
A10: ESTADO ANALÍTICO DE INGRESOS DETALLADO - LDF5
B12: FINALIDAD: | D12: Para dar cumplimiento a los Artículos 4 y 58 de la LDF, los Entes Públicos obligados, integrarán en los informes periódicos y en la cuenta pública, lo dispuesto en este formato, de conformidad con lo siguiente:
B15: CUERPO DEL FORMATO: | D15: Este estado analítico se presenta por cada uno de los Entes Públicos de las Entidades Federativas y Municipios, es decir, los poderes Ejecutivo, Legislativo y Judicial; los organismos autónomos de las Entidades Federativas; los Municipios; los organismos descentralizados, empresas de participación estatal mayoritaria y fideicomisos de las Entidades Federativas y Municipios, así como cualquier otro ente sobre el que las Entidades Federativas y los Municipios tengan control sobre sus decisiones o acciones. En el caso de la Ciudad de México, el Poder Ejecutivo incluye adicionalmente a sus alcaldías.
B23: PERIODO DE PRESENTACIÓN: | D23: Este informe se presenta de forma trimestral acumulando cada periodo del ejercicio, con la desagregación de la información financiera ocurrida entre el inicio y el final del periodo, así como de manera anual, en la Cuenta Pública.
B27: CONCEPTO: | D27: Muestra la clasificación de los ingresos a partir de la desagregación de Ingresos de Libre Disposición, Transferencias Federales Etiquetadas e Ingresos Derivados de Financiamientos.
B30: ESTIMADO: | D30: Esta información se presentará en términos anualizados.
B32: DIFERENCIA: | D32: Representa el importe obtenido de la diferencia entre el Ingreso Recaudado y el Ingreso Estimado.
B35: RECOMENDACIONES ESPECÍFICAS: | D35: ♦Se consideran Excedentes de los Ingresos de Libre Disposición cuando la suma de las diferencias sea positiva. ♦Cada Ente Público utilizará los conceptos que le son aplicables de acuerdo a la clasificación de los ingresos y en cada columna se consignarán los importes correspondientes, por lo que no se deben eliminar conceptos que no le sean aplicables al ente público, en este caso, se deberá anotar cero en las columnas de los conceptos que no sean aplicables. ♦ En los datos informativos, se consideran aquellos ingresos derivados de Financiamientos que tengan como Fuente de Pago Ingresos de Libre Disposición; o como Fuente de Pago de Transferencias Federales Etiquetadas. La suma de ambos rubros, debe coincidir con los Ingresos Derivados de Financiamientos.

Sheet ANEXO LDF
B23: ANEXO - LDF

Sheet 1. DEUDA Artículo 25
A1: GOBIERNO CONSTITUCIONAL DEL ESTADO DE CHIAPAS
A2: ='1.ESF (Rubros)'!A2:I2 -> SECRETARIA EJECUTIVA DEL SISTEMA ANTICORRUPCION DEL ESTADO DE CHIAPAS
A4: SISTEMA CONTABLE 2021
A5: INFORMACIÓN DETALLADA SOBRE LA CONTRATACIÓN DE DEUDA PÚBLICA U OBLIGACIONES
A6: ='3.EA'!A6:J6 -> DEL 1 DE ENERO AL 31 DE MARZO DE 2021
F7: Página 1 de 1
F8: ='1.ESF (Rubros)'!I8 -> 44314
F10: LDF - Artículo 25
A12: DEUDA PÚBLICA | C12: IMPORTE CONTRATADO | D12: PLAZO PACTADO | E12: TASA DE INTERÉS | F12: COMISIONES Y OTROS
A15: Deuda Pública | C15: =SUM(C16+C23) -> 0 | D15: =SUM(D16+D23) -> 0 | F15: =SUM(F16+F23) -> 0
A16: Corto Plazo | C16: =SUM(C17:C20) -> 0 | D16: =SUM(D17:D20) -> 0 | F16: =SUM(F17:F20) -> 0
B17: Institución de Crédito 1
B18: Institución de Crédito 2
B19: Institución de Crédito 3
B20: Institución de Crédito XX
A23: Largo Plazo | C23: =SUM(C24:C27) -> 0 | D23: =SUM(D24:D27) -> 0 | F23: =SUM(F24:F27) -> 0
B24: Institución de Crédito 1
B25: Institución de Crédito 2
B26: Institución de Crédito 3
B27: Institución de Crédito XX
A30: Obligaciones | C30: =SUM(C31:C34) -> 0 | D30: =SUM(D31:D34) -> 0 | F30: =SUM(F31:F34) -> 0
A31: Crédito 1
A32: Crédito 2
A33: Crédito 3
A34: Crédito XX
A38: Total de Deuda Pública u Obligaciones | C38: =SUM(C15+C30) -> 0 | D38: =SUM(D15+D30) -> 0 | F38: =SUM(F15+F30) -> 0
A51: Mtra. Dayanhara Aguilar Ballinas | D51: C.p. Ana Isabel Ramon Laguna
A52: Secretaria Tecnica | D52: Jefa de la Unidad de Apoyo Administrativo

Sheet Instructivo Art.25
A1: Cuenta Pública Estatal | H1: Subsistema de Egresos
A2: Formatos e Instructivos 2020
A3: Secretaría de Hacienda
A4: Subsecretaría de Egresos
A5: Dirección General de Presupuesto y Cuenta Pública
A6: Dirección de Contabilidad Gubernamental
A8: INSTRUCTIVO DEL FORMATO
A10: INFORMACIÓN DETALLADA SOBRE LA CONTRATACIÓN DE DEUDA PÚBLICA U OBLIGACIONES - LDF Artículo 25
B12: FINALIDAD: | D12: Para dar cumplimiento al Artículo 25, de la LDF, los Entes Públicos obligados, integrarán lo dispuesto en este formato, de conformidad con lo siguiente:
B16: CUERPO DEL FORMATO: | D16: Se presentará la información detallatada de cada financiamiento u obligación contraída por los Entes Públicos de las Entidades Federativas.
B20: PERIODO DE PRESENTACIÓN: | D20: Este informe se presenta de forma trimestral acumulando cada periodo del ejercicio, así como de manera anual, en la Cuenta Pública.
B24: DEUDA PÚBLICA: | D24: Muestra la Deuda Pública clasificada en Corto y Largo Plazo, así como Otras Obligaciones. Para efectos de su clasificación se identifica que la Deuda Pública a corto plazo es aquella cuyo vencimiento será en un período menor o igual a doce meses; y la Deuda Pública a largo plazo es aquella cuyo vencimiento sea posterior a doce meses. Las otras obligaciones representan aquellos no incluidos en las cuentas de Deuda Pública.
B31: IMPORTE CONTRATADO: | D31: Cantidad total pactada en el contrato de financiamiento a que el acreditante pone a disposición del Ente Público.
B34: PLAZO PACTADO: | D34: Muestra el plazo máximo pactado en meses para el pago y liquidación del financiamiento.
B36: TASA DE INTERÉS: | D36: Tasa de interés ordinaria pactada en el contrato de financiamiento. En caso que la tasa pactada corresponda a una tasa de referencia más una sobre tasa de interés, deberá indicarse la tasa de referencia y la sobretasa de interés por separado. (p.e. TIIE + 1%)
B40: COMISIONES Y OTROS: | D40: Indica los gastos adicionales pagados al acreedor y relacionados con la contratación del financiamiento, incluyendo de forma enunciativa más no limitativa, comisiones de apertura, de estructuración, por disponibilidad, por retiro.
B45: RECOMENDACIONES ESPECÍFICAS:
D46: ♦ Se utilizará los conceptos que le son aplicables de acuerdo a la clasificación de la Deuda Pública, así como de las obligaciones, en cada columna se consignarán los importes correspondientes, por lo que no se deben eliminar conceptos que no le sean aplicables al ente público, en este caso, se deberá anotar cero en las columnas de los conceptos que no sean aplicables. ♦ En caso de no afectar saldos, se presentará con la leyenda NO APLICA.

Sheet 2. OBLIGACIONES Artículo 31
A1: GOBIERNO CONSTITUCIONAL DEL ESTADO DE CHIAPAS
A2: ='1. DEUDA Artículo 25'!$A$2:$F$2 -> SECRETARIA EJECUTIVA DEL SISTEMA ANTICORRUPCION DEL ESTADO DE CHIAPAS
A4: SISTEMA CONTABLE 2021
A5: OBLIGACIONES DE CORTO PLAZO
A6: ='1. DEUDA Artículo 25'!A6:F6 -> DEL 1 DE ENERO AL 31 DE MARZO DE 2021
H7: Página 1 de 1
G8: Fecha: | H8: ='1. DEUDA Artículo 25'!F8 -> 44314
H10: LDF - Artículo 31
A12: OBLIGACIONES DE CORTO PLAZO | C12: MONTO CONTRATADO | D12: IMPORTE AL 31 DE MARZO DE 2021 | E12: PLAZO PACTADO | F12: TASA DE INTERÉS | G12: COMISIONES Y COSTOS RELACIONADOS | H12: TASA EFECTIVA
A15: Obligaciones de Corto Plazo | C15: =SUM(C16:C18) -> 0 | D15: =SUM(D16:D18) -> 0 | G15: =SUM(G16:G18) -> 0
A16: Crédito 1
A17: Crédito 2
A18: Crédito XX
A24: Total de Obligaciones de Corto Plazo | C24: =SUM(C15) -> 0 | D24: =SUM(D15) -> 0 | G24: =SUM(G15) -> 0
A37: ='1. DEUDA Artículo 25'!A51:B51 -> Mtra. Dayanhara Aguilar Ballinas | E37: C.p. Ana Isabel Ramon Laguna
A38: ='1. DEUDA Artículo 25'!A52:B52 -> Secretaria Tecnica | E38: Jefa de la Unidad de Apoyo Administrativo

Sheet Instructivo Art. 31
A1: Cuenta Pública Estatal | H1: Subsistema de Egresos
A2: Formatos e Instructivos 2020
A3: Secretaría de Hacienda
A4: Subsecretaría de Egresos
